Workbook
Name \a: #REF!
Name \b: #REF!
Name \b: #REF!
Name \b: #REF!
Name \b: #REF!
Name \b: #REF!
Name \eliminar: #REF!
Name \eliminar1: #REF!
Name \i: #REF!
Name \i: #REF!
Name \i: #REF!
Name \i: #REF!
Name \i: #REF!
Name \m: #REF!
Name \m: #REF!
Name \m: #REF!
Name \m: #REF!
Name \m: #REF!
Name \q: #REF!
Name \r: #REF!
Name \r: #REF!
Name \r: #REF!
Name \r: #REF!
Name \r: #REF!
Name \t: #REF!
Name \t: #REF!
Name \t: #REF!
Name \t: #REF!
Name \t: #REF!
Name \x: #REF!
Name \x: #REF!
Name \x: #REF!
Name \x: #REF!
Name \x: #REF!
Name \z: #REF!
Name \z: #REF!
Name \z: #REF!
Name \z: #REF!
Name \z: #REF!
Name _______________EST1: #REF!
Name _______________EST10: #REF!
Name _______________EST11: #REF!
Name _______________EST12: #REF!
Name _______________EST13: #REF!
Name _______________EST14: #REF!
Name _______________EST15: #REF!
Name _______________EST16: #REF!
Name _______________EST17: #REF!
Name _______________EST18: #REF!
Name _______________EST19: #REF!
Name _______________EST2: #REF!
Name _______________EST3: #REF!
Name _______________EST4: #REF!
Name _______________EST5: #REF!
Name _______________EST6: #REF!
Name _______________EST7: #REF!
Name _______________EST8: #REF!
Name _______________EST9: #REF!
Name _______________EXC1: #REF!
Name _______________EXC10: #REF!

Sheet SMMLV
A3: Año | B3: Salario Mínimo | C3: Variación vs año anterior | D3: Antigüedad
A4: 1980 | B4: 4500 | C4: 0
A5: 1981 | B5: 5700 | C5: 26.67%
A6: 1982 | B6: 7410 | C6: 30.00%
A7: 1983 | B7: 9261 | C7: 24.98%
A8: 1984 | B8: 11298 | C8: 22.00%
A9: 1985 | B9: 13558 | C9: 20.00%
A10: 1986 | B10: 16811 | C10: 23.99%
A11: 1987 | B11: 20510 | C11: 22.00%
A12: 1988 | B12: 25637 | C12: 25.00%
A13: 1989 | B13: 32556 | C13: 26.99%
A14: 1990 | B14: 41025 | C14: 26.01%
A15: 1991 | B15: 51720 | C15: 26.07%
A16: 1992 | B16: 65190 | C16: 26.04%
... A39: 2015 | B39: 644350 | C39: 4.60%
A40: 2016 | B40: 689454 | C40: 7.00% | D40: 10
A41: 2017 | B41: 737717 | C41: 7.00% | D41: 9
A42: 2018 | B42: 781242 | C42: 5.90% | D42: 8
A43: 2019 | B43: 828116 | C43: 6.00% | D43: 7
A44: 2020 | B44: 877803 | C44: 6.00% | D44: 6
A45: 2021 | B45: 908526 | C45: 3.50% | D45: 5
A46: 2022 | B46: 1000000 | C46: 10.07% | D46: 4
A47: 2023 | B47: 1160000 | C47: 16.00% | D47: 3
A48: 2024 | B48: 1300000 | C48: 12.07% | D48: 2
A49: 2025 | B49: 1423500 | C49: 9.50% | D49: 1
A50: 2026 | B50: 1746882

Sheet CRITERIOS HABILITANTES (S)
C1: PROCESO DE CONTRATACIÓN No. INFI-SCM-01-2026
C2: REALIZACIÓN DE LA CONSULTORÍA DE ESTUDIOS Y DISEÑOS TÉCNICOS, A NIVEL DE FASE 3 PARA EL NUEVO EDIFICIO MULTIPLE DE LA PLAZA DE MERCADO DE MANIZALES, A CONSTRUIRSE EN UN LOTE UBICADO ENTRE CALLES 23 Y 24 Y ENTRE CARRERAS 14 Y 15 DE PROPIEDAD DE INFIMANIZALES
C3: REVISIÓN DE LOS CRITERIOS DE EXPERIENCOA HABILITANTES (FORMATOS 3 A DE LAS PROPUESTAS)
B5: REQUISITOS TÉCNICOS HABILITANTES | E5: PROPONENTE 1 : CONSORCIO GALERIA | H5: PROPONENTE 2: CONSORCIO AR+AL2 | K5: PROPONENTE 3: MC ARQUITECTOS SA | N5: PROPONENTE 4: CONSORCIO ARQUITECTURA Y ESPACIO PÚBLICO | Q5: PROPONENTE 5: MAURICIO OTERO LAVADO | T5: PROPONENTE 6: GRUPO M&M CONSULTORIA SAS | W5: PROPONENTE 7: CONSORCIO MANIZALES PLAZA DE MERCADO
E6: INTEGRANTES | F6: JORGE EDIUARDO ALVAREZ GALLEGO 50% JC ECHEVERRY INGENIERA SAS 50% | H6: INTEGRANTES | I6: ALCUADRADO ARQUITECTOS SAS 50% MARTINEZ ARQUITECTURA SAS 50% | K6: INTEGRANTES | L6: MARIO ANDRES CABRERA PINZON 100 % | N6: INTEGRANTES | O6: CARLOS PUERTA AGUDELO 50% VERONICA ORTIZ MURCIA 50% | Q6: INTEGRANTES | R6: MAURICIO OTERO LAVADO 100% | T6: INTEGRANTES | U6: JOHN ALEJANDRO RICO VARGAS 49 % KARENA MEDINA PALLAN 51 % | X6: JUAN PABLO FRANCO TORO 34 % DAVID VALLEJO OSORIO 33 % JUAN CARLOS RODRIGUEZ IZQUIERDO 33 %
E7: VALORACIÓN | F7: OBSERVACIÓN | H7: VALORACIÓN | I7: OBSERVACIÓN | K7: VALORACIÓN | L7: OBSERVACIÓN | N7: VALORACIÓN | O7: OBSERVACIÓN | Q7: VALORACIÓN | R7: OBSERVACIÓN | T7: VALORACIÓN | U7: OBSERVACIÓN | W7: VALORACIÓN | X7: OBSERVACIÓN
B9: Contrato No. 1 | C9: No. Contrato | E9: CM 001-2023 | H9: 3114 | K9: FGN-NC-0243-2020 | N9: 237-2009 | Q9: FUV.PSP.1995.0764-2021 | T9: 2018-9254 | W9: 2111261086
C10: Objeto Contrato | E10: ESTUDIOS Y DISEÑOS PARA LA CONSTRUCCION DE UNA PISCINA SEMIOLIMPLICA CON SUS AREAS COMPLEMENTARIAS | H10: ELABORACION DE ESTUDIOS Y DISEÑOS REQUERIDOS PARA LA OBTENCION DE LICENCIAS DE CONSTRUCCION EN CUALQUIERA DE SUS MODALIDADES Y/O LICENCIAS DE URBANISMO, JUNTO CON LOS PERMISOS Y APROBACIONES NECESARIOS PARA LA CONSTRUCCION DE UN COLEGIO NUEVO EN EL PREDIO DENOMINADO CARDENAL LUQUE LOCALIDAD ENGATIVA DEL DISTRITO CAPITAL | K10: Consultoría para los estudios y diseños Trámite y obtención de licencia de construcción para la sede única de la Fiscalía General de la nación en la ciudad de Popayán Cauca | N10: Elaboración y desarrollo de los diseños arquitectónicos urbanísticos y detalles constructivos completos del proyecto parque biblioteca parque para la cultura y la vida 12 de octubre y la realización de los estudios y diseños técnicos completos para la construcción del parque biblioteca | Q10: Estudios y diseños en el desarrollo de los proyectos de la fundación universidad de el marco administrativo número 1995 de 2020 para realizar los estudios técnicos de las deportivas y panamericanos Miguel Grajales, Piscinas Hernando Botero, O¨ Byrne, Coliseo de Voleibol Francisco Chois, Canchas Voleyplaya, Coliseo Evangelista Mora, Bolera mundialista, Coliseo El Pueblo, Patinódromo Mundialista , Velódromo Alcides Nieto Patiño, Skate Park Cálida, Skateboarding y diseño urbanístico de espacios públicos sobre la calle novena de la unidad deportivo Jaime Aparicio | T10: Realizar la consultoría para la elaboración De los estudios, diseños obtención de permisos y aprobaciones y licencias de construcción del Centro de Desarrollo Comunitario CDC María Goretti BARIOS UNIDOS EN LA CIUDAD DE BOGOTA | W10: RFEALIZAR ESTUDIOS DE VULNERABILIDAD SISMICA, DISEÑO DE REFORZAMIENTO ESTRUCTURAL Y COMPLEMENTARIOS PARA LOS BLOQUES D Y E DE LA INSTITUCION EDUCATIVA INEM BALDOMERO SANIN CANO PROPIEDAD DEL MUNICIPIO DE MANIZALES
C11: Entidad Contratante | E11: ALCALDÍA DE RIOSUCIO | H11: ALCALDIA MAYOR DE BOGOTA | K11: Fiscalía General de la nación | N11: EDU | Q11: FUNDACION UNIVERSIDAD DEL VALLE | T11: SECRETARIA DE INTEGRACION SOCIAL - ALCALDIA MAYOR DE BOGOTA | W11: MUNICIPIO DE MANIZALES
C12: Contratista | E12: JORGE EDUARDO ALVAREZ GALLEGO | H12: MARTINEZ ARQUITECTURA SAS | K12: MC arquitectos SA | N12: VERONICA ORTIZ MURCIA | Q12: MAURICIO OTERO LAVADO | T12: GRUPO M&M CONSULTORIA SAS | W12: CONSORCIO INEM (20% JUAN PABLO FRANCO)
C13: Año de Terminación | E13: 2023 | H13: 2024 | K13: 2021 | N13: 2012 | O13: Contrato con mas de 10 años de ejecutado | Q13: 2022 | T13: 2019 | W13: 2022
C14: Valor Contrato (Pesos) | E14: 187801000 | F14: Valor según certificación | H14: 1215093739 | K14: 682577574 | N14: 684504575 | Q14: 192800000 | T14: 594740342 | W14: 280258078
C15: Valor Contrato (SMMLV) | E15: =+ROUND(E14/SMMLV!B47,2) -> 161.9 | F15: Se calcula a partir de SMMLV del año 2023 | H15: =+ROUND(H14/SMMLV!B46,2) -> 1215.09 | I15: EN EL RUP MUESTRA 1,215,09 CALCULADO EN PESOS DEL 2022 | K15: =+ROUND(K14/SMMLV!B45,2) -> 751.3 | L15: CALCULADO A PESOS DEL 2021 | N15: =+ROUND(N14/SMMLV!B36,2) -> 1207.88 | O15: CALCULADO CON SMLV DE 2017 DIFIERE DEL DATO DEL RUP QUE ES 373,33 | Q15: =+Q14/SMMLV!B45 -> 212.21187 | R15: CALCULADO CON SMMLV DE 2021 | T15: =+T14/SMMLV!B43 -> 718.18482 | U15: CALCULADO SON SMMLV DE 2019 | W15: =+W14/SMMLV!B46 -> 280.25808
C16: % Participación Proponente | E16: 1 | H16: 1 | K16: 1 | N16: 1 | Q16: 1 | T16: 1 | W16: 0.2
C17: Área total de diseño (m2) | F17: NO APARECE AREA PARA VERIFICAR NI EN EL FORMATO 3A, NI EN LA CERTICACION NI EN EL RUP | H17: 7600 | I17: NI EN LA CERTIFICACION NI EN EL RUP APARECE AREA DE DISEÑO. - SE MUETSRA UN VALOR DE 7,600 M2 EN FORMATO 3A | K17: 9478.36 | L17: AREA CUBIERTA TOMADA DEL CERTIFICADO | N17: 3980.22 | O17: TOMADA DEL CERTIFICADO | Q17: =9063.8-3293-2093+15915-15360+2906-50-58.7-75-50-114-267-459+2166.2-1658.29-77.63 -> 6495.38 | R17: NO APARECE AREA DETALLADA EN CERTIFICACION EN DOCUMENTO DE SUBSANACION DE MARZO 6, APORTA INF COMPELEMNTARIA QUE PERMITA VERIFICAR AREAS DISEÑADA POR SER DISPENDIOSA LA VERIFICACION, SOLO SE HACE EL EJERCICIO ARCIALMENTE EN LAS HOJAS 8 A 11 DE LA CERTIFICACION APORTADA CON EL SUBSANE | T17: 7453.68 | W17: =1597.55+5309.68 -> 6907.23
C18: Elaboración de consultoría y/o estudios y diseños de infraestructura de edificaciones de uso institucional o comercial o lugares de reunión/ | E18: NO | F18: SE REPORTA EN LA CERTIFICACION COMO "ESTUDIOS Y DISEÑOS PARA LA CONSTRUCCION DE UNA PISCINA SEMIOLIMPLICA CON SUS AREAS COMPLEMENTARIAS" QUE NO PERMITEN VERIFICAR QUE SEA UNA EDIFICACION NI QUE INCLUYE COMO OBRAS COMPLEMENTARIAS | H18: SI | K18: SI | N18: NO | Q18: SI | T18: SI | W18: SI
C19: Consultoría incluye diseño arquitectónico y estructural. | E19: NO | F19: NO ES VERIFICABLE EN LA CERTIFICACION | H19: SI | K19: SI | N19: NO | Q19: SI | T19: SI | W19: SI
C20: Contrato Reportado en el RUP | E20: SI | F20: ANOTACION 164 - PAGINA 295 | H20: SI | I20: ANOTACION 10 - PAGINA 7 DE MARTINEZ ARQUITECTURA SAS | K20: SI | L20: NO SE ADJUNTA RUP Y NO SE PUEDE HACER VALIDACIONES ANTOTACION 69 RUP PAGINA 83 SE SUBSANA EN MARZO 5 | N20: NO | O20: ANOTACION 6 - PAGINA 56 | Q20: SI | R20: ANOTACION 53 PAGINA 19 | T20: SI | U20: ANOTACION 7 PAGINA 38 | W20: SI | X20: ANOTACION 19 PAGINA 65
C21: Registro RUP con código UNSPSC (80101600, 81101500, 81101600, 81101700) | E21: SI | F21: Código UNSPSC: 81101500 Y 81101700 | H21: SI | I21: Código UNSPSC: 80101600 y 81101500 | K21: SI | L21: (80101600, 81101500, 81101600, 81101700) | N21: NO | O21: código UNSPSC (80101600, 81101500, 81101600, 81101700) | Q21: SI | R21: Código UNSPSC 80101600, 81101500 | T21: SI | U21: código UNSPSC (80101600, 81101500, 81101600, 81101700) | W21: SI | X21: (80101600, 81101500, 81101600, 81101700)
C22: Certificación emitida por una persona autorizada de la entidad contratante | E22: SI | F22: SECRETARIO DE PLANEACION Y OBRAS PUBLICAS DE RIOSUCIO | H22: SI | I22: SECRETARIA DE EDUCACION - ALCALDIA MAYOR DE BOGOTA DC | K22: SI | L22: FISCALIA GENERAL DE LA NACION | N22: NO | O22: GERNETE AUXILIAR DE PROYECTOS URBANOS EDU | Q22: SI | R22: DIRECTOR EJECUTIVO FUNDACION UNIVERSIDAD DEL VALLE | T22: SI | U22: SECRETARIA GENERAL INTEGRACION SOCIAL | W22: SI | X22: SECRETARIA DE OBRAS PUBLICAS
C23: La Certificación cumple con los requisitos previstos en el pliego | E23: NO | F23: No Cumple con todos los requisitos | H23: SI | K23: SI | L23: CUMPLE CON LOS REQUISITOS | N23: NO | Q23: SI | T23: SI | W23: SI
C24: La experiencia y soportes presentados se consideran validos | E24: NO | F24: La certificación no cumple con todos los requerimientos | H24: SI | K24: SI | L24: NO CUMPLE CON TODOS LOS REQUISITOS | N24: NO | Q24: SI | T24: SI | W24: SI
B26: Contrato No. 2 | C26: No. Contrato | E26: 03062020-0623 | H26: 3115 | K26: 2018-8300 | N26: FNTC-044-2017 | Q26: 050,050,3,021,012,931,2024 | W26: 17-05-03-03-29
C27: Objeto Contrato | E27: ELABORAR ESTUDIOS Y DISEÑOS PARA EL MEJORAMIENYO, REMODELACION Y CONSTUCCION DE LOS ESCENARIOS DEPORTIVOS REQUERIDOS PARA LA REALIZACION DE LOS JUEGOS DEPORTIVOS NACIONALES 2023 EN EL MUNICIPIO DE MANIZALES | H27: Elaboración de estudios y diseño requeridos para la obtención de licencias de construcción en cualquiera de sus modalidades Y/O licencias de urbanismo junto con los permisos y aprobaciones necesarios para la construcción del colegio nuevo en diferentes localidades del distrito capital | K27: Realizar la consultoría para la elaboración de los estudios diseños obtención de permisos aprobación y licencias de construcción Y/O urbanismo de un centro de desarrollo comunitario en la ciudad de Bogotá distrito capital | N27: Realizar los estudios y diseño del centro de interpretación reserva de la Biosfera SEA flowers San Andrés | Q27: Realizar los estudios técnicos fase 3 correspondientes a la segunda fase del proyecto de restauración integral de la Casa Soto de la Universidad del Valle en el municipio de Guadalajara de BUGA | T27: Realizar los estudios técnicos trámites y obtención de licencias de construcción de 6 oficinas de registro de instrumentos públicos | W27: ELABORAR LOS ESTUDIOS Y DISEÑOS PARA LA CONSTRUCCION DE LA ESTACION DE POLICIA EN LA COMUNA CIUDADELA DEL NORTE DEL MUNICIPIO DE MANIZALES
C28: Entidad Contratante | E28: DEPARTAMENTO DE CALDAS | H28: Alcaldía mayor de Bogotá Secretaría de Educación del distrito | K28: Secretaria Distrital de integración social | N28: FONTUR | Q28: UNIVERSIDAD DEL VALLE | T28: SUOERINTENDENCIA DE NOTARIADO Y REGISTRO | W28: ALCALDIA DE MANIZALES
C29: Contratista | E29: JORGE EDUARDO ALVAREZ GALLEGO | H29: Martínez arquitectura SAS | K29: MC ARQUITECTOS SA | N29: VERONICA ORTIZ MURCIA | Q29: MAURICIO OTERO LAVADO | T29: GRUPO M&M CONSULTORIA SAS | W29: DAVID VALLEJO OSORIO
C30: Año de Terminación | E30: 2020 | H30: 2022 | K30: 2019 | N30: 2017 | Q30: 2021 | T30: 2020 | W30: 2018
C31: Valor Contrato (Pesos) | E31: 255834012 | H31: 897890581 | K31: 866309945 | N31: 339182267 | Q31: 232075000 | T31: 841394000 | W31: 193220300
C32: Valor Contrato (SMMLV) | E32: =+ROUND(E31/SMMLV!B44,2) -> 291.45 | F32: Se calcula a partir de SMMLV del año 2020 | H32: =+ROUND(H31/SMMLV!B46,2) -> 897.89 | K32: =+ROUND(K31/SMMLV!B43,2) -> 1046.12 | L32: CALCULADO PARA 2019 | N32: =+ROUND(N31/SMMLV!B41,2) -> 459.77 | O32: CALCULADO CON SMLV DE 2012 | Q32: =+Q31/SMMLV!B45 -> 255.44123 | R32: CALCULADO CON SMMLV DE 2021 DIFIERE DEL VALOR DEL RUP DE 178,51 | T32: =+T31/SMMLV!B44 -> 958.52258 | U32: CALCULADO CON SMMLV DE 2020 | W32: =+W31/SMMLV!B41 -> 261.91656 | X32: CALCULADO CON SMMLV DE 2017
C33: % Participación Proponente | E33: 1 | H33: 1 | K33: 1 | N33: 1 | Q33: 1 | T33: 1 | W33: 1
C34: Área total de diseño (m2) | F34: NO SE PUEDE VERIFICAR AREA | H34: 6043.57 | I34: TOMADA DEL CERTIFICADO | K34: 9399.12 | L34: TOMADA DEL CERTIFICADO | N34: 9550 | O34: TOMADA DEL CERTIFICADO | Q34: 2691.12 | R34: TOMADA DE LA CERTIFICACION APORTADA | T34: 3080.5 | W34: 1165.98
C35: Elaboración de consultoría y/o estudios y diseños de infraestructura de edificaciones de uso institucional o comercial o lugares de reunión/ | E35: SI | H35: SI | K35: SI | N35: SI | Q35: SI | T35: SI | W35: SI
C36: Consultoría incluye diseño arquitectónico y estructural. | E36: SI | H36: SI | K36: SI | N36: SI | Q36: SI | T36: SI | W36: SI
C37: Contrato Reportado en el RUP | E37: SI | F37: ANOTACION 141 PAGINA 250 | H37: SI | I37: ANOTACION 8 PAGINA 7 | K37: SI | L37: NO SE ADJUNTA RUP Y NO SE PUEDE HACER VALIDACIONES SESUBSANO EN MARZO 5 ANOTACION 59 PAGINA 65 | N37: SI | O37: ANOTACION 35 - PAGINA 81 | Q37: SI | R37: ANOTACION 78 PAGINA 29 | T37: SI | U37: ANOTACION 17 PAGINA 52 | W37: SI | X37: ANOTACION 20 PAGINA 38
C38: Registro RUP con código UNSPSC (80101600, 81101500, 81101600, 81101700) | E38: SI | F38: Código UNSPSC: 81101500 Y 81101700 | H38: SI | I38: Código UNSPSC: 80101600 Y 81101500 | K38: SI | L38: (80101600, 81101500, 81101600, 81101700) | N38: SI | O38: código UNSPSC (80101600, 81101500, 81101600, 81101700) | Q38: SI | R38: Código UNSPSC 80101600, 81101500, 81101700 | T38: SI | U38: código UNSPSC (80101600, 81101500, 81101600, 81101700) | W38: NO | X38: Codigo UNSPSC (80101600, 81101600, 81101700)
C39: Certificación emitida por una persona autorizada de la entidad contratante | E39: SI | F39: CERIFICACION SECOP II 03062020-0623 | H39: SI | I39: SECRETARIA DE EDUCACION - ALCALDIA MAYOR DE BOGOTA DC | K39: SI | L39: SECRETARIA DISTRITAL DE INTEGRACION SOCIAL - ALCALDIA MAYOR DE BOGOTA | N39: SI | O39: REPRESENTANTE LEGAL FONTUR | Q39: SI | R39: UNIVERSIDAD DEL VALLE | T39: SI | U39: SUPERINTENDENCIA DE NOTARIADO Y REGISTRO - DIRECTORA DE CONTRATACION | W39: SI | X39: ALCALDIA DE MANIZALES - SECRETARIA DE OBRAS PUBLICAS
C40: La Certificación cumple con los requisitos previstos en el pliego | E40: NO | H40: SI | K40: SI | L40: CUMPLE CON LOS REQUISITOS | N40: SI | Q40: SI | T40: SI | W40: SI
C41: La experiencia y soportes presentados se consideran validos | E41: NO | H41: SI | K41: SI | L41: NO CUMPLE CON TODOS LOS REQUISITOS | N41: SI | Q41: SI | T41: SI | W41: SI
B43: Contrato No. 3 | C43: No. Contrato | E43: NO RELACIONA | N43: 548-2013 | Q43: 002-2017 | W43: 051-2021
C44: Objeto Contrato | E44: DISEÑO Y CONSTRUCCION DE REDES ELECTRICAS DE BAJA TENSION, TELECOMUNICACIONES Y SISTEMAS AFINES PARA LA PLANTA DE PRODUCCION FASE II Y FASE III Y EDIFICIO ADMINISTRATIVO HADA INTERNACIONAL | H44: REALIZAR LOS DISEÑOS URBANISTICOS, PAISAJISTICOS Y ARQUITECTÓNICOS DEL PROYECTO PARQUE PACÍFICO DEL DISTRITO ESPECIAL DE SANTIAGO DE CALI. | N44: Elaboración de los diseños arquitectónicos de estudios técnicos topografía suelos estructurales eléctricos comunicaciones hidráulicos hidrosanitarios paisajismo asesoría bioclimática presupuesto y especificaciones y detalles construidos completos para la construcción del proyecto de bloque administrativo y de laboratorios con un area es de 9320 m2 | Q44: Diagnóstico y estudios para la elaboración del plan de ordenamiento físico de la Ciudad de la Universitaria, estudios y diseños técnicos para una nueva construcción de un bloque de aulas en la Ciudad de la Universitaria y estudios y diseños adecuación, modernización de la sede centro ubicada en los predios de la carrera 26#30-58 , 26#30-40 Y CALLE 31#25-43 DEL MUNICIPIO DE TULUA | T44: Servicio de consultoría para realizar el diagnóstico estudios y diseños fase 3 Para la construcción de las obras que brindarán ampliación de la capacidad operativa De las aulas de las facultades de Ciencias contables Económicas y administrativas Ingeniería civil y ingeniería electrónica y telecomunicaciones De la Universidad del Cauca ubicada en la carrera 2 con calle 15 del municipio de Popayán - CAUCA | W44: ESTUDIOS Y DISEÑOS DELCENTRO DE SERVICIOS Y COMERCIO SENA - PROYECTO PLEC, LOGISTICA Y TRANSPORTE, EN CUMPLIOMIENTO D ELOS CONVENIOS INTERADMINISTRATIVOS 1092 Y 1204 DE 2021 SUSCRITOS CON LA SECDRETARIA DE DESARROLLO ECONOMICO Y COMPETITIVIDAD DEL DEPARTAMENTO DE RISARALDA
C45: Entidad Contratante | E45: HADA INTERNACIONAL | H45: EMPRESA DE DESARROLLO Y RENOVACION URBANA EDRU | N45: universidad nacional de colombia | Q45: UNIDAD CENTRAL DEL VALLE DEL CAUCA | T45: UNIVERSIDAD DEL CAUCA | W45: EDUR
C46: Contratista | E46: JC ECHEVERRY INGENIERIA SAS | H46: ALCUADRADO ARQUITECTOS SAS | N46: CARLOS PUERTA AGUDELO | Q46: CONSORCIO UCEVA (MAURICIO OTERO LAVADO 50% Y JAMIRSON CUELLAR 50%) | T46: GRUPO M&M CONSULTORIA SAS | W46: CONSORCIO EDUCATIVO (JUAN CARLOS IZQUIERDO 30%)
C47: Año de Terminación | E47: 2019 | H47: 2022 | N47: 2014 | O47: Contrato con mas de 10 años de ejecutado | Q47: 2018 | T47: 2022 | W47: 2022
C48: Valor Contrato (Pesos) | E48: 121989000 | H48: 931094795 | N48: 258150000 | Q48: 264000000 | T48: 174715800 | W48: 605732727
C49: Valor Contrato (SMMLV) | E49: =+ROUND(E48/SMMLV!B43,2) -> 147.31 | F49: CALCULO PARA EL 2019 DIFIERE DEL REGISTRADO EN EL RUP DE 161,23 | H49: =+H48/SMMLV!$B$46 -> 931.09479 | I49: SALARIOS DE 2022 | N49: =+ROUND(N48/SMMLV!B38,2) -> 419.07 | O49: CALCULADO CON SMLV DE 2014 | Q49: =+Q48/SMMLV!B42 -> 337.92346 | R49: CALCULADO EN SMMLV DE 2018 | T49: =+T48/SMMLV!B46 -> 174.7158 | U49: CALCULADO SMMLV DE 2022 | W49: =+W48/SMMLV!B46 -> 605.73273
C50: % Participación Proponente | E50: 1 | H50: 1 | N50: 1 | Q50: 0.5 | T50: 1 | W50: 0.3 | X50: SE TOMA DEL RUP (EN CERTIFICACION FORMATO 3 A INDICA VALOR DIFERENTE 50%
C51: Área total de diseño (m2) | E51: 8360 | F51: AREA TOMADA DE LA CERTIFICACION - NO APARECE AREA EN EL RUP | H51: 3466 | I51: tomada de la poagina 3 del certificado aportado | N51: 9320 | O51: TOMADO D ELA CERTIFICACION | Q51: 33207 | R51: SE RECIBE SUBSANE CON INF COMPLETA | T51: 2500 | W51: 4555
C52: Elaboración de consultoría y/o estudios y diseños de infraestructura de edificaciones de uso institucional o comercial o lugares de reunión/ | E52: NO | H52: SI | N52: NO | Q52: SI | T52: SI | W52: SI
C53: Consultoría incluye diseño arquitectónico y estructural. | E53: NO | F53: NO LO INCLUYE LA CERTIFICACION EXPRESAMENTE | H53: SI | N53: NO | Q53: SI | T53: SI | W53: SI
C54: Contrato Reportado en el RUP | E54: SI | F54: ANOTACION 020 PAGINA 47 | H54: SI | I54: ANOTACION 15 PAGINA 13 | N54: NO | O54: ANOTACION 6 - PAGINA 7 | Q54: SI | R54: ANOTACION 25 PAGINA 12 | T54: SI | U54: ANOTACION 47 PAGINA 115 | W54: SI | X54: ANOTACION 32 PAGINA
C55: Registro RUP con al menos 2 codigo UNSPSC (80101600, 81101500, 81101600, 81101700) | E55: SI | H55: SI | I55: (80101600, 81101500, 81101700) | N55: NO | O55: codigo UNSPSC (80101600, 81101500, 81101600, 81101700) | Q55: SI | R55: codigo UNSPSC (80101600, 81101500, 81101600, 81101700) | T55: SI | U55: codigo UNSPSC (80101600, 81101500, 81101600, 81101700) | W55: SI | X55: (80101600, 81101500, 81101600, 81101700)
C56: Certificación emitida por una persona autorizada de la entidad contratante | E56: SI | F56: VICEPRESIDENTE DE OPERACIONES CONTRATANTE | H56: SI | I56: JEFE OFICINA JURICA DE LA EDRU | N56: NO | O56: UNIVERSIDAD NACIONAL DE COLOMBIA | Q56: SI | R56: ES UNA AUTOCERTIFICACION SE SUBSANA EN MARZO 6 | T56: SI | U56: UNIVERSIDAD DEL CAUCA - VICERECTORIA ADMINISTRATIVA | W56: SI | X56: EDUR
C57: La Certificación cumple con los requisitos previstos en el pliego | E57: NO | F57: NO DETALLA OBJETO ESPECIFICO | H57: SI | N57: NO | Q57: SI | T57: SI | W57: SI
C58: La experiencia y soportes presentados se consideran validos | E58: NO | H58: SI | N58: NO | Q58: SI | T58: SI | W58: SI
B60: Contrato No. 4 | C60: No. Contrato | E60: NO PRESENTA
C61: Objeto Contrato | E61: DISEÑO DE LAS REDES ELECTRICAS DE MEDIA Y BAJA TENSION, TELECOMUNICACIONES, DATA CENTER, SISTEMA DE DETECCION DE HUMOS PARA LA AOBRA DEL CENTRO DE ATENCION AL ADULTO MAYOR EL PARAISO DE MANIZALES, UBICADA EN LA VEREDA LA PALMA CASERIO SAN ISIDRO CALDAS
C62: Entidad Contratante | E62: ASOCIACION SOCIEDAD SAN VICENTE DE PAUL DE MANIZALES
C63: Contratista | E63: JC ECHEVERRY INGENIERIA SAS
C64: Año de Terminación | E64: 2019
C65: Valor Contrato (Pesos) | E65: 24000000
C66: Valor Contrato (SMMLV) | E66: =+ROUND(E65/SMMLV!B43,2) -> 28.98 | F66: Se calcula a partir de SMMLV del año 2019
C67: % Participación Proponente | E67: 0.02 | F67: VALOR TOMADO DEL RUP - PAGINA 16
C68: Área total de diseño (m2) | E68: 850 | F68: AREA TOMADA DE LA CERIFICACION
C69: Elaboración de consultoría y/o estudios y diseños de infraestructura de edificaciones de uso institucional o comercial o lugares de reunión/ | E69: NO
C70: Consultoría incluye diseño arquitectónico y estructural. | E70: NO
C71: Contrato Reportado en el RUP | E71: SI | F71: ANOTACION 003 PAGINA 16
C72: Registro RUP con codigo UNSPSC (80101600, 81101500, 81101600, 81101700) | E72: SI | F72: Codigo UNSPSC: 81101500 Y 81101700 | Z72: =+W17 -> 6907.23 | AA72: 0.2 | AB72: 0.34 | AC72: =+AB72*AA72*Z72 -> 469.69164
C73: Certificación emitida por una persona autorizada de la entidad contratante | E73: SI | F73: REP LEGAL ASOCIACION SAN VICENTE DE PAUL MANIZALES | Z73: =+W34 -> 1165.98 | AA73: 1 | AB73: 0.33 | AC73: =+AB73*AA73*Z73 -> 384.7734
C74: La Certificación cumple con los requisitos previstos en el pliego | E74: NO | F74: NO DETALLA OBJETO ESPECIFICO SIMILAR AL SOLICITADO | Z74: =+W51 -> 4555 | AA74: 0.3 | AB74: 0.33 | AC74: =+AB74*AA74*Z74 -> 450.945
C75: La experiencia y soportes presentados se consideran validos | E75: NO | H75: NO | Z75: =SUM(Z72:Z74) -> 12628.21 | AC75: =SUM(AC72:AC74) -> 1305.41
B77: Criterios Habilitantes Experiencia Proponente | C77: Área total de diseño en los contratos aportados considerados validos | E77: =+(E17+E34)*0.5+(E51+E68)*0.5 -> 4605 | F77: El minimo exigido es 12.000 m2 | H77: =+(H17*H16+H34*H33)*0.5+(H51*H50)*0.5 -> 8554.785 | I77: El minimo exigido es 12.000 m2 | K77: =+(K17+K34)*1 -> 18877.48 | L77: El minimo exigido es 12.000 m2 | N77: =+(N34)*0.5 -> 4775 | O77: El minimo exigido es 12.000 m2 | Q77: =+(Q17*Q16+Q34*Q33+Q51*Q50) -> 25790 | R77: El minimo exigido es 12.000 m2 | T77: =+(T17+T34+T51)*1 -> 13034.18 | U77: El minimo exigido es 12.000 m2 | W77: =+(W17*W16*0.34+W34*W33*0.33+W51*W50*0.33) -> 1305.41 | X77: El minimo exigido es 12.000 m2
C78: El Área aportada es igual o superior a doce mil metros cuadrados (12.000 m2) | E78: =+IF(E77>=12000,"SI","NO") -> NO | F78: Área inferior a la exigida | H78: =+IF(H77>=12000,"SI","NO") -> NO | K78: =+IF(K77>=12000,"SI","NO") -> SI | N78: =+IF(N77>=12000,"SI","NO") -> NO | Q78: =+IF(Q77>=12000,"SI","NO") -> SI | T78: =+IF(T77>=12000,"SI","NO") -> SI | W78: =+IF(W77>=12000,"SI","NO") -> NO
C79: El valor total de los contratos aportados para el proceso considerados validos expresado en SMMLV. | E79: =+(E15*E16+E32*E33)*0.5+(E49*E50+E66*E67)*0.5 -> 300.6198 | F79: Valor minimo exigido 572,50 SMMLV | H79: =+(H15*H16+H32*H33)*0.5+(H49*H50)*0.5 -> 1522.0374 | I79: Valor minimo exigido 572,50 SMMLV | K79: =+(K15*K16+K32*K33)*1 -> 1797.42 | L79: Valor minimo exigido 572,50 SMMLV | N79: =+(N32*N33)*0.5 -> 229.885 | O79: Valor minimo exigido 572,50 SMMLV | Q79: =+(Q15*Q16+Q32*Q33+Q49*Q50) -> 636.61483 | R79: Valor minimo exigido 572,50 SMMLV | T79: =+(T15*T16+T32*T33+T49*T50) -> 1851.4232 | U79: Valor minimo exigido 572,50 SMMLV | W79: =+(W15*W16*0.34+W32*W33*0.33+W49*W50*0.33) -> 165.45755 | X79: Valor minimo exigido 572,50 SMMLV | Z79: =605.73*0.3 -> 181.719
C80: El valor total de los contratos aportados es mayor o igual al 100% del presupuesto oficial del proceso, expresado en SMMLV. | E80: =+IF(E79>=572.5,"SI","NO") -> NO | F80: Valor de contratos aportados superior o igual al exigido | H80: =+IF(H79>=572.5,"SI","NO") -> SI | K80: =+IF(K79>=572.5,"SI","NO") -> SI | N80: =+IF(N79>=572.5,"SI","NO") -> NO | Q80: =+IF(Q79>=572.5,"SI","NO") -> SI | T80: =+IF(T79>=572.5,"SI","NO") -> SI | W80: =+IF(W79>=572.5,"SI","NO") -> NO
C81: Todos los integrantes del proponente acreditan experiencia relacionada con el objeto contractual. | E81: NO | F81: Un solo proponente que acredita el 100% | H81: NO | K81: SI | N81: NO | Q81: SI | T81: SI | W81: SI
C83: PROPONENTE HABILITADO | E83: =+IF(AND(E78="SI",E80="SI",E81="SI"),"SI","NO") -> NO | H83: =+IF(AND(H78="SI",H80="SI",H81="SI"),"SI","NO") -> NO | K83: =+IF(AND(K78="SI",K80="SI",K81="SI"),"SI","NO") -> SI | N83: =+IF(AND(N78="SI",N80="SI",N81="SI"),"SI","NO") -> NO | Q83: =+IF(AND(Q78="SI",Q80="SI",Q81="SI"),"SI","NO") -> SI | T83: =+IF(AND(T78="SI",T80="SI",T81="SI"),"SI","NO") -> SI | W83: =+IF(AND(W78="SI",W80="SI",W81="SI"),"SI","NO") -> NO
E88: NI LOS OBJETOS DE LOS CONTRATOS APORTADOS NI LA INFORMACION DE AREAS PARA VALIDACION DE CUMPLIMIENTO DE EXIGENCIAS ESTAN CLARAMENTE DETALLADAS EN LAS CERTIFICACIONES APORTADAS EN EL FORMATO 3A | H88: se traslada contrato de experiencia puntuable a habilitante para subsanar observacion del comité evaluador | K88: El proponente no adjunta certificaciones del registro único de proponentes RUP SE PUEDE SUBSANAR SUBSANADO MARZO 5 DE 2026 | N88: Solo se evalua 1 de los contratos aportados con Anotacion No 35 pagina 81 de uno d elos consorciados | Q88: El oferente suministró 5 contratos en el formato 3ª, de los cuales se descartaron 2 puesto que como indica el procedimiento en el pliego de condiciones pagina 45, si el proponente aporta más contratos de los exigidos, se toman los 3 más recientes. De los 3 contratos se descarta 1, debido a que suministra una certificación por parte de un consorciado lo cual no se permite como está estipulado en el pliego pagina 47. | W88: SE REEMPLAZAN CONTRATOS 1 Y 3 EN LA SUBSANACION PARA EXPERIENCIA HABILIRANTE
H89: ,
N90: LOS CONTRATOS CON ANOTACION 6 DE UNO DE LOS INTEGRANTES DEL CONSORCIO Y 6 DEL OTRO INTEGRANTE EN EL RUP (SEGÚN FORMATO 3 A) SON DEL AÑO 2009 Y 2013 RESPECTIVAMENTE POR LO CUAL NO SE PUEDEN CONSIDERAR COMO HABILITANTES POR QUE NO FUE EJECUTADO EN LOS ULTIMOS 10 AÑOS (VER PAGINA 35 DEL PLIEGO) | X90: 7 - CONSORCIO MANIZALES PLAZA DE MERCADO\Experiencia Proponente\Experiencia Proponente\01 CERTIFICADO SALAMINA.pdf
H92: ..\2 - CONSORCIO AR+AL2\16_EXPERIENCIA PROPONENTE\01_EXPERIENCIA GENERAL\EXPERIENCIA 1- Colegio Cardenal Luque.pdf | K92: 3 - M C ARQUITECTOS\02 RUP 69 FISCALIA.pdf | X92: 7 - CONSORCIO MANIZALES PLAZA DE MERCADO\Experiencia Proponente\Experiencia Proponente\03 Certificado Contrato 2932-2020 Pista de Atletismo Estadio HRV.pdf | Z92: PROPONENTE 1 : CONSORCIO GALERIA
K94: 3 - M C ARQUITECTOS\04 RUP 59 CDC.pdf
H95: ..\2 - CONSORCIO AR+AL2\02_EXP ESPECIFICA PUNTUABLE\02_EXP ESPECIFICA PUNTUABLE\EXP PUNTUABLE 2_PARQUE PACIFICO\00_CERTIFICADO PARQUE PACÍFICO 2025.pdf | Z95: PROPONENTE 2: CONSORCIO AR+AL2
Z98: PROPONENTE 3: MC ARQUITECTOS SA
Z101: PROPONENTE 4: CONSORCIO ARQUITECTURA Y ESPACIO PÚBLICO
Z104: PROPONENTE 5: MAURICIO OTERO LAVADO
C107: Adenda 1 | Z107: PROPONENTE 6: GRUPO M&M CONSULTORIA SAS
Z110: PROPONENTE 7: CONSORCIO MANIZALES PLAZA DE MERCADO
Q127: 53 | R127: ..\5 - MAURICIO OTERO LAVADO\PROPONENTE HABILITANTE\RUP 53-CERTIFICACION-JUEGOS PANAMERICANOS JUNIOR CALI.pdf
Q130: 78 | R130: ..\5 - MAURICIO OTERO LAVADO\PROPONENTE HABILITANTE\RUP 78-CONTRATO-CASA SOTO.pdf
Q134: 25 | R134: ..\5 - MAURICIO OTERO LAVADO\PROPONENTE HABILITANTE\RUP 25-CERTIFICACION-UCEVA.pdf
Q137: 32 | R137: ..\5 - MAURICIO OTERO LAVADO\PROPONENTE HABILITANTE\RUP 32-CERTIFICACION GENERAL-MANZANA DEL SABER.pdf
R138: 2015
Q140: 27 | R140: ..\5 - MAURICIO OTERO LAVADO\PROPONENTE HABILITANTE\RUP 27-CONTRATO-GALERIA.pdf
R141: 2013

Sheet Hoja1

Sheet EXPERIENCIA ADICIONAL (S)
C1: PROCESO DE CONTRATACIÓN No. INFI-SCM-01-2026
C2: REALIZACIÓN DE LA CONSULTORÍA DE ESTUDIOS Y DISEÑOS TÉCNICOS, A NIVEL DE FASE 3 PARA EL NUEVO EDIFICIO MULTIPLE DE LA PLAZA DE MERCADO DE MANIZALES, A CONSTRUIRSE EN UN LOTE UBICADO ENTRE CALLES 23 Y 24 Y ENTRE CARRERAS 14 Y 15 DE PROPIEDAD DE INFIMANIZALES
C3: REVISIÓN DE LOS CRITERIOS DE EXPERIENCIA ESPECIFICA ADICIONAL A LA MINIMA HABILITANTES (FORMATOS 3 B DE LAS PROPUESTAS)
B5: REQUISITOS TÉCNICOS HABILITANTES | E5: PROPONENTE 1 : CONSORCIO GALERIA | H5: PROPONENTE 2: CONSORCIO AR+AL2 | K5: PROPONENTE 3: MC ARQUITECTOS SA | N5: PROPONENTE 4: CONSORCIO ARQUITECTURA Y ESPACIO URBANO | Q5: PROPONENTE 5: MAURICIO OTERO LAVADO | T5: PROPONENTE 6: GRUPO M&M | W5: PROPONENTE 7: CONSORCIO MANIZALES PLAZA DE MERCADO
E6: INTEGRANTES | F6: JORGE EDIUARDO ALVAREZ GALLEGO 50% JC ECHEVERRY INGENIERA SAS 50% | H6: INTEGRANTES | I6: ALCUADRADO ARQUITECTOS SAS 50% MARTINEZ ARQUITECTURA SAS 50% | K6: INTEGRANTES | L6: MARIO ANDRES CABRERA PINZON 100 % | N6: INTEGRANTES | O6: CARLOS PUERTA AGUDELO 50% VERONICA ORTIZ MURCIA 50% | Q6: INTEGRANTES | R6: MAURICIO OTERO LAVADO 100% | T6: INTEGRANTES | U6: JOHN ALEJANDRO RICO VARGAS 49 % KARENA MEDINA PALLAN 51 % | W6: INTEGRANTES | X6: DAVID VALLEJO OSORIO 33 % JUAN PABLO FRANCO TORO 34 % JUAN CARLOS RODRIGUEZ IZQUIERDO 33 %
E7: VALORACIÓN | F7: OBSERVACIÓN | H7: VALORACIÓN | I7: OBSERVACIÓN | K7: VALORACIÓN | L7: OBSERVACIÓN | N7: VALORACIÓN | O7: OBSERVACIÓN | Q7: VALORACIÓN | R7: OBSERVACIÓN | T7: VALORACIÓN | U7: OBSERVACIÓN | W7: VALORACIÓN | X7: OBSERVACIÓN
B9: Contrato No. 1 | C9: No. Contrato | E9: NR | H9: CO1.PCCNTR.1242250 | K9: 115 de 2015 | N9: 3211-2029 | Q9: 043-2018 | T9: 21000633 H3 01, 02 Y 03 DE 2021 | W9: 1804250493
C10: Objeto Contrato | E10: DISEÑO DE LAS REDES ELECTRICAS EN MEDIA Y BAJA TENSION, TELECOMUNICACIONES, DATA CENTER SISTEMA DE DETECCIÓN DE HUMOS PARA LA OBRA DE LA TORRE EMBLEMATICA MULTIFUNCIONAL Y OBRAS ANEXAS DE LA UNIVERSIDAD DE MANIZALES | H10: Elaboración de estudios y diseños requeridos para la obtención de licencias de construcción en cualquiera de sus modalidades y/o licencia de urbanismo, junto con los permisos y aprobaciones necesarios para la construcción de un colegio nuevo en el predio denominado HIPOTECHO Localidad 8 Kennedy del Distrito Capital. | K10: El consultor se compromete a la elaboración de los estudios y diseños estudios detallado de amenaza y análisis de riesgo Desarrollo de diseños estudios técnicos presupuesto Sensibilización y trámites de licencias y permiso de proyectos educativos en el Departamento de Cundinamarca y vaya que se vieron afectados por el fenómeno de la niña 2010 2011 | N10: REALIZAR POR EL SISTEMA DE PRECIO GLOBAL FIJO LOS ESTUDIOS Y DISEÑOS TECNICOS DE INGENERIA Y ARQUITECTURA EN PARQUES EN DIFERENTES ESCALAS DEL SISTEMA DISTRITAL DE PARQUE DE BOGOTA, CON CARGO AL PROYECTO 1082: CONTRUCCION Y ADECUACION DE PARQUES Y EQUIPAMIENTOS PARA TODOS." PARA EL GRUPO 1 | Q10: REVISION, AJUSTE, OPTIMIZACION J COMPLEMENTACIÓN DE ESTUDIOS Y DISEÑO , LICENCIA DE CONSTRUCCIÓN y PLIEGOS DE CONDICIONES PARA OBRA DEL ESCENARI)O PARQUE DEPORTIVO EN IBAGUÉ, DE ACUERD ) CON LA DESCRIPCIÓN, ESPECIFICACIONES , DEMÁS CONDICIONES ESTABLECIDAS EN EL PLIEGO DE CONDICIONES | T10: El contratista se obliga para la aerocivil a realizar los estudios y diseños para la construcción de la base SEI de los aeropuertos del Riohacha Valledupar y Mompox por lotes: Lote 1 realizar los estudios de diseños para la construcción de la base SEI del aeropuerto de Riohacha Lote dos realizar los estudios y diseños para la construcción de la base sei de la aeropuerto de Valledupar lote 3: realizar los estudios sei para la construcción de la base sei del aeropuerto de Mompox | W10: ELABORAR LOS ESTUDIOS Y DISEÑOS PARA LA AMPLIACION DE LAS PLANTAS FISICAS DE LOS ESTABLECIMIENTOS EDUCATIVOS OFICIALES DE PROPIEDAD DEL MUNICIPIO DE MANIZALES, SEGÚN LISTADO ANEXO
C11: Entidad Contratante | E11: UNIVERSIDAD DE MANIZALES | H11: SECRETARIA DE EDUCACION - ALCALDIA MAYOR DE BOGOTA | K11: Fondo adaptación | N11: IDRD | Q11: IMDRI INSTITUTO MUNICIPAL DE DEPORTES Y RECREACION DE IBAGUE | T11: UNIDAD ADMINISTRATIVA DE LA AERONAUTICA CIVIL | W11: ALCALDIA DE MANIZALES
C12: Contratista | E12: JC ECHEVERRY INGENIERA SAS | H12: MARTINEZ ARQUITECTURA SAS | K12: MC ARQUITECTOS SA | N12: CONSORCIO ARQUITECTURA Y ESPACIO PÚBLICO | Q12: UNION TEMPORAL CO2 ESCENARIOS | T12: GRUPO M&M CONSULTORIA SAS | W12: DAVID VALLEJO OSORIO
C13: Año de Terminación | E13: 2017 | H13: 2021 | K13: 2016 | N13: 2019 | Q13: 2018 | T13: 2022 | W13: 2019
C14: Valor Contrato (Pesos) | E14: 37400000 | F14: SALARIOS DE 2017 | H14: 1226021553 | K14: 773815518 | N14: 1405276768 | Q14: 1176135580 | T14: 1000000000 | W14: 656549945
C15: Valor Contrato (SMMLV) | E15: =+E14/SMMLV!B41 -> 50.696947 | H15: =+H14/SMMLV!B45 -> 1349.4623 | I15: SALARIOS DE 2021 | K15: =+K14/SMMLV!B40 -> 1122.3599 | N15: =+N14/SMMLV!B43 -> 1696.9564 | O15: CCON SMMLV DE 2028 (EN EL RUP 1,631,27) | Q15: =+Q14/SMMLV!B42 -> 1505.469 | R15: SALARIOS DE 2018 (NO APARECE MONTO EN RUP) | T15: =+T14/SMMLV!B45 -> 1100.684 | U15: EN SALARIOS DE 2021 | W15: =+W14/SMMLV!B43 -> 792.82364
C16: % Participación Proponente | E16: 1 | F16: TOMADO DEL CERTIFICADO YA QUE EL RUP MUESTRA 2% | H16: 1 | K16: 1 | N16: 1 | Q16: 0.5 | T16: 1 | W16: 0.5
C17: Área total de diseño (m2) | E17: 17276 | H17: 8834.94 | I17: AREA TOMADA DEL CERTIFICADO | K17: =996.25+297.65+416.31+4900+165.23 -> 6775.44 | L17: VALORES DE AREAS INDIVIDUALES TOMADA DE LA CERTIFICACION | O17: NO SE MUESTRA AREA A CERTIFICAR DE DISEÑOS DE INFRAESTRUCTURA DE EDIFICACIONES COMO EXIGE EL PLIEGO | Q17: 15651.55 | R17: AREA DE COLISEOS | T17: 3378 | U17: TOMADA DE LA CERTIFICACION | W17: 15442.46 | X17: AREA TOTAL DISEÑADA TOMADA DE CERTIFICACION
C18: Consultoría en estudios y diseños de edificaciones institucionales o comerciales | E18: NO | H18: SI | K18: SI | N18: NO | Q18: SI | T18: SI | W18: SI
C19: Consultoría incluye diseño arquitectónico y estructural. | E19: NO | H19: SI | K19: NO | L19: NO SE DETALLA EN LA CERTIFICACION ADJUNTA SI INCLUYE DISEÑO ARQ Y EST | N19: NO | Q19: SI | T19: SI | W19: SI
C20: Contrato Reportado en el RUP | E20: SI | F20: ANOTACION 05 PAGINA 19 | H20: SI | I20: ANOTACION 11 PAGINA 8 | K20: SI | L20: ANOTACION 28 PAGINA 32 | N20: SI | O20: ANOTACION 25 PAGINA 24 | Q20: SI | R20: ANOTACION 26 PAGINA 13 | T20: SI | U20: ANOTACION 53 PAGINA 124 | W20: SI | X20: ANOTACION 026 PAGINA 49
C21: Registro RUP con codigo UNSPSC (80101600, 81101500, 81101600, 81101700) | E21: SI | F21: UNSPSC 81101500, 81101700) | H21: SI | I21: codigo UNSPSC (80101600, 81101500) | K21: SI | L21: UNSPSC (80101600, 81101500, 81101600, 81101700) | N21: NO | O21: (80101600, 81101500, 81101600, 81101700) | Q21: SI | R21: (80101600, 81101500) | T21: SI | U21: UNSPSC (80101600, 81101500, 81101600, 81101700) | W21: SI | X21: (80101600, 81101500, 81101600, 81101700)
C22: Certificación emitida por una persona autorizada de la entidad contratante | E22: SI | F22: UNIVERSIDAD DE MANIZALES GERENTE TORRE EMBLEMATICA | H22: SI | I22: SECRETARIA DE EDICACION JEFE OFOCONA CONTRATOSS | K22: SI | L22: FONDO ADAPTACION - SECRETARIA GENERAL | N22: SI | O22: INTERVENTOR DEL CONTRATO | Q22: SI | R22: SECRETARIO GENERAL INDRI | T22: SI | U22: UNIDAD ADMINISTRATIVA DE LA AERONAUTICA CIVIL - DIRECTOR DE INFRAESTRUCTURA | W22: SI | X22: ALCALDIA DE MANIZALES
C23: La Certificación cumple con los requisitos previstos en el pliego | E23: NO | H23: SI | K23: NO | L23: NO SE DETALLA EN LA CERTIFICACION ADJUNTA SI INCLUYE DISEÑO ARQ Y EST | N23: NO | Q23: SI | R23: PENDIENTE DE ACLARACION | T23: SI | W23: SI
C24: La experiencia y soportes presentados se consideran validos | E24: NO | H24: SI | K24: NO | L24: NO SE DETALLA EN LA CERTIFICACION ADJUNTA SI INCLUYE DISEÑO ARQ Y EST | N24: NO | Q24: SI | R24: PENDIENTE DE ACLARACION | T24: SI | W24: SI
B26: Contrato No. 2 | C26: No. Contrato | E26: OCO-02-2024 | H26: 10.3.4 - 013 - 2021 | K26: 43849 | N26: 14775-003-2021 | Q26: 4589 DE 2021 | T26: PN DIRAF # 06-3-10059-19
C27: Objeto Contrato | E27: REALIZAR LA REVISIÓN, AJUSTE DEL PLAN MAESTRO DE LA SEDE AMAZONÍA Y DISEÑO ARQUITECTÓNICO DE LA NUEVA INFRAESTRUCTURA FASE III, EN EL MARCO DEL PROYECTO DE PLANIFICACIÓN DE LA AMPLIACIÓN DE LA INFRAESTRUCTURA DE LA SEDE AMAZONIA, PARA DAR SOPORTE AL PROGRAMA INTEGRAL DE COBERTURA (PIC). | H27: REALIZAR LOS DISEÑOS URBANISTICOS, PAISAJISTICOS Y ARQUITECTÓNICOS DEL PROYECTO PARQUE PACÍFICO DEL DISTRITO ESPECIAL DE SANTIAGO DE CALI. Se traslado a experiencia habilitante por solicitud del proponente en el subsane d emarzo 6 | K27: Consultoría para la ejecución del diseño arquitectónico y estudios y diseños técnicos complementarios para la construcción de la nueva sede del comando de Departamento de Policía Caldas y área de apoyo para la Policía Metropolitana de Manizales a ubicarse en el municipio de Chinchiná | N27: REALIZAR LOS ESTUDIOS Y DISEÑOS DE URBANISMO PARA LAS UNDADES DE EJECUCION DEL MACROPROYECTO DE INTERES SOCIAL NACIONAL (MISN) SAN JOSE EN EL MUNICIPIO DE MANIZALES | Q27: ESTUDIOS Y DISEÑOS PARA LA CONSTRUCCION Y ADECUACIÓN DE SEIS ESCENARIOS DEPORTIVOS DEL MUNICIPIO DE PEREIRA EN EL MARCO DE LOS JUEGOS DEPORTIVOS NACIONALES EJE CAFETERO 2023” para el GRUPO 3: ESTUDIOS Y DISEÑOS PARA LA CONSTRUCCION DEL ESCENARIO VELODROMO”. | T27: El objeto Terminación de ajustes A los estudios y diseños técnicos ( diseño arquitectónico diseño estructural y de elementos no estructurales diseño de redes hidrosanitarias Diseño mobiliario diseño paisajístico diseñadores eléctricas y voz y datos Diseño de ventilación trámites de licencia y permisoS) Para el comando de Departamento de Policía del Valle DEL Cauca Buga | W27: Desarrollar los estudios y diseños arquitectónicos, estructurales, eléctricos, Hidrosanitarios, de vulnerabilidad sísmica de las tribunas oriental norte y sur, levantamientos generales y topografía general, además de los respectivos presupuestos programaciones y especificaciones técnicas para su construccion, así como la coordinación Objeto del contrato general del proyecto en la fase de consultoría para la modernización en general del estadio Hernán Ramírez Villegas de la ciudad de Pereira | BZ27: Contrato con mas de 10 años de ejecutado
C28: Entidad Contratante | E28: UNIVERSIDAD NACIONAL SEDE AMAZONAS | K28: FICUCIARIA SCOTIABANK COLPATRIA S.A. | N28: PATRIMONIO AUTONOMO MACROPROYECTO SAN JOSE DE MANIZALES PA MATRIZ (3-1-14775) | Q28: MUNICIPIO DE PEREIRA - SECRETARIA DE DEPORTE Y RECREACION | T28: POLICIA NACIONAL | W28: CORPORACION DEPORTIVO PEREIRA | BZ28: Contrato con mas de 10 años de ejecutado
C29: Contratista | E29: JORGE EDIUARDO ALVAREZ GALLEGO 50% | K29: MC ARQUITECTOS SA | N29: CONSORCIO ARQUITECTURA Y ESPACIO URBANO | Q29: CONSORCIO VELODROMO PEREIRA | T29: GRUPO M&M CONSULTORIA SAS | W29: JUAN CARLOS RODRIGUEZ IZQUIERDO
C30: Año de Terminación | E30: 2024 | K30: 2022 | N30: 2022 | Q30: 2022 | T30: 2020 | W30: 2009 | X30: NO CUMPLE CON REQUIEITO DEL PLIEGO DE CONTRATOS CON MENOS DE 10 AÑOS
C31: Valor Contrato (Pesos) | E31: 116620000 | K31: 1253757996 | N31: 1904000000 | Q31: 985303794 | T31: 499810000 | W31: 411300000
C32: Valor Contrato (SMMLV) | E32: =+E31/SMMLV!B48 -> 89.707692 | F32: SALARIOS DE 2024 | K32: =+K31/SMMLV!B46 -> 1253.758 | N32: =+N31/SMMLV!B46 -> 1904 | Q32: =+Q31/SMMLV!B46 -> 985.30379 | T32: =+T31/SMMLV!B44 -> 569.38744 | U32: CALCULADO CON SMMLV DE 2020 DIFIERE DEL VALOR DEL RUP DE 540,9 | W32: =+W31/SMMLV!B33 -> 827.73194
C33: % Participación Proponente | E33: 1 | K33: 1 | N33: 1 | Q33: 0.5 | T33: 1 | W33: 0.75
C34: Área total de diseño (m2) | F34: NO SE DETALLA EL AREA DE DISEÑO EN LA CERTIFICACION | K34: 23255.61 | L34: AREA CONSTRUIDA BAJO CUBIERTA QUE SE SOLICITA VALIDAR CON ALGUN DOCUMENTO ADICIONAL | N34: 31000 | O34: SE DEBE APORTAR INFORMACION QUE PERMITA PRECISAR SI EL AREA CERTIFICADA ES PARA DISEÑOS COMPLETOS FASE 3 O PARA DESARROLLO DE ESQUEMA BASICO SOLAMENTE COMO AFIRMA LA CERTIFICACION | Q34: 12849 | T34: 14509.04 | W34: 17400 | X34: AREA TOMADA DE LA CERTIFICACION
C35: Consultoría en estudios y diseños de edificaciones institucionales o comerciales | E35: NO | K35: SI | N35: NO | Q35: SI | T35: SI | W35: NO
C36: Consultoría incluye diseño arquitectónico y estructural. | E36: NO | K36: SI | N36: NO | Q36: SI | T36: SI | W36: NO
C37: Contrato Reportado en el RUP | E37: NO | F37: ANOTACION 171 PAGINA 27 | K37: SI | L37: ANOTACION 65 PAGINA 76 | N37: SI | O37: ANOTACION 36 Y 33 PAGINA 34 | Q37: SI | R37: ANOTACION 62 PAGINA 22 | T37: SI | U37: ANOTACION 8 PAGINA 39 | W37: NO | X37: ANOTACION 014 PAGINA 41
C38: Registro RUP con codigo UNSPSC (80101600, 81101500, 81101600, 81101700) | E38: NO | K38: SI | L38: UNSPSC (80101600, 81101500, 81101600, 81101700) | N38: SI | O38: (80101600, 81101500, 81101600, 81101700 | Q38: SI | R38: (80101600, 81101500) | T38: SI | U38: UNSPSC (80101600, 81101500, 81101600, 81101700) | W38: NO
C39: Certificación emitida por una persona autorizada de la entidad contratante | E39: NO | K39: SI | L39: FICUCIARIA SCOTIABANK COLPATRIA S.A.- APODERADA | N39: SI | O39: SUPERVISOR ERUM | Q39: SI | R39: SECRETARIO DEL DESPACHO - ALCALDIA DE PEREIRA | T39: SI | U39: POLICIA NACIONAL | W39: NO
C40: La Certificación cumple con los requisitos previstos en el pliego | E40: NO | K40: NO | L40: NO PERMITE LA VALIDACION DE LAS EXIGENCIAS DE AREA S Y ALCANCES | N40: NO | O40: NO CUMPLE | Q40: SI | R40: PENDIENTE DE ACLARACION | T40: SI | W40: NO
C41: La experiencia y soportes presentados se consideran validos | E41: NO | K41: NO | L41: NO PERMITE LA VALIDACION DE LAS EXIGENCIAS DE AREA S Y ALCANCES | N41: NO | O41: NO CUMPLE | Q41: SI | R41: PENDIENTE DE ACLARACION | T41: SI | W41: NO
B45: 1 | E45: 1 - CONSORCIO GALERIA\FORMATO - EXPERIENCIA GENERAL Y ADICIONAL.pdf | H45: 2 - CONSORCIO AR+AL2\02_EXP ESPECIFICA PUNTUABLE\02_EXP ESPECIFICA PUNTUABLE\EXP PUNTUABLE 1- Certificacion Colegio Hipotecho.pdf | K45: 3 - M C ARQUITECTOS\05 PONDERABLES\05 PONDERABLES\01 Experiencia especi╠üfica adicional del proponente\07 RUP 28 FONDO ADAPTACION.pdf | N45: 4 - CONSORCIO ARQUITECTURA Y ESPACIO URBANO\Experiencia\Experiencia\2-Experiencia adicional\1-Contrato 2-IDRD.pdf | Q45: 5 - MAURICIO OTERO LAVADO\PROPONENTE PUNTUABLE\Formato 3 - Experiencia PUNTUABLE.pdf | T45: 6 - GRUPO M&M\03_EXPERIENCIA\03_EXPERIENCIA\02_EXPERIENCIA PUNTUABLE\CONTRATO 1_AERONAUTICA CIVIL.pdf | W45: 7 - CONSORCIO MANIZALES PLAZA DE MERCADO\Puntos Adicionales\Puntos Adicionales\01 Experiencia Proponente Puntos\1. CERTIFICACION ESCUELAS.pdf
K47: LA CERTIFICACION APORTADA EN EL FORMATO 3 B CON NUMERO DE ANOTACION 28, NO ES CLARA NI PERMITE EXPRESAMENTE VERIFICAR LAS EXIGENCIAS DEL PLIEGO PARA EL OBJETO ESPECIFICO REQUERIDO | N47: APROTAR DOCUMENTACION QUE PERMITA DETALLAR AREA DE DISEÑO DE INFRAESTRUCTURA DE EDIFICACIONES EL LOS TRES COLISEOS DISEÑADOS | Q47: CUMPLE
B51: 2 | E51: 1 - CONSORCIO GALERIA\FORMATO - EXPERIENCIA GENERAL Y ADICIONAL.pdf | H51: 2 - CONSORCIO AR+AL2\02_EXP ESPECIFICA PUNTUABLE\02_EXP ESPECIFICA PUNTUABLE\EXP PUNTUABLE 2_PARQUE PACIFICO\00_CERTIFICADO PARQUE PACÍFICO 2025.pdf | K51: 03 RUP 65 COLPATRIA CHINCHINA.pdf | N51: 4 - CONSORCIO ARQUITECTURA Y ESPACIO URBANO\Experiencia\Experiencia\2-Experiencia adicional\2-Contrato ERUM-Macroproyecto SJ.pdf | Q51: 5 - MAURICIO OTERO LAVADO\PROPONENTE PUNTUABLE\RUP 26-CERTIFICACION-PARQUE DEPORTIVO.pdf | T51: 6 - GRUPO M&M\03_EXPERIENCIA\03_EXPERIENCIA\02_EXPERIENCIA PUNTUABLE\CONTRATO 2_POLICIA NACIONAL.pdf | W51: 7 - CONSORCIO MANIZALES PLAZA DE MERCADO\Puntos Adicionales\Puntos Adicionales\01 Experiencia Proponente Puntos\2. Certificado Estadio Hernán Ramírez Villegas.pdf
E53: LAS CERTIFICACIONES APORTADAS NO CORRESPONDEN A CONTRATOS QUE CUMPLEN CON LOS REQUERIMIENTOS DEL PLIEGO | H53: Se valida objeto con contenido de otrosi y se traslada a experiencia habilitante por solicitud del proponente | K53: LA CERTIFICACION APORTADA EN EL FORMATO 3 B CON NUMERTO DE ANOTACION 65, NO ES CLARA NI PERMITE EXPRESAMENTE VERIFICART LAS EXIGENCIAS DEL PLIEGO PARA EL AREA DISEÑADA | N53: Se solita al proponente aclarar la información consignada para la certificación con anotación 36 y 33, emitida por la ERUM, puesto que para el producto número 3 que es Diseños en Fase III del Edificio Centro Administrativo de la Unidad de ejecución F, relaciona más adelante en la misma certificación que el producto esperado es un esquema básico. Se solicita aclarar el alcance. | Q53: 5 - MAURICIO OTERO LAVADO\PROPONENTE PUNTUABLE\RUP 62-CERTIFICACION-VELODROMO.pdf
Q54: MAXIMO 2 CONTRATOS Y APORTA 3
Q56: SE SELECCIONAN EL 26 Y EL 62
C89: Adenda 1

Sheet CRITERIOS DE EVALUACIÓN (S)
H2: HABILITADO ? | I2: =+'CRITERIOS HABILITANTES (S)'!E83 -> NO | K2: HABILITADO ? | L2: =+'CRITERIOS HABILITANTES (S)'!H83 -> NO | N2: HABILITADO ? | O2: =+'CRITERIOS HABILITANTES (S)'!K83 -> SI | Q2: HABILITADO ? | R2: =+'CRITERIOS HABILITANTES (S)'!N83 -> NO | T2: HABILITADO ? | U2: =+'CRITERIOS HABILITANTES (S)'!Q83 -> SI | W2: HABILITADO ? | X2: =+'CRITERIOS HABILITANTES (S)'!T83 -> SI | Z2: HABILITADO ? | AA2: =+'CRITERIOS HABILITANTES (S)'!W83 -> NO
B4: #VALUE! | C4: PROCESO DE CONTRATACIÓN No. INFI-SCM-01-2026
C5: REALIZACIÓN DE LA CONSULTORÍA DE ESTUDIOS Y DISEÑOS TÉCNICOS, A NIVEL DE FASE 3 PARA EL NUEVO EDIFICIO MULTIPLE DE LA PLAZA DE MERCADO DE MANIZALES, A CONSTRUIRSE EN UN LOTE UBICADO ENTRE CALLES 23 Y 24 Y ENTRE CARRERAS 14 Y 15 DE PROPIEDAD DE INFIMANIZALES
C6: REVISIÓN DE LOS CRITERIOS DE EVALUACIÓN DE LAS OFERTAS
B8: CRITERIO EVALUACIÓN | C8: SUBCRITERIO | D8: DESCRIPCIÓN | F8: EVALUACIÓN DE INFORMACIÓN APORTADA | H8: PROPONENTE 1 : CONSORCIO GALERIA Jorge Eduardo Álvarez Gallego 50% y JC Echeverri SAS 50% | K8: PROPONENTE 2: CONSORCIO AR+AL2 Martínez Arquitectura SAS (50%) y Alcuadrado Arquitectos SAS (50%) | N8: PROPONENTE 3: MC ARQUITECTOS | Q8: PROPONENTE 4: CONSORCIO ARQUITECTURA Y ESPACIO PÚBLICO Carlos Puerta Agudelo 50% y Verónica Ortiz Murcia 50% | T8: PROPONENTE 5: MAURICIO OTERO LAVADO | W8: PROPONENTE 6: GRUPO M&M | Z8: PROPONENTE 7: CONSORCIO MANIZALES PLAZA DE MERCADO David Vallejo Osorio 33 % Juan Pablo Franco Toro 34 % Juan Carlos Rodríguez Izquierdo 33 %
H9: VALORACIÓN | I9: OBSERVACIÓN | K9: VALORACIÓN | L9: OBSERVACIÓN | N9: VALORACIÓN | O9: OBSERVACIÓN | Q9: VALORACIÓN | R9: OBSERVACIÓN | T9: VALORACIÓN | U9: OBSERVACIÓN | W9: VALORACIÓN | X9: OBSERVACIÓN | Z9: VALORACIÓN | AA9: OBSERVACIÓN
B11: 2.4.1 Experiencia específica adicional a la mínima habilitante del proponente (Máximo 48,5) | C11: Puntaje x Acreditación de valores de contratos adicionales | D11: Se asignarán hasta 22,5 puntos a quienes acrediten hasta dos (2) contratos de consultoría en diseños de edificaciones institucionales o comerciales o lugares de reunión, cuyo valor total sea igual o superior a dos (2) veces el presupuesto oficial; si es menor, el puntaje se calculará con una fórmula proporcional. | F11: Valor Contrato Adicional 1 (SMMLV) | I11: Ninguno de los contratos aportados son validos para las exigencias del pliego | K11: =+'EXPERIENCIA ADICIONAL (S)'!H15*'EXPERIENCIA ADICIONAL (S)'!H16*50% -> 674.73113 | N11: =+'EXPERIENCIA ADICIONAL (S)'!K15 -> 1122.3599 | O11: Se requiere informacion complementaria para validar asignacion de puntaje | Q11: =+'EXPERIENCIA ADICIONAL (S)'!N15*'EXPERIENCIA ADICIONAL (S)'!N16*50% -> 848.47821 | R11: Se requiere informacion complementaria para validar asignacion de puntaje | T11: =+'EXPERIENCIA ADICIONAL (S)'!Q15*'EXPERIENCIA ADICIONAL (S)'!Q16 -> 752.73448 | W11: =+'EXPERIENCIA ADICIONAL (S)'!T15 -> 1100.684 | Z11: =+'EXPERIENCIA ADICIONAL (S)'!W15*'EXPERIENCIA ADICIONAL (S)'!W16*33% -> 130.8159
F12: Valor Contrato Adicional 2 (SMMLV) | N12: =+'EXPERIENCIA ADICIONAL (S)'!K32 -> 1253.758 | Q12: =+'EXPERIENCIA ADICIONAL (S)'!N32*'EXPERIENCIA ADICIONAL (S)'!N33*50% -> 952 | T12: =+'EXPERIENCIA ADICIONAL (S)'!Q32*'EXPERIENCIA ADICIONAL (S)'!Q33 -> 492.6519 | W12: =+'EXPERIENCIA ADICIONAL (S)'!T32 -> 569.38744 | Z12: =+'EXPERIENCIA ADICIONAL (S)'!W32*'EXPERIENCIA ADICIONAL (S)'!W33*0.33 -> 204.86365
F13: Suma Contratos Adicionales | H13: =SUM(H11:H12) -> 0 | K13: =SUM(K11:K12) -> 674.73113 | L13: Los contratos adicionales son menores a dos veces el presupuesto oficial, por lo que la asignación de puntaje se realiza de forma proporcional según la fórmula establecida en los pliegos. | N13: =SUM(N11:N12) -> 2376.1179 | Q13: =SUM(Q11:Q12) -> 1800.4782 | T13: =SUM(T11:T12) -> 1245.3864 | W13: =SUM(W11:W12) -> 1670.0714 | Z13: =SUM(Z11:Z12) -> 335.67956
F14: Suma Contratos Adicionales > 2 Veces* P Oficial = 1,145,0 | H14: =+IF(H13>=2*572.5,"SI","NO") -> NO | K14: =+IF(K13>=2*572.5,"SI","NO") -> NO | N14: =+IF(N13>=2*572.5,"SI","NO") -> SI | Q14: =+IF(Q13>=2*572.5,"SI","NO") -> SI | T14: =+IF(T13>=2*572.5,"SI","NO") -> SI | W14: =+IF(W13>=2*572.5,"SI","NO") -> SI | Z14: =+IF(Z13>=2*572.5,"SI","NO") -> NO
F15: (A) Puntos Asignados x Contratos Adicionales | H15: =ROUND(IF(H14="SI",22.5,(22.5*H13)/(2*572.5)),2) -> 0 | K15: =ROUND(IF(K14="SI",22.5,(22.5*K13)/(2*572.5)),2) -> 13.26 | N15: =ROUND(IF(N14="SI",22.5,(22.5*N13)/(2*572.5)),2) -> 22.5 | Q15: =ROUND(IF(Q14="SI",22.5,(22.5*Q13)/(2*572.5)),2) -> 22.5 | T15: =ROUND(IF(T14="SI",22.5,(22.5*T13)/(2*572.5)),2) -> 22.5 | W15: =ROUND(IF(W14="SI",22.5,(22.5*W13)/(2*572.5)),2) -> 22.5 | Z15: =ROUND(IF(Z14="SI",22.5,(22.5*Z13)/(2*572.5)),2) -> 6.6 | AC15: =SUM(H15:Z15) -> 109.86
C16: Puntaje x Acreditación de actividades específicas | D16: Se otorgarán hasta 20 puntos, distribuidos según las actividades acreditadas por el proponente en los contratos presentados como experiencia específica adicional. En cualquiera de los dos contratos aportados para evaluacion de experiencia especifica adicional. | F16: Diseño estructural (5) | H16: NO | I16: Los contartos aportados no son aceptables para las exigencias del pliego | K16: SI | L16: Los dos contratos adicionales aportados incluyen diseños arquitectónicos, estructurales y de redes humedas y secas por lo que se otrogan todos los puntos | N16: SI | O16: Los dos contratos adicionales aportados incluyen diseños arquitectónicos, estructurales y de redes humedas y secas por lo que se otrogan todos los puntos | Q16: SI | R16: Los dos contratos adicionales aportados incluyen diseños arquitectónicos, estructurales y de redes humedas y secas por lo que se otrogan todos los puntos | T16: SI | U16: Los dos contratos adicionales aportados incluyen diseños arquitectónicos, estructurales y de redes humedas y secas por lo que se otrogan todos los puntos | W16: SI | X16: Los dos contratos adicionales aportados incluyen diseños arquitectónicos, estructurales y de redes humedas y secas por lo que se otrogan todos los puntos | Z16: SI | AA16: Los dos contratos adicionales aportados incluyen diseños arquitectónicos, estructurales y de redes humedas y secas por lo que se otrogan todos los puntos
F17: Diseño arquitectónico (5) | H17: NO | K17: SI | N17: SI | Q17: SI | T17: SI | W17: SI | Z17: SI
F18: Diseño de redes hidrosanitarias (5) | H18: NO | K18: SI | N18: SI | Q18: SI | T18: SI | W18: SI | Z18: SI
F19: Diseño de redes eléctricas y complementarias (5) | H19: NO | K19: SI | N19: SI | Q19: SI | T19: SI | W19: SI | Z19: SI
F20: (B) Puntos Asignados x Actividades Específicas | H20: =COUNTIF(H16:H19,"SI")*5 -> 0 | K20: =COUNTIF(K16:K19,"SI")*5 -> 20 | N20: =COUNTIF(N16:N19,"SI")*5 -> 20 | Q20: =COUNTIF(Q16:Q19,"SI")*5 -> 20 | T20: =COUNTIF(T16:T19,"SI")*5 -> 20 | W20: =COUNTIF(W16:W19,"SI")*5 -> 20 | Z20: =COUNTIF(Z16:Z19,"SI")*5 -> 20 | AC20: =SUM(H20:Z20) -> 120
C21: Puntaje x Acreditación de areas diseñadas en contratos adicionales | D21: Se otorgarán hasta 5 puntos si el área total de los dos contratos aportados es igual o superior a 12.000 m²; si es menor, el puntaje se calculará proporcionalmente. | F21: Áreas Diseñadas Contrato Adicional 1 | I21: Ninguno de los contratos aportados son validos para las exigencias del pliego | K21: =+'EXPERIENCIA ADICIONAL (S)'!H15*'EXPERIENCIA ADICIONAL (S)'!H16*50% -> 674.73113 | N21: =+'EXPERIENCIA ADICIONAL (S)'!K17 -> 6775.44 | O21: Se requiere informacion complementaria para validar asignacion de puntaje | Q21: =+'EXPERIENCIA ADICIONAL (S)'!N17*'EXPERIENCIA ADICIONAL (S)'!N16*50% -> 0 | R21: Se requiere informacion complementaria para validar asignacion de puntaje | T21: =+'EXPERIENCIA ADICIONAL (S)'!Q17*'EXPERIENCIA ADICIONAL (S)'!Q16 -> 7825.775 | W21: =+'EXPERIENCIA ADICIONAL (S)'!T17 -> 3378 | Z21: =+'EXPERIENCIA ADICIONAL (S)'!W17*'EXPERIENCIA ADICIONAL (S)'!W16*33% -> 2548.0059
F22: Áreas Diseñadas Contrato Adicional 2 | N22: =+'EXPERIENCIA ADICIONAL (S)'!K34 -> 23255.61 | Q22: =+'EXPERIENCIA ADICIONAL (S)'!N34*'EXPERIENCIA ADICIONAL (S)'!N33*50% -> 15500 | T22: =+'EXPERIENCIA ADICIONAL (S)'!Q34*'EXPERIENCIA ADICIONAL (S)'!Q33 -> 6424.5 | W22: =+'EXPERIENCIA ADICIONAL (S)'!T34 -> 14509.04 | Z22: =+'EXPERIENCIA ADICIONAL (S)'!W34*'EXPERIENCIA ADICIONAL (S)'!W33*33% -> 4306.5
F23: Suma Áreas Diseñadas Contratos Adicionales | H23: =SUM(H21:H22) -> 0 | K23: =SUM(K21:K22) -> 674.73113 | N23: =SUM(N21:N22) -> 30031.05 | Q23: =SUM(Q21:Q22) -> 15500 | T23: =SUM(T21:T22) -> 14250.275 | W23: =SUM(W21:W22) -> 17887.04 | Z23: =SUM(Z21:Z22) -> 6854.5059
F24: Suma Áreas Diseñadas Contratos Adicionales > 12.000 M2 | H24: =+IF(H23>=12000,"SI","NO") -> NO | K24: =+IF(K23>=12000,"SI","NO") -> NO | N24: =+IF(N23>=12000,"SI","NO") -> SI | Q24: =+IF(Q23>=12000,"SI","NO") -> SI | T24: =+IF(T23>=12000,"SI","NO") -> SI | W24: =+IF(W23>=12000,"SI","NO") -> SI | Z24: =+IF(Z23>=12000,"SI","NO") -> NO
F25: (C) Puntos Asignados x Áreas Diseño Adicionales | H25: =ROUND(IF(H24="SI",5,(5*H23)/(12000)),2) -> 0 | K25: =ROUND(IF(K24="SI",5,(5*K23)/(12000)),2) -> 0.28 | N25: =ROUND(IF(N24="SI",5,(5*N23)/(12000)),2) -> 5 | Q25: =ROUND(IF(Q24="SI",5,(5*Q23)/(12000)),2) -> 5 | T25: =ROUND(IF(T24="SI",5,(5*T23)/(12000)),2) -> 5 | W25: =ROUND(IF(W24="SI",5,(5*W23)/(12000)),2) -> 5 | Z25: =ROUND(IF(Z24="SI",5,(5*Z23)/(12000)),2) -> 2.86 | AC25: =SUM(H25:Z25) -> 23.14
C26: (D) Puntaje Experiencia Específica Adicional (D = A + B + C) | H26: =+H15+H20+H25 -> 0 | K26: =+K15+K20+K25 -> 33.54 | N26: =+N15+N20+N25 -> 47.5 | Q26: =+Q15+Q20+Q25 -> 47.5 | T26: =+T15+T20+T25 -> 47.5 | W26: =+W15+W20+W25 -> 47.5 | Z26: =+Z15+Z20+Z25 -> 29.46 | AC26: =SUM(H26:Z26) -> 253
B27: 2.4.2 Formación Académica adicional del equipo de trabajo (Máximo 20 puntos) | C27: Director de Proyecto | D27: Se otorgarán hasta 20 puntos por formación académica adicional del equipo mínimo, asignando 4 puntos por cada profesional con posgrado adicional o con título de maestría o doctorado, sin acumulación de puntajes por persona. | E27: Posgrado en Diseño o Gerencia de Proyectos o afines | F27: Posgrado Adicional Afin o Maestria o Doctorado | H27: NO | K27: SI | N27: SI | Q27: SI | T27: SI | W27: SI | Z27: SI
C28: Coordinador de Diseños | E28: Posgrado en Diseño o Gerencia de Proyectos o afines | F28: Posgrado Adicional Afin o Maestria o Doctorado | H28: NO | K28: SI | N28: NO | Q28: NO | W28: SI
C29: Arquitecto | E29: Posgrado en Diseño arquitectonico o afines | F29: Posgrado Adicional Afin o Maestria o Doctorado | H29: NO | K29: SI | N29: SI | Q29: NO | T29: SI | W29: SI
C30: Diseñador urbano y paisajista | E30: Posgrado en urbanismo y/o paisajismo | F30: Posgrado Adicional Afin o Maestria o Doctorado | H30: SI | K30: SI | N30: SI | Q30: NO | W30: SI
C31: Modelador BIM | E31: Acreditacion en desarrollo Humano en herramientas de dibujo arquitectonico y modelacion BIM con al menos 320 horas | F31: Posgrado Adicional Afin o Maestria o Doctorado | N31: NO | Q31: NO | W31: NO
C32: Ingeniero estructural | E32: Posgrado en Estructuras | F32: Posgrado Adicional Afin o Maestria o Doctorado | H32: SI | K32: NO | N32: SI | Q32: SI | T32: SI | W32: SI
C33: Ingeniero Hidráulico y RCI | E33: Posgrado en hidráulica o afines | F33: Posgrado Adicional Afin o Maestria o Doctorado | H33: NO | K33: NO | N33: SI | Q33: SI | W33: SI
C34: Ingeniero Electricista y de Redes especiales | E34: Posgrado en áreas relacionadas o afines al componente eléctrico o de redes especiales complementarias | F34: Posgrado Adicional Afin o Maestria o Doctorado | H34: SI | K34: NO | N34: NO | Q34: SI | T34: SI | W34: SI | Z34: SI
C35: Ingeniero mecánico HVAC | E35: No requiere Posgrado | F35: Posgrado Adicional Afin o Maestria o Doctorado | N35: NO | W35: NO
C36: Ingeniero redes de gas | E36: No requiere Posgrado | F36: Posgrado Adicional Afin o Maestria o Doctorado | N36: NO | W36: NO
C37: Ingeniero Ambiental (PGIO - PMT) | E37: No requiere Posgrado | F37: Posgrado Adicional Afin o Maestria o Doctorado | N37: NO | W37: NO
C38: Ing civil o arquitecto (Programación y Presupuesto) | E38: No requiere Posgrado | F38: Posgrado Adicional Afin o Maestria o Doctorado | N38: NO | W38: NO
C39: (E) Puntaje Formación Academica Adicional Equipo de Trabajo | H39: =IF(COUNTIF(H27:H38,"SI")=1,1,IF(COUNTIF(H27:H38,"SI")=2,2,IF(COUNTIF(H27:H38,"SI")=3,3,IF(COUNTIF(H27:H38,"SI")=4,4,IF(COUNTIF(H27:H38,"si")>=5,5,0)))))*4 -> 12 | K39: =IF(COUNTIF(K27:K38,"SI")=1,1,IF(COUNTIF(K27:K38,"SI")=2,2,IF(COUNTIF(K27:K38,"SI")=3,3,IF(COUNTIF(K27:K38,"SI")=4,4,IF(COUNTIF(K27:K38,"si")>=5,5,0)))))*4 -> 16 | N39: =IF(COUNTIF(N27:N38,"SI")=1,1,IF(COUNTIF(N27:N38,"SI")=2,2,IF(COUNTIF(N27:N38,"SI")=3,3,IF(COUNTIF(N27:N38,"SI")=4,4,IF(COUNTIF(N27:N38,"si")>=5,5,0)))))*4 -> 20 | Q39: =IF(COUNTIF(Q27:Q38,"SI")=1,1,IF(COUNTIF(Q27:Q38,"SI")=2,2,IF(COUNTIF(Q27:Q38,"SI")=3,3,IF(COUNTIF(Q27:Q38,"SI")=4,4,IF(COUNTIF(Q27:Q38,"si")>=5,5,0)))))*4 -> 16 | T39: =IF(COUNTIF(T27:T38,"SI")=1,1,IF(COUNTIF(T27:T38,"SI")=2,2,IF(COUNTIF(T27:T38,"SI")=3,3,IF(COUNTIF(T27:T38,"SI")=4,4,IF(COUNTIF(T27:T38,"si")>=5,5,0)))))*4 -> 16 | W39: =IF(COUNTIF(W27:W38,"SI")=1,1,IF(COUNTIF(W27:W38,"SI")=2,2,IF(COUNTIF(W27:W38,"SI")=3,3,IF(COUNTIF(W27:W38,"SI")=4,4,IF(COUNTIF(W27:W38,"si")>=5,5,0)))))*4 -> 20 | Z39: =IF(COUNTIF(Z27:Z38,"SI")=1,1,IF(COUNTIF(Z27:Z38,"SI")=2,2,IF(COUNTIF(Z27:Z38,"SI")=3,3,IF(COUNTIF(Z27:Z38,"SI")=4,4,IF(COUNTIF(Z27:Z38,"si")>=5,5,0)))))*4 -> 8 | AC39: =SUM(H39:Z39) -> 108
B40: 2.4.3 Experiencia especifica adicional del equipo de trabajo (Máximo 20 puntos) | C40: Director de Proyecto | D40: Se otorgarán hasta 20 puntos por experiencia adicional del equipo mínimo, asignando 4 puntos por cada profesional que acredite proyectos adicionales distintos a los exigidos como requisito habilitante. | F40: Experiencia Adicional a la Minima Exigida | H40: NO | K40: SI | N40: SI | Q40: SI | T40: NO | W40: SI | Z40: SI
C41: Coordinador de Diseños | F41: Experiencia Adicional a la Minima Exigida | H41: NO | K41: SI | N41: NO | Q41: SI | T41: SI | W41: SI | Z41: SI
C42: Arquitecto | F42: Experiencia Adicional a la Minima Exigida | H42: NO | K42: SI | N42: SI | Q42: SI | T42: SI | W42: SI
C43: Diseñador urbano y paisajista | F43: Experiencia Adicional a la Minima Exigida | H43: SI | K43: SI | N43: SI | Q43: SI | T43: SI | W43: SI | Z43: SI
C44: Modelador BIM | F44: Experiencia Adicional a la Minima Exigida | N44: NO | W44: NO
C45: Ingeniero estructural | F45: Experiencia Adicional a la Minima Exigida | H45: SI | K45: SI | N45: SI | Q45: SI | T45: SI | W45: SI | Z45: SI
C46: Ingeniero Hidráulico y RCI | F46: Experiencia Adicional a la Minima Exigida | H46: SI | K46: NO | N46: SI | T46: SI | W46: SI | Z46: SI
C47: Ingeniero Electricista y de Redes especiales | F47: Experiencia Adicional a la Minima Exigida | H47: SI | K47: NO | N47: NO | W47: NO | Z47: SI
C48: Ingeniero mecánico HVAC | F48: Experiencia Adicional a la Minima Exigida | W48: NO
C49: Ingeniero redes de gas | F49: Experiencia Adicional a la Minima Exigida | W49: NO
C50: Ingeniero Ambiental (PGIO - PMT) | F50: Experiencia Adicional a la Minima Exigida | W50: NO
C51: Ing civil o arquitecto (Programación y Presupuesto) | F51: Experiencia Adicional a la Minima Exigida
C52: (F) Puntaje Experiencia Específica Adicional Equipo de Trabajo | H52: =IF(COUNTIF(H40:H51,"SI")=1,1,IF(COUNTIF(H40:H51,"SI")=2,2,IF(COUNTIF(H40:H51,"SI")=3,3,IF(COUNTIF(H40:H51,"SI")=4,4,IF(COUNTIF(H40:H51,"si")>=5,5,0)))))*4 -> 16 | K52: =IF(COUNTIF(K40:K51,"SI")=1,1,IF(COUNTIF(K40:K51,"SI")=2,2,IF(COUNTIF(K40:K51,"SI")=3,3,IF(COUNTIF(K40:K51,"SI")=4,4,IF(COUNTIF(K40:K51,"si")>=5,5,0)))))*4 -> 20 | N52: =IF(COUNTIF(N40:N51,"SI")=1,1,IF(COUNTIF(N40:N51,"SI")=2,2,IF(COUNTIF(N40:N51,"SI")=3,3,IF(COUNTIF(N40:N51,"SI")=4,4,IF(COUNTIF(N40:N51,"si")>=5,5,0)))))*4 -> 20 | Q52: =IF(COUNTIF(Q40:Q51,"SI")=1,1,IF(COUNTIF(Q40:Q51,"SI")=2,2,IF(COUNTIF(Q40:Q51,"SI")=3,3,IF(COUNTIF(Q40:Q51,"SI")=4,4,IF(COUNTIF(Q40:Q51,"si")>=5,5,0)))))*4 -> 20 | T52: =IF(COUNTIF(T40:T51,"SI")=1,1,IF(COUNTIF(T40:T51,"SI")=2,2,IF(COUNTIF(T40:T51,"SI")=3,3,IF(COUNTIF(T40:T51,"SI")=4,4,IF(COUNTIF(T40:T51,"si")>=5,5,0)))))*4 -> 20 | W52: =IF(COUNTIF(W40:W51,"SI")=1,1,IF(COUNTIF(W40:W51,"SI")=2,2,IF(COUNTIF(W40:W51,"SI")=3,3,IF(COUNTIF(W40:W51,"SI")=4,4,IF(COUNTIF(W40:W51,"si")>=5,5,0)))))*4 -> 20 | Z52: =IF(COUNTIF(Z40:Z51,"SI")=1,1,IF(COUNTIF(Z40:Z51,"SI")=2,2,IF(COUNTIF(Z40:Z51,"SI")=3,3,IF(COUNTIF(Z40:Z51,"SI")=4,4,IF(COUNTIF(Z40:Z51,"si")>=5,5,0)))))*4 -> 20 | AC52: =SUM(H52:Z52) -> 136
C53: Total Puntaje Obtenido (D + E + F) | H53: =+H26+H39+H52 -> 28 | K53: =+K26+K39+K52 -> 69.54 | N53: 10 | Q53: =+Q26+Q39+Q52 -> 83.5 | T53: 10 | W53: 10 | Z53: =+Z26+Z39+Z52 -> 57.46 | AC53: =SUM(H53:Z53) -> 268.5
B54: 2.4.4 Apoyo a la industria nacional ((Máximo 10 puntos) | C54: Apoyo a la Industria Nacional | D54: Se asignará puntaje a los proponentes según el origen de su oferta, en cumplimiento de la Ley 816 de 2003 y el Decreto 1082 de 2015, como apoyo a la industria nacional. | E54: Servicios nacionales o provenientes de países con acuerdos de trato nacional para compra estatales con Colombia (10 Puntos)
E55: Servicios extranjeros sin aplicación de principio de reciprocidad con incorporación de servicios o componentes nacionales (5 Puntos)
E56: Servicios extranjeros sin aplicación de principio de reciprocidad y sin componentes nacionales (0 Puntos) | N56: SI | T56: SI | W56: SI
C57: (G) Puntaje Apoyo a la Industria Nacional | H57: =+IF(H54="SI",10,IF(H55="SI",5,IF(H56="SI",0,0))) -> 0 | K57: =+IF(K54="SI",10,IF(K55="SI",5,IF(K56="SI",0,0))) -> 0 | N57: 10 | Q57: =+IF(Q54="SI",10,IF(Q55="SI",5,IF(Q56="SI",0,0))) -> 0 | T57: 10 | W57: 10 | Z57: =+IF(Z54="SI",10,IF(Z55="SI",5,IF(Z56="SI",0,0))) -> 0
B58: 2.4.5 promocion de servicios nacionales o contrato nacional | C58: promocion de servicios nacionales o contrato nacional
C59: (H) Puntaje por promocion de servicios nacionales o contrato nacional
B60: 2.4.6. acreditacion del puntaje por servicios nacionales o contrato nacional | C60: creditacion del puntaje por servicios nacionales o contrato nacional
C61: (H) Puntaje por servicios nacionales o contrato nacional
B62: 2.4.7 incorporacion del componente nacional en servicios extranjeros | C62: incorporacion del componente nacional en servicios extranjeros
C63: (H) Puntaje por incorporacion del componente nacional en servicios extranjeros
B64: 2.4.8 Incentivo a la vinculación de personal con discapacidad (Máximo 1 punto) | C64: Vinculación de personal con discapacidad | D64: La entidad otorgará 1 punto (equivalente al 1% del total) a los proponentes que acrediten la vinculación de trabajadores con discapacidad en su planta de personal, conforme a la Ley 1618 de 2013 y el Decreto 1082 de 2015. Para ello, deberán certificar el número total de empleados y acreditar, mediante certificado vigente del Ministerio de Trabajo, el cumplimiento del número mínimo exigido según el tamaño de su planta de personal. | F64: Porcentaje de participación del integrante que acredita la vinculación de personal con discapacidad (Minimo 40%)
F65: Número total de trabajadores de la planta de personal del proponente
F66: Número de trabajadores en condición de discapacidad vinculados
F67: Número mínimo de trabajadores con discapacidad exigido | H67: =+IF(AND(H65>1,H65<30),1,IF(AND(H65>31,H65<100),2,IF(AND(H65>101,H65<150),3,IF(AND(H65>151,H65<200),4,IF(H65>200,5," "))))) | K67: =+IF(AND(K65>1,K65<30),1,IF(AND(K65>31,K65<100),2,IF(AND(K65>101,K65<150),3,IF(AND(K65>151,K65<200),4,IF(K65>200,5," "))))) | N67: =+IF(AND(N65>1,N65<30),1,IF(AND(N65>31,N65<100),2,IF(AND(N65>101,N65<150),3,IF(AND(N65>151,N65<200),4,IF(N65>200,5," "))))) | Q67: =+IF(AND(Q65>1,Q65<30),1,IF(AND(Q65>31,Q65<100),2,IF(AND(Q65>101,Q65<150),3,IF(AND(Q65>151,Q65<200),4,IF(Q65>200,5," "))))) | T67: =+IF(AND(T65>1,T65<30),1,IF(AND(T65>31,T65<100),2,IF(AND(T65>101,T65<150),3,IF(AND(T65>151,T65<200),4,IF(T65>200,5," "))))) | W67: =+IF(AND(W65>1,W65<30),1,IF(AND(W65>31,W65<100),2,IF(AND(W65>101,W65<150),3,IF(AND(W65>151,W65<200),4,IF(W65>200,5," "))))) | Z67: =+IF(AND(Z65>1,Z65<30),1,IF(AND(Z65>31,Z65<100),2,IF(AND(Z65>101,Z65<150),3,IF(AND(Z65>151,Z65<200),4,IF(Z65>200,5," ")))))
F68: Cumple con requisito para el otrogamiento de puntos | H68: =+IF(H66>0,IF(AND(H67<=H66,H64>=40%),"SI","NO"),"NO") -> NO | K68: =+IF(K66>0,IF(AND(K67<=K66,K64>=40%),"SI","NO"),"NO") -> NO | N68: SI | Q68: =+IF(Q66>0,IF(AND(Q67<=Q66,Q64>=40%),"SI","NO"),"NO") -> NO | T68: NO | W68: SI | Z68: =+IF(Z66>0,IF(AND(Z67<=Z66,Z64>=40%),"SI","NO"),"NO") -> NO
C69: (H) Puntaje por incentivo a la vinculación personal con discapacidad | H69: =+IF(H68="SI",1,0) -> 0 | N69: 1 | W69: 1 | Z69: =+IF(Z68="SI",1,0) -> 0
B70: 2.4.9 factor de sostenibilidad | C70: 9 factor de sostenibilidad
C71: (H) Puntaje por factor de sostenibilidad | N71: 1 | T71: 1 | W71: 1
B72: 2.4.10 Criterios diferenciales para emprendimientos y empresas de mujeres (Máximo 0,25 puntos) | C72: Emprendimiento Mujeres | D72: Se otorgarán 0,25 puntos a proponentes que acrediten ser emprendimiento o empresa de mujeres con domicilio en Colombia, según el Decreto 1082 de 2015. En propuestas plurales, al menos un integrante debe cumplir esta condición con una participación mínima del 10%. | F72: Formato de acreditación entregado en oferta y sin requerimientos de subsanación | H72: NO | K72: NO | N72: SI | Q72: NO | T72: SI | W72: SI | Z72: NO
F73: Porcentaje de participación del intergante que acredita el emprendimiento de empresa mujer (Minimo 10%)
F74: Cumple con requisito para el otrogamiento de puntos | H74: =+IF(AND(H72="SI",H73>=10%),"SI","NO") -> NO | K74: =+IF(AND(K72="SI",K73>=10%),"SI","NO") -> NO | N74: SI | Q74: SI | T74: SI | W74: SI | Z74: =+IF(AND(Z72="SI",Z73>=10%),"SI","NO") -> NO
C75: (I) Puntaje por emprendimiento empresa de mujeres | H75: =+IF(H74="SI",0.25,0) -> 0 | K75: =+IF(K74="SI",0.25,0) -> 0 | N75: =+IF(N74="SI",0.25,0) -> 0.25 | Q75: =+IF(Q74="SI",0.25,0) -> 0.25 | T75: =+IF(T74="SI",0.25,0) -> 0.25 | W75: =+IF(W74="SI",0.25,0) -> 0.25 | Z75: =+IF(Z74="SI",0.25,0) -> 0
B76: 2.4.11 Criterios diferenciales para mipyme (Máximo 0,25 puntos) | C76: Mipyme | D76: Se otorgarán 0,25 puntos a los proponentes que acrediten ser Mipyme domiciliadas en Colombia, según el Decreto 1082 de 2015, presentando el certificado vigente del RUP. En propuestas plurales, al menos un integrante debe cumplir esta condición con una participación mínima del 10%. | F76: RUP de empresa Mipyme entregado en oferta y sin requerimientos de subsanación | H76: NO | K76: NO | N76: SI | Q76: NO | T76: NO | W76: SI | Z76: NO
F77: Porcentaje de participación del intergante que acredita la condición de Mipyme (Minimo 10%)
F78: Cumple con requisito para el otrogamiento de puntos | H78: =+IF(AND(H76="SI",H77>=10%),"SI","NO") -> NO | K78: =+IF(AND(K76="SI",K77>=10%),"SI","NO") -> NO | N78: SI | Q78: =+IF(AND(Q76="SI",Q77>=10%),"SI","NO") -> NO | T78: =+IF(AND(T76="SI",T77>=10%),"SI","NO") -> NO | W78: SI | Z78: =+IF(AND(Z76="SI",Z77>=10%),"SI","NO") -> NO
C79: (J) Puntaje por Mipyme | H79: =+IF(H78="SI",0.25,0) -> 0 | K79: =+IF(K78="SI",0.25,0) -> 0 | N79: =+IF(N78="SI",0.25,0) -> 0.25 | Q79: =+IF(Q78="SI",0.25,0) -> 0 | T79: =+IF(T78="SI",0.25,0) -> 0 | W79: =+IF(W78="SI",0.25,0) -> 0.25 | Z79: =+IF(Z78="SI",0.25,0) -> 0
B80: 2.4.12 reduccion de puntaje por incumplimiento de contrato | C80: Reduccion de puntaje por incumplimiento de contrato
C83: (J) Reduccion de puntaje por incumplimiento de contrato
C85: Total Puntaje Obtenido (D + E + F ) | H85: =+H26+H39+H52 -> 28 | K85: =+K26+K39+K52 -> 69.54 | N85: =+N26+N39+N52 -> 87.5 | Q85: =+Q26+Q39+Q52 -> 83.5 | T85: =+T26+T39+T52 -> 83.5 | W85: =+W26+W39+W52 -> 87.5 | Z85: =+Z26+Z39+Z52 -> 57.46 | AC85: =SUM(H85:AA85) -> 497
C87: Total Puntaje Obtenido (G + H + I + J) | H87: =+H57+H69+H75+H79 -> 0 | K87: =+K57+K69+K75+K79 -> 0 | N87: =+N57+N69+N75+N79 -> 11.5 | Q87: =+Q57+Q69+Q75+Q79 -> 0.25 | T87: =+T57+T69+T75+T79 -> 10.25 | W87: =+W57+W69+W75+W79 -> 11.5 | Z87: =+Z57+Z69+Z75+Z79 -> 0 | AC87: =SUM(H87:AA87) -> 33.5
C89: Total Puntaje Obtenido (D + E + F + G + H + I + J) | H89: =+H85+H87 -> 28 | K89: =+K85+K87 -> 69.54 | N89: =+N85+N87 -> 99 | Q89: =+Q85+Q87 -> 83.75 | T89: =+T85+T87 -> 93.75 | W89: =+W85+W87 -> 99 | Z89: =+Z85+Z87 -> 57.46 | AC89: =SUM(H89:AA89) -> 530.5

Sheet Resumen Propuestas
C4: PROCESO INFI-SCM-001-2026
C6: PROPONENTE | D6: INTEGRANTES | E6: VALOR OFERTA ECONOMICA | F6: VALOR OFERTA ECONOMICA SUBSANADA | G6: OBSERVACION | H6: HABILITACION TECNICA | J6: PROPUESTA ECONOMICA | K6: FORMULARIO 11 PERSONAL EQUIPO MIN
C7: PRESUPUESTO OFICIAL | E7: =+'PO Presup Edif Multiple'!H42 -> 1000128925
B8: 1 | C8: CONSORCIO GALERIA | D8: Jorge Eduardo Álvarez Gallego y JC Echeverri SAS (MANIZALES) | E8: 992523386 | F8: 1000121066 | H8: NO | J8: SI - PDF | K8: SI - EXCEL
B9: 2 | C9: CONSORCIO AR+AL2 | D9: Martínez Arquitectura SAS (50%) y Alcuadrado Arquitectos SAS (50%) (CALI) | E9: 1051559902 | F9: 1051559897 | G9: SUBSANAR VALOR >= po queda nuevamente por encima de PO | H9: NO | J9: NO PRESENTA | K9: SI - EXCEL
B10: 3 | C10: MC ARQUITECTOS SA | D10: Rep Legal Mario Andrés Cabrera Pinzón (BOGOTA) | E10: 1051559897 | G10: SUBSANAR VALOR >= po | H10: HABILITADA SI SUBSANA RUP | J10: SI - EXCEL | K10: NO PRESENTA | N10: https://www.mcarquitectos.com/inicio
B11: 4 | C11: CONSORCIO ARQUITECTURA Y ESPACIO PÚBLICO | D11: Carlos Puerta Agudelo y Verónica Ortiz Murcia (ENVIGADO) | E11: 1050536780 | G11: SUBSANAR VALOR >= po | H11: NO | J11: SI - PDF | K11: NO PRESENTA
B12: 5 | C12: MAURICIO OTERO LAVADO | D12: Mauricio Otero Lavado (CALI) | E12: 1000128925 | H12: NO | J12: SI - PDF | K12: SI - EXCEL
B13: 6 | C13: GRUPO M&M CONSULTORIA SAS | D13: Rep Legal John Alejandro Rico Vargas (BOGOTA) | E13: 1000128920 | H13: HABILITADA | J13: SI | K13: SI - EXCEL | N13: https://grupomym.com.co/proyectos/
B14: 7 | C14: CONSORCIO MANIZALES PLAZA DE MERCADO | D14: David Vallejo Juan Pablo Franco Toro Juan Carlos Rodríguez Izquierdo (MANIZALES) | E14: 1000121066 | H14: NO | J14: SI | K14: SI - EXCEL

Sheet Personal Prop 1 - Form 11
B2: Formato 11
B3: Formacion y Experiencia del equipo de trabajo
B5: No. | C5: Cargo a Desempeñar | D5: Formación Académica | E5: Experiencia General Mínima Requerida (años) | F5: Experiencia Específica (años) | G5: Cantidad | H5: Dedicación | I5: Nombre | J5: Documento de Identidad | K5: Hojas de Vida | L5: Profesión | M5: Diplomas y/o Acta de pregrado | N5: Tarjeta Profesional | O5: Certificado de vigencia TP | P5: Especialización | Q5: Diplomas y/o actas de posgrado (aplicables para perfiles solicitados) | R5: Certificaciones Habilitantes | S5: Certificaciones Formación Adicional | T5: Certificaciones Experiencia Adicional | U5: Carta de Intención
I7: Nombre | J7: Adjuntar copia de la cedula de ciudadanía | L7: Titulo | N7: Copia de la Tarjeta Profesional | O7: Certificado de vigencia actualizado | P7: Titulo | Q7: Diplomas y actas de posgrado o especializacion aplicables para perfiles solicitados | R7: Certificaciones expedidas por el contratante con la información requerida para la validación, incluidos objeto, áreas y valores | S7: Diplomas y actas de posgrado o especializacion aplicables para perfiles solicitados | T7: Certificaciones expedidas por el contratante con la información requerida para la validación, incluidos objeto, áreas y valores | U7: Adjuntar Carta Firmada
B8: 1 | C8: Director de Proyecto | D8: Arquitecto o Ingeniero Civil con matrícula profesional vigente con Postgrado en Diseño o Gerencia de Proyectos o afines | E8: Igual o superior a diez (10) años, contados a partir de la fecha de expedición de la matrícula o tarjeta profesional y con anterioridad a la fecha de cierre del presente proceso de selección, debidamente acreditados mediante certificados adjuntos a la propuesta. | F8: Experiencia específica certificada de participación como gerente y/o director y/o coordinador en máximo tres (3) proyectos de consultoría de estudios y diseños para la construcción o adecuación o ampliación de infraestructura para los usos referenciados en tabla J.1.1-1 del título J de la NSR-10 de clasificación Comercial Y/O Institucional y/o lugares de reunión de uso público o privado, cuya área sumada sea igual o superior a 6.000 m2. | G8: 1 | H8: 0.5 | I8: JARRISON FERNANDO MEZA GALVEZ | J8: 75144310 | K8: Ver anexo 1 | L8: INGENIERO CIVIL | M8: Ver anexo 1 | N8: 1720277211 CLD 25 MAYO 1999 | O8: Ver anexo 1 | P8: ESPECIALIZACION EN GERENCIA DE PROYECTOS | Q8: Ver anexo 1 | R8: Ver anexo 1 EL PROFESIONAL NO CUMPLE LAS EXIGENCIAS MINIMAS DEL PLIEGO PARA ESE CARGO | S8: ESPECIALIZACI{ÓN EN PATOLOGIA DE LA CONSTRUCCIÓN (NO SE ENCUENTRA ESTA CERTIFICACION ANUNCIADA | T8: N/A | U8: Ver anexo 1
B9: 2 | C9: Coordinador de Diseños | D9: Arquitecto o Ingeniero Civil o Ingeniero Industrial con Postgrado en diseño o gerencia de proyectos o afines | E9: Igual o superior a ocho (8) años, contados a partir de la fecha de expedición de la matrícula o tarjeta profesional y con anterioridad a la fecha de cierre del presente proceso de selección, debidamente acreditados mediante certificados adjuntos a la propuesta. | F9: Experiencia específica certificada de participación como coordinador, en máximo tres (3) proyectos de consultoría de estudios y diseños para la construcción o adecuación o ampliación de infraestructura para los usos referenciados en tabla J.1.1-1 del título J de la NSR-10 de clasificación Comercial Y/O Institucional y/o lugares de reunión de uso público o privado, cuya área sumada sea igual o superior a 6.000 m2. | G9: 1 | H9: 1 | I9: JOSE LUIS LOPEZ ALVAREZ | J9: 74180525 | K9: Ver anexo 2 | L9: INGENIERO EN TRANSPORTES Y VIAS | M9: Ver anexo 2 | N9: 01107-0914 31 DE OCTUBRE DE 2007 | O9: Ver anexo 2 | P9: ESPECIALIZACIÓN EN GERENCIA DE PROYECTOS | Q9: Ver anexo 2 | R9: Ver anexo 2 SOLO APORTA 1 CERTIFICACION ESPECIFICA DE COORDINADOR DE ESTUDIOS Y DISEÑOS SIN AREA VERIFICABLE | S9: N/A | T9: N/A | U9: Ver anexo 2
B10: 3 | C10: Arquitecto Diseñador | D10: Arquitecto con Postgrado en Diseño Arquitectonico o afines | E10: Igual o superior a ocho (8) años, contados a partir de la fecha de expedición de la matrícula o tarjeta profesional y con anterioridad a la fecha de cierre del presente proceso de selección, debidamente acreditados mediante certificados adjuntos a la propuesta. | F10: Experiencia específica certificada de participación en máximo tres (3) proyectos de diseños arquitectónicos para la construcción o adecuación o ampliación de infraestructura para los usos referenciados en tabla J.1.1-1 del título J de la NSR-10 de clasificación Comercial Y/O Institucional y/o lugares de reunión de uso público o privado, cuya área sumada sea igual o superior a 6.000 m2. | G10: 1 | H10: 1 | I10: CAMILO ERNESTO MEJIA CLAVIJO | J10: 94322043 | K10: Ver anexo 3 | L10: ARQUITECTO | M10: Ver anexo 2 | N10: A17102000-94322043 NO ADJUNTA | O10: Ver anexo 3 | P10: MAGISTER EN ARQUITECTURA | Q10: Ver anexo 3 | R10: Ver anexo 3 LAS CERTIFICACIONES APORTADAS NO PERMITEN VALIDAR LAS EXIGENCIAS DEL PLIEGO PARA EL CARGO DE ARQUITECTO DISEÑADOR | S10: N/A | T10: N/A | U10: Ver anexo 3
B11: 4 | C11: Diseñador Urbano y Paisajista | D11: Arquitecto con Postgrado en Urbanismo y/o Paisajismo | E11: Igual o superior a ocho (8) años, contados a partir de la fecha de expedición de la matrícula o tarjeta profesional y con anterioridad a la fecha de cierre del presente proceso de selección, debidamente acreditados mediante certificados adjuntos a la propuesta. | F11: Experiencia específica certificada de participación en máximo tres (3) proyectos de diseños arquitectónicos Urbanísticos y/o Paisajistyicos para la construcción o adecuación o ampliación de infraestructura para los usos referenciados en tabla J.1.1-1 del título J de la NSR-10 de clasificación Comercial Y/O Institucional y/o lugares de reunión de uso público o privado, cuya área sumada sea igual o superior a 6.000 m2. | G11: 1 | H11: 0.5 | I11: JORGE HUMBERTO ARCILA LOSADA | J11: 10226418 | K11: Ver anexo 4 | L11: ARQUITECTO | M11: Ver anexo 4 | N11: 0000001040 CALDAS, EXP. 1979 | O11: Ver anexo 4 | P11: MAGISTER EN ARQUITECTURA DEL PAISAJE | Q11: Ver anexo 4 | R11: Ver anexo 4 | S11: DOCTOR ARQUITECTO | T11: Ver anexo 4 | U11: Ver anexo 4
B12: 5 | C12: Modelador BIM | D12: Arquitecto o Ingeniero Civil con formación en Educacion Informal o en Educacion para el Trabajo y el desarrollo Humano en herramientas de dibujo arquitectonico (AUTODESK, otras) y modelación BIM, debidamente acreditadas, con al menos 320 horas de formacion acumulada. | E12: Igual o superior a cinco (5) años contados a partir de la expedición de la matrícula o tarjeta profesional y con anterioridad a la fecha de cierre del presente proceso de selección, debidamente acreditados mediante certificados adjuntos a la propuesta | F12: Experiencia específica certificada de participación en máximo tres (3) proyectos de Modelación BIM de proyectos de construcción o adecuación o ampliación de infraestructura de uso público o privado, cuya área sumada sea igual o superior a 6.000 m2. | G12: 1 | H12: 1 | I12: MANUEL FERNANDO SALAZAR ALZATE | J12: 1060647241 | K12: Ver anexo 5 | L12: ARQUITECTO | M12: Ver anexo 5 | N12: A255552010-1060647241 | O12: Ver anexo 5 | P12: N/A | Q12: Ver anexo 5 | R12: Ver anexo 5 | S12: MAGISTER EN CONSTRUCCION | T12: N/A | U12: Ver anexo 5
B13: 6 | C13: Ingeniero Estructural | D13: Ingeniero civil, con Postgrado en Estructuras | E13: Igual o superior a ocho (8) años, contados a partir de la fecha de expedición de la matrícula o tarjeta profesional y con anterioridad a la fecha de cierre del presente proceso de selección, debidamente acreditados mediante certificados adjuntos a la propuesta. | F13: Experiencia específica certificada de participación en máximo tres (3) proyectos de diseño estructural, reforzamiento o estudios de vulnerabilidad sísmica para la construcción o adecuación o ampliación de infraestructura para los usos referenciados en tabla J.1.1-1 del título J de la NSR-10 de clasificación Comercial Y/O Institucional y/o lugares de reunión de uso público o privado, cuya área sumada sea igual o superior a 6.000 m2. | G13: 1 | H13: 1 | I13: ERIKA RINCON VIDAL | J13: 30236695 | K13: Ver anexo 6 | L13: INGENIERA CIVIL | M13: Ver anexo 6 | N13: 17202-259502 19 sept 2013 | O13: Ver anexo 6 | P13: ESPECIALIZACIÓN EN ESTRUCTURAS | Q13: Ver anexo 6 | R13: Ver anexo 6 | S13: ESPECIALIZACI{ÓN EN PATOLOGIA DE LA CONSTRUCCIÓN | T13: Ver anexo 6 | U13: Ver anexo 6
B14: 7 | C14: Ingeniero Hidráulico y RCI | D14: Ingeniero civil o ingeniero hidráulico o ingeniero hidrosanitario o ingeniero sanitario o afines, con Postgrado en hidráulica o afines | E14: Igual o superior a ocho (8) años, contados a partir de la fecha de expedición de la matrícula o tarjeta profesional y con anterioridad a la fecha de cierre del presente proceso de selección, debidamente acreditados mediante certificados adjuntos a la propuesta. | F14: Experiencia específica certificada de participación en máximo tres (3) proyectos de consultoría de estudios y diseños de redes hidrosanitarias y Redes Contraincendios de edificaciones, cuya área sumada sea igual o superior a 6.000 m2. | G14: 1 | H14: 1 | I14: EDUARDO ANDRES BRAND RUIZ | J14: 75087032 | K14: Ver anexo 7 | L14: INGENIERO CIVIL | M14: Ver anexo 7 | N14: 17202-098715 | O14: Ver anexo 7 | P14: ESPECIALISTA EN INGENIERIA HIDRAULICA Y AMBIENTAL | Q14: Ver anexo 7 | R14: Ver anexo 7 | S14: N/A | T14: Ver anexo 7 | U14: Ver anexo 7
B15: 8 | C15: Ingeniero Electricista y de redes especiales | D15: Profesional en ingeniería eléctrica con Posgrado en áreas relacionadas o afines al componente eléctrico o de redes especiales complementarias | E15: Igual o superior a ocho (8) años, contados a partir de la fecha de expedición de la matrícula o tarjeta profesional y con anterioridad a la fecha de cierre del presente proceso de selección, debidamente acreditados mediante certificados adjuntos a la propuesta. | F15: Experiencia específica certificada de participación en máximo tres (3) proyectos de consultoría de estudios y diseños de redes eléctricas, voz , datos y redes especiales para edificaciones, cuya área sumada sea igual o superior a 6.000 m2. | G15: 1 | H15: 1 | I15: LUISA FERNANDA ECHEVERRY CARDONA | J15: 1053816360 | K15: Ver anexo 8 | L15: INGENIERO ELECTRICISTA | M15: Ver anexo 8 | N15: CL205-112829 | O15: Ver anexo 8 | P15: MAGISTER EN INGENIERIA | Q15: Ver anexo 8 | R15: Ver anexo 8 | S15: MAGISTER EN INGENIERIA | T15: N/A | U15: Ver anexo 8
B16: 9 | C16: Ingeniero Mecánico HVAC | D16: Ingeniero Mecánico | E16: Igual o superior a cinco (5) años contados a partir de la expedición de la matrícula o tarjeta profesional y con anterioridad a la fecha de cierre del presente proceso de selección, debidamente acreditados mediante certificados adjuntos a la propuesta | F16: Experiencia específica certificada de participación en máximo tres (3) proyectos de consultoría de estudios y diseños de redes HVAC para edificaciones, cuya área sumada sea igual o superior a 3.000 m2. | G16: 1 | H16: 0.5 | I16: ROBERTO D’ANETRA NOVOA | J16: 72254504 | K16: Ver anexo 9 | L16: INGENIERO MECANICO | M16: Ver anexo 9 | N16: AT230-58566 | O16: Ver anexo 9 | P16: MAESTRIA EN SOSTENIBILIDAD Y EFICIENCIA ENERGETICA Y ESPECIALIZACION EN GERENCIA DE PROYECTOS | Q16: Ver anexo 9 | R16: Ver anexo 9 | S16: MAESTRIA EN SOSTENIBILIDAD Y EFICIENCIA ENERGETICA Y ESPECIALIZACION EN GERENCIA DE PROYECTOS | T16: N/A | U16: Ver anexo 9
B17: 10 | C17: Ingeniero Redes de Gas | D17: Ingeniero civil o ingeniero hidráulico o ingeniero mecánico o afines | E17: Igual o superior a cinco (5) años contados a partir de la expedición de la matrícula o tarjeta profesional y con anterioridad a la fecha de cierre del presente proceso de selección, debidamente acreditados mediante certificados adjuntos a la propuesta | F17: Experiencia específica certificada de participación en máximo tres (3) proyectos de consultoría de estudios y diseños de redes de gas para edificaciones, cuya área sumada sea igual o superior a 6.000 m2. | G17: 1 | H17: 0.5 | I17: JULIAN GIOVANNY BEODYA GOMEZ | J17: 1053806793 | K17: Ver anexo 10 | L17: INGENIERO ELECTRICISTA | M17: Ver anexo 10 | N17: CL205-112816 | O17: Ver anexo 10 | P17: N/A | Q17: Ver anexo 10 | R17: Ver anexo 10 | S17: N/A | T17: N/A | U17: Ver anexo 10
B18: 11 | C18: Ingeniero Ambiental (PGIO - PMT) | D18: Ingeniero ambiental | E18: Igual o superior a cinco (5) años contados a partir de la expedición de la matrícula o tarjeta profesional y con anterioridad a la fecha de cierre del presente proceso de selección, debidamente acreditados mediante certificados adjuntos a la propuesta | F18: Experiencia específica certificada de participación en máximo tres (3) proyectos de estudios para elaborar los Planes de Gestión Integral de Obra y Planes de manejo de Trafico para edificaciones, cuya área sumada sea igual o superior a 3.000 m2. | G18: 1 | H18: 0.5 | I18: PAULO CESAR MEJIA VALENCIA | J18: 75090349 | K18: Ver anexo 11 | L18: INGENIERO DE SANEAMIENTO Y DESARROLLO AMBIENTAL | M18: Ver anexo 11 | N18: 17854-115680 | O18: Ver anexo 11 | P18: N/A | Q18: Ver anexo 11 | R18: Ver anexo 11 | S18: N/A | T18: N/A | U18: Ver anexo 11
B19: 12 | C19: Profesional de Programación y Presupuestos | D19: Arquitecto o Ingeniero civil o administrador de obras civiles | E19: Igual o superior a cinco (5) años contados a partir de la expedición de la matrícula o tarjeta profesional y con anterioridad a la fecha de cierre del presente proceso de selección, debidamente acreditados mediante certificados adjuntos a la propuesta | F19: Experiencia específica certificada de participación en máximo tres (3) proyectos de estudios para elaboración del componente presupuestal y de programación de edificaciones, cuya área sumada sea igual o superior a 6.000 m2. | G19: 1 | H19: 1 | I19: LUIS ALEXANDER GOMEZ ARBELAEZ | J19: 75080005 | K19: Ver anexo 12 | L19: ARQUITECTO | M19: Ver anexo 12 | N19: A17121999-75080005 | O19: Ver anexo 12 | P19: N/A | Q19: Ver anexo 12 | R19: Ver anexo 12 | S19: MAGISTER EN CONSTRUCCION | T19: N/A | U19: Ver anexo 12
I24: Notas
I25: Por cada Integrante del equipo de trabajo minimo requerido, preparar y presentar un anexo, en el cual se presente en forma consecutiva los soportes correspondientes a cada columna para la validacion tanto habilitante como adicional de acuerdo a las exigencias del pliego

Sheet Personal Prop 2 - Form 11
B2: Formato 11
B3: Formacion y Experiencia del equipo de trabajo
I4: 1 | J4: 2 | K4: 3 | L4: 4 | M4: 5 | N4: 6 | O4: 7 | P4: 8 | Q4: 9 | R4: 10 | S4: 11 | T4: 12 | U4: 13
B5: No. | C5: Cargo a Desempeñar | D5: Formación Académica | E5: Experiencia General Mínima Requerida (años) | F5: Experiencia Específica (años) | G5: Cantidad | H5: Dedicación | I5: Nombre | J5: Documento de Identidad | K5: Hojas de Vida | L5: Profesión | M5: Diplomas y/o Acta de pregrado | N5: Tarjeta Profesional | O5: Certificado de vigencia TP | P5: Especialización | Q5: Diplomas y/o actas de posgrado (aplicables para perfiles solicitados) | R5: Certificaciones Habilitantes | S5: Certificaciones Formación Adicional | T5: Certificaciones Experiencia Adicional | U5: Carta de Intención
I7: Nombre | J7: Adjuntar copia de la cedula de ciudadanía | L7: Titulo | N7: Copia de la Tarjeta Profesional | O7: Certificado de vigencia actualizado | P7: Titulo | Q7: Diplomas y actas de posgrado o especializacion aplicables para perfiles solicitados | R7: Certificaciones expedidas por el contratante con la información requerida para la validación, incluidos objeto, áreas y valores | S7: Diplomas y actas de posgrado o especializacion aplicables para perfiles solicitados | T7: Certificaciones expedidas por el contratante con la información requerida para la validación, incluidos objeto, áreas y valores | U7: Adjuntar Carta Firmada
B8: 1 | C8: Director de Proyecto | D8: Arquitecto o Ingeniero Civil con matrícula profesional vigente con Postgrado en Diseño o Gerencia de Proyectos o afines | E8: Igual o superior a diez (10) años, contados a partir de la fecha de expedición de la matrícula o tarjeta profesional y con anterioridad a la fecha de cierre del presente proceso de selección, debidamente acreditados mediante certificados adjuntos a la propuesta. | F8: Experiencia específica certificada de participación como gerente y/o director y/o coordinador en máximo tres (3) proyectos de consultoría de estudios y diseños para la construcción o adecuación o ampliación de infraestructura para los usos referenciados en tabla J.1.1-1 del título J de la NSR-10 de clasificación Comercial Y/O Institucional y/o lugares de reunión de uso público o privado, cuya área sumada sea igual o superior a 6.000 m2. | G8: 1 | H8: 0.5 | I8: JUAN CARLOS ARTURO CANCINO DUARTE | J8: ANEXO 1. NUMERAL 1.1.1 | K8: ANEXO 1. NUMERAL 1.1.2 | L8: ARQUITECTO | M8: ANEXO 1. NUMERAL 1.1.3 | N8: ANEXO 1. NUMERAL 1.1.4 | O8: ANEXO 1. NUMERAL 1.1.5 | P8: GERENCIA DE CONSTRUCCIONES | Q8: ANEXO 1. NUMERAL 1.1.6 | R8: ANEXO 1. NUMERAL 1.1.7 | S8: ANEXO 1. NUMERAL 1.1.8 | T8: ANEXO 1. NUMERAL 1.1.9 | U8: ANEXO 1. NUMERAL 1.1.10
B9: 2 | C9: Coordinador de Diseños | D9: Arquitecto o Ingeniero Civil o Ingeniero Industrial con Postgrado en diseño o gerencia de proyectos o afines | E9: Igual o superior a ocho (8) años, contados a partir de la fecha de expedición de la matrícula o tarjeta profesional y con anterioridad a la fecha de cierre del presente proceso de selección, debidamente acreditados mediante certificados adjuntos a la propuesta. | F9: Experiencia específica certificada de participación como coordinador, en máximo tres (3) proyectos de consultoría de estudios y diseños para la construcción o adecuación o ampliación de infraestructura para los usos referenciados en tabla J.1.1-1 del título J de la NSR-10 de clasificación Comercial Y/O Institucional y/o lugares de reunión de uso público o privado, cuya área sumada sea igual o superior a 6.000 m2. | G9: 1 | H9: 1 | I9: JORGE ALBERTO DAVILA GOMEZ | J9: ANEXO 1. NUMERAL 1.2.1 | K9: ANEXO 1. NUMERAL 1.2.2 | L9: ARQUITECTO | M9: ANEXO 1. NUMERAL 1.2.3 | N9: ANEXO 1. NUMERAL 1.2.4 | O9: ANEXO 1. NUMERAL 1.2.5 | P9: GERENCIA DE CONSTRUCCIONES | Q9: ANEXO 1. NUMERAL 1.2.6 | R9: ANEXO 1. NUMERAL 1.2.7 | S9: ANEXO 1. NUMERAL 1.2.6 | T9: ANEXO 1. NUMERAL 1.2.8 | U9: ANEXO 1. NUMERAL 1.2.9
B10: 3 | C10: Arquitecto Diseñador | D10: Arquitecto con Postgrado en Diseño Arquitectonico o afines | E10: Igual o superior a ocho (8) años, contados a partir de la fecha de expedición de la matrícula o tarjeta profesional y con anterioridad a la fecha de cierre del presente proceso de selección, debidamente acreditados mediante certificados adjuntos a la propuesta. | F10: Experiencia específica certificada de participación en máximo tres (3) proyectos de diseños arquitectónicos para la construcción o adecuación o ampliación de infraestructura para los usos referenciados en tabla J.1.1-1 del título J de la NSR-10 de clasificación Comercial Y/O Institucional y/o lugares de reunión de uso público o privado, cuya área sumada sea igual o superior a 6.000 m2. | G10: 1 | H10: 1 | I10: CARLOS ALBERTO MARTINEZ VALENCIA | J10: ANEXO 1. NUMERAL 1.3.1 | K10: ANEXO 1. NUMERAL 1.3.2 | L10: ARQUITECTO | M10: ANEXO 1. NUMERAL 1.3.3 | N10: ANEXO 1. NUMERAL 1.3.4 | O10: ANEXO 1. NUMERAL 1.3.5 | P10: MAGISTER EN ARQUITECTURA DEL PAISAJE | Q10: ANEXO 1. NUMERAL 1.3.6 | R10: ANEXO 1. NUMERAL 1.3.7 | S10: ANEXO 1. NUMERAL 1.3.6 | T10: ANEXO 1. NUMERAL 1.3.8 | U10: ANEXO 1. NUMERAL 1.3.9
B11: 4 | C11: Diseñador Urbano y Paisajista | D11: Arquitecto con Postgrado en Urbanismo y/o Paisajismo | E11: Igual o superior a ocho (8) años, contados a partir de la fecha de expedición de la matrícula o tarjeta profesional y con anterioridad a la fecha de cierre del presente proceso de selección, debidamente acreditados mediante certificados adjuntos a la propuesta. | F11: Experiencia específica certificada de participación en máximo tres (3) proyectos de diseños arquitectónicos Urbanísticos y/o Paisajistyicos para la construcción o adecuación o ampliación de infraestructura para los usos referenciados en tabla J.1.1-1 del título J de la NSR-10 de clasificación Comercial Y/O Institucional y/o lugares de reunión de uso público o privado, cuya área sumada sea igual o superior a 6.000 m2. | G11: 1 | H11: 0.5 | I11: LUIS ORLANDO TOMBE HURTADO | J11: ANEXO 1. NUMERAL 1.4.1 | K11: ANEXO 1. NUMERAL 1.4.2 | L11: ARQUITECTO | M11: ANEXO 1. NUMERAL 1.4.3 | N11: ANEXO 1. NUMERAL 1.4.4 | O11: ANEXO 1. NUMERAL 1.4.5 | P11: ESPECIALISTA EN PAISAJISMO | Q11: ANEXO 1. NUMERAL 1.4.6 | R11: ANEXO 1. NUMERAL 1.4.7 | S11: ANEXO 1. NUMERAL 1.4.8 | T11: ANEXO 1. NUMERAL 1.4.9 | U11: ANEXO 1. NUMERAL 1.4.10
B12: 5 | C12: Modelador BIM | D12: Arquitecto o Ingeniero Civil con formación en Educacion Informal o en Educacion para el Trabajo y el desarrollo Humano en herramientas de dibujo arquitectonico (AUTODESK, otras) y modelación BIM, debidamente acreditadas, con al menos 320 horas de formacion acumulada. | E12: Igual o superior a cinco (5) años contados a partir de la expedición de la matrícula o tarjeta profesional y con anterioridad a la fecha de cierre del presente proceso de selección, debidamente acreditados mediante certificados adjuntos a la propuesta | F12: Experiencia específica certificada de participación en máximo tres (3) proyectos de Modelación BIM de proyectos de construcción o adecuación o ampliación de infraestructura de uso público o privado, cuya área sumada sea igual o superior a 6.000 m2. | G12: 1 | H12: 1 | I12: DIEGO ARMANDO MAYORGA NIÑO | J12: ANEXO 1. NUMERAL 1.5.1 | K12: ANEXO 1. NUMERAL 1.5.2 | L12: ARQUITECTO | M12: ANEXO 1. NUMERAL 1.5.3 | N12: ANEXO 1. NUMERAL 1.5.4 | O12: ANEXO 1. NUMERAL 1.5.5 | P12: MASTER INTERNACIONAL BIM MANAGMENT EN INGENIERA CIVIL GIS | Q12: ANEXO 1. NUMERAL 1.5.6 | R12: ANEXO 1. NUMERAL 1.5.7 | S12: ANEXO 1. NUMERAL 1.5.8 | T12: ANEXO 1. NUMERAL 1.5.9 | U12: ANEXO 1. NUMERAL 1.5.10
B13: 6 | C13: Ingeniero Estructural | D13: Ingeniero civil, con Postgrado en Estructuras | E13: Igual o superior a ocho (8) años, contados a partir de la fecha de expedición de la matrícula o tarjeta profesional y con anterioridad a la fecha de cierre del presente proceso de selección, debidamente acreditados mediante certificados adjuntos a la propuesta. | F13: Experiencia específica certificada de participación en máximo tres (3) proyectos de diseño estructural, reforzamiento o estudios de vulnerabilidad sísmica para la construcción o adecuación o ampliación de infraestructura para los usos referenciados en tabla J.1.1-1 del título J de la NSR-10 de clasificación Comercial Y/O Institucional y/o lugares de reunión de uso público o privado, cuya área sumada sea igual o superior a 6.000 m2. | G13: 1 | H13: 1 | I13: WILMAR ALBERTTO VELEZ FRANCO | J13: ANEXO 1. NUMERAL 1.6.1 | K13: ANEXO 1. NUMERAL 1.6.2 | L13: INGENIERO CIVIL | M13: ANEXO 1. NUMERAL 1.6.3 | N13: ANEXO 1. NUMERAL 1.6.4 | O13: ANEXO 1. NUMERAL 1.6.5 | P13: ESPECIALISTA EN ESTRUCTURAS | Q13: ANEXO 1. NUMERAL 1.6.6 | R13: ANEXO 1. NUMERAL 1.6.7 | S13: N/A | T13: ANEXO 1. NUMERAL 1.6.8 | U13: ANEXO 1. NUMERAL 1.6.9
B14: 7 | C14: Ingeniero Hidráulico y RCI | D14: Ingeniero civil o ingeniero hidráulico o ingeniero hidrosanitario o ingeniero sanitario o afines, con Postgrado en hidráulica o afines | E14: Igual o superior a ocho (8) años, contados a partir de la fecha de expedición de la matrícula o tarjeta profesional y con anterioridad a la fecha de cierre del presente proceso de selección, debidamente acreditados mediante certificados adjuntos a la propuesta. | F14: Experiencia específica certificada de participación en máximo tres (3) proyectos de consultoría de estudios y diseños de redes hidrosanitarias y Redes Contraincendios de edificaciones, cuya área sumada sea igual o superior a 6.000 m2. | G14: 1 | H14: 1 | I14: DIEGO ALEXIS ROJAS HERRERA | J14: ANEXO 1. NUMERAL 1.7.1 | K14: ANEXO 1. NUMERAL 1.7.2 | L14: INGENIERO CIVIL | M14: ANEXO 1. NUMERAL 1.7.3 | N14: ANEXO 1. NUMERAL 1.7.4 | O14: ANEXO 1. NUMERAL 1.7.5 | P14: ESPECIALISTA EN RECURSO HIDRICO | Q14: ANEXO 1. NUMERAL 1.7.6 | R14: ANEXO 1. NUMERAL 1.7.7 | S14: N/A | T14: ANEXO 1. NUMERAL 1.7.8 | U14: ANEXO 1. NUMERAL 1.7.9
B15: 8 | C15: Ingeniero Electricista y de redes especiales | D15: Profesional en ingeniería eléctrica con Posgrado en áreas relacionadas o afines al componente eléctrico o de redes especiales complementarias | E15: Igual o superior a ocho (8) años, contados a partir de la fecha de expedición de la matrícula o tarjeta profesional y con anterioridad a la fecha de cierre del presente proceso de selección, debidamente acreditados mediante certificados adjuntos a la propuesta. | F15: Experiencia específica certificada de participación en máximo tres (3) proyectos de consultoría de estudios y diseños de redes eléctricas, voz , datos y redes especiales para edificaciones, cuya área sumada sea igual o superior a 6.000 m2. | G15: 1 | H15: 1 | I15: JOSE LUIS RODRIGEZ PAZ | J15: ANEXO 1. NUMERAL 1.8.1 | K15: ANEXO 1. NUMERAL 1.8.2 | L15: INGENIERO ELECTRICISTA | M15: ANEXO 1. NUMERAL 1.8.3 | N15: ANEXO 1. NUMERAL 1.8.4 | O15: ANEXO 1. NUMERAL 1.8.5 | P15: ESPECIALISTA TECNICO EN CONSTRUCCIÓN DE REDES DE DISTRIBUCIÓN DE ENERGÍA ELECTRICA DE MEDIA TENSIÓN | Q15: ANEXO 1. NUMERAL 1.8.6 | R15: ANEXO 1. NUMERAL 1.8.7 | S15: N/A | T15: N/A | U15: ANEXO 1. NUMERAL 1.8.8
B16: 9 | C16: Ingeniero Mecánico HVAC | D16: Ingeniero Mecánico | E16: Igual o superior a cinco (5) años contados a partir de la expedición de la matrícula o tarjeta profesional y con anterioridad a la fecha de cierre del presente proceso de selección, debidamente acreditados mediante certificados adjuntos a la propuesta | F16: Experiencia específica certificada de participación en máximo tres (3) proyectos de consultoría de estudios y diseños de redes HVAC para edificaciones, cuya área sumada sea igual o superior a 3.000 m2. | G16: 1 | H16: 0.5 | I16: CARLOS ANDRES SALAZAR BOVEA | J16: ANEXO 1. NUMERAL 1.9.1 | K16: ANEXO 1. NUMERAL 1.9.2 | L16: INGENIERO MECANICO | M16: ANEXO 1. NUMERAL 1.9.3 | N16: ANEXO 1. NUMERAL 1.9.4 | O16: ANEXO 1. NUMERAL 1.9.5 | P16: ESPECIALISTA EN GERENCIA DE PROYECTOS | Q16: NO SOLICITADO | R16: ANEXO 1. NUMERAL 1.9.6 | T16: ANEXO 1. NUMERAL 1.9.7 | U16: ANEXO 1. NUMERAL 1.9.8
B17: 10 | C17: Ingeniero Redes de Gas | D17: Ingeniero civil o ingeniero hidráulico o ingeniero mecánico o afines | E17: Igual o superior a cinco (5) años contados a partir de la expedición de la matrícula o tarjeta profesional y con anterioridad a la fecha de cierre del presente proceso de selección, debidamente acreditados mediante certificados adjuntos a la propuesta | F17: Experiencia específica certificada de participación en máximo tres (3) proyectos de consultoría de estudios y diseños de redes de gas para edificaciones, cuya área sumada sea igual o superior a 6.000 m2. | G17: 1 | H17: 0.5 | I17: ELIECER ABRIL RODRIGUEZ | J17: ANEXO 1. NUMERAL 1.10.1 | K17: ANEXO 1. NUMERAL 1.10.2 | L17: INGENIERO CIVIL | M17: ANEXO 1. NUMERAL 1.10.3 | N17: ANEXO 1. NUMERAL 1.10.4 | O17: ANEXO 1. NUMERAL 1.10.5 | P17: N/A | Q17: N/A | R17: ANEXO 1. NUMERAL 1.10.6 | S17: N/A | T17: N/A | U17: ANEXO 1. NUMERAL 1.10.7
B18: 11 | C18: Ingeniero Ambiental (PGIO - PMT) | D18: Ingeniero ambiental | E18: Igual o superior a cinco (5) años contados a partir de la expedición de la matrícula o tarjeta profesional y con anterioridad a la fecha de cierre del presente proceso de selección, debidamente acreditados mediante certificados adjuntos a la propuesta | F18: Experiencia específica certificada de participación en máximo tres (3) proyectos de estudios para elaborar los Planes de Gestión Integral de Obra y Planes de manejo de Trafico para edificaciones, cuya área sumada sea igual o superior a 3.000 m2. | G18: 1 | H18: 0.5 | I18: DAVID FELIPE HUERTAS PINEDA | J18: ANEXO 1. NUMERAL 1.11.1 | K18: ANEXO 1. NUMERAL 1.11.2 | L18: INGENIERO AMBIENTAL | M18: ANEXO 1. NUMERAL 1.11.3 | N18: ANEXO 1. NUMERAL 1.11.4 | O18: ANEXO 1. NUMERAL 1.11.5 | P18: N/A | Q18: N/A | R18: ANEXO 1. NUMERAL 1.11.6 | S18: N/A | T18: N/A | U18: ANEXO 1. NUMERAL 1.11.7
B19: 12 | C19: Profesional de Programación y Presupuestos | D19: Arquitecto o Ingeniero civil o administrador de obras civiles | E19: Igual o superior a cinco (5) años contados a partir de la expedición de la matrícula o tarjeta profesional y con anterioridad a la fecha de cierre del presente proceso de selección, debidamente acreditados mediante certificados adjuntos a la propuesta | F19: Experiencia específica certificada de participación en máximo tres (3) proyectos de estudios para elaboración del componente presupuestal y de programación de edificaciones, cuya área sumada sea igual o superior a 6.000 m2. | G19: 1 | H19: 1 | I19: CARLOS ALBERTO PLAZA SANCHEZ | J19: ANEXO 1. NUMERAL 1.12.1 | K19: ANEXO 1. NUMERAL 1.12.2 | L19: INGENIERO CIVIL | M19: ANEXO 1. NUMERAL 1.12.3 | N19: ANEXO 1. NUMERAL 1.12.4 | O19: ANEXO 1. NUMERAL 1.12.5 | P19: ESPECIALIZACIÓN ADMINSITRACÓN DE EMPRESAS | Q19: ANEXO 1. NUMERAL 1.12.6 | R19: ANEXO 1. NUMERAL 1.12.7 | S19: ESPECIALIZACIÓN EN FINANZAS | T19: ANEXO 1. NUMERAL 1.12.8 | U19: ANEXO 1. NUMERAL 1.12.9
I24: Notas
I25: Por cada Integrante del equipo de trabajo minimo requerido, preparar y presentar un anexo, en el cual se presente en forma consecutiva los soportes correspondientes a cada columna para la validacion tanto habilitante como adicional de acuerdo a las exigencias del pliego

Sheet Personal Prop 3 - Form 11
B2: Formato 11
B3: Formacion y Experiencia del equipo de trabajo - PROPONENTE 3
B5: No. | C5: Cargo a Desempeñar | D5: Formación Académica | E5: Experiencia General Mínima Requerida (años) | F5: Experiencia Específica (años) | G5: Cantidad | H5: Dedicación | I5: Nombre | J5: Documento de Identidad | K5: Hojas de Vida | L5: Profesión | M5: Diplomas y/o Acta de pregrado | N5: Tarjeta Profesional | O5: Certificado de vigencia TP | P5: Especialización | Q5: Diplomas y/o actas de posgrado (aplicables para perfiles solicitados) | R5: Certificaciones Habilitantes | S5: Certificaciones Formación Adicional | T5: Certificaciones Experiencia Adicional | U5: Carta de Intención
I7: Nombre | J7: Adjuntar copia de la cedula de ciudadanía | L7: Titulo | N7: Copia de la Tarjeta Profesional | O7: Certificado de vigencia actualizado | P7: Titulo | Q7: Diplomas y actas de posgrado o especializacion aplicables para perfiles solicitados | R7: Certificaciones expedidas por el contratante con la información requerida para la validación, incluidos objeto, áreas y valores | S7: Diplomas y actas de posgrado o especializacion aplicables para perfiles solicitados | T7: Certificaciones expedidas por el contratante con la información requerida para la validación, incluidos objeto, áreas y valores | U7: Adjuntar Carta Firmada
B8: 1 | C8: Director de Proyecto | D8: Arquitecto o Ingeniero Civil con matrícula profesional vigente con Postgrado en Diseño o Gerencia de Proyectos o afines | E8: Igual o superior a diez (10) años, contados a partir de la fecha de expedición de la matrícula o tarjeta profesional y con anterioridad a la fecha de cierre del presente proceso de selección, debidamente acreditados mediante certificados adjuntos a la propuesta. | F8: Experiencia específica certificada de participación como gerente y/o director y/o coordinador en máximo tres (3) proyectos de consultoría de estudios y diseños para la construcción o adecuación o ampliación de infraestructura para los usos referenciados en tabla J.1.1-1 del título J de la NSR-10 de clasificación Comercial Y/O Institucional y/o lugares de reunión de uso público o privado, cuya área sumada sea igual o superior a 6.000 m2. | G8: 1 | H8: 0.5 | I8: MARIO ANDRES CABRERA PINZON | J8: 80087073 | K8: NO | L8: ARQUITECTO | M8: SI | N8: SI 31 OCT DE 2007 | O8: SI | P8: GERENCIA DE PROYECTOS | Q8: SI | R8: SI | S8: MAESTRIA EN GERENCIA DE PROYECTOS | T8: SI | U8: SI
B9: 2 | C9: Coordinador de Diseños | D9: Arquitecto o Ingeniero Civil o Ingeniero Industrial con Postgrado en diseño o gerencia de proyectos o afines | E9: Igual o superior a ocho (8) años, contados a partir de la fecha de expedición de la matrícula o tarjeta profesional y con anterioridad a la fecha de cierre del presente proceso de selección, debidamente acreditados mediante certificados adjuntos a la propuesta. | F9: Experiencia específica certificada de participación como coordinador, en máximo tres (3) proyectos de consultoría de estudios y diseños para la construcción o adecuación o ampliación de infraestructura para los usos referenciados en tabla J.1.1-1 del título J de la NSR-10 de clasificación Comercial Y/O Institucional y/o lugares de reunión de uso público o privado, cuya área sumada sea igual o superior a 6.000 m2. | G9: 1 | H9: 1 | I9: ALVARO ALFONSO MAESTRE CRUZ | J9: SI | K9: NO | L9: INGENIERO CIVIL | M9: SI | N9: SI 02 ABRIL 2008 | O9: SI | P9: GERENCIA Y CONTROL DE LA CONSTRUCCION DE 2008 | Q9: SI | R9: SI | S9: NO | T9: SI | U9: SI
B10: 3 | C10: Arquitecto Diseñador | D10: Arquitecto con Postgrado en Diseño Arquitectonico o afines | E10: Igual o superior a ocho (8) años, contados a partir de la fecha de expedición de la matrícula o tarjeta profesional y con anterioridad a la fecha de cierre del presente proceso de selección, debidamente acreditados mediante certificados adjuntos a la propuesta. | F10: Experiencia específica certificada de participación en máximo tres (3) proyectos de diseños arquitectónicos para la construcción o adecuación o ampliación de infraestructura para los usos referenciados en tabla J.1.1-1 del título J de la NSR-10 de clasificación Comercial Y/O Institucional y/o lugares de reunión de uso público o privado, cuya área sumada sea igual o superior a 6.000 m2. | G10: 1 | H10: 1 | I10: DIANA CAROLINA ROJAS SANCHEZ | J10: SI | K10: NO | L10: ARQUITECTA | M10: SI | N10: SI 26 MAYO 2005 | O10: SI | P10: MAGISTER EN ARQUITECTURA UN | Q10: SI | R10: SI | S10: MAGISTER EN ARQUITECTURA | T10: SI | U10: SI
B11: 4 | C11: Diseñador Urbano y Paisajista | D11: Arquitecto con Postgrado en Urbanismo y/o Paisajismo | E11: Igual o superior a ocho (8) años, contados a partir de la fecha de expedición de la matrícula o tarjeta profesional y con anterioridad a la fecha de cierre del presente proceso de selección, debidamente acreditados mediante certificados adjuntos a la propuesta. | F11: Experiencia específica certificada de participación en máximo tres (3) proyectos de diseños arquitectónicos Urbanísticos y/o Paisajistyicos para la construcción o adecuación o ampliación de infraestructura para los usos referenciados en tabla J.1.1-1 del título J de la NSR-10 de clasificación Comercial Y/O Institucional y/o lugares de reunión de uso público o privado, cuya área sumada sea igual o superior a 6.000 m2. | G11: 1 | H11: 0.5 | I11: GERMAN MAURICIO FONSECA BARRERA | J11: SI | K11: NO | L11: ARQUITECTO | M11: SI | N11: SI 26 EBERO 2006 | O11: SI | P11: ESPECIALISTA DISEÑO URBANO | Q11: SI | R11: SI | S11: MAGISTER EN DISEÑO URBANO | T11: SI | U11: SI
B12: 5 | C12: Modelador BIM | D12: Arquitecto o Ingeniero Civil con formación en Educacion Informal o en Educacion para el Trabajo y el desarrollo Humano en herramientas de dibujo arquitectonico (AUTODESK, otras) y modelación BIM, debidamente acreditadas, con al menos 320 horas de formacion acumulada. | E12: Igual o superior a cinco (5) años contados a partir de la expedición de la matrícula o tarjeta profesional y con anterioridad a la fecha de cierre del presente proceso de selección, debidamente acreditados mediante certificados adjuntos a la propuesta | F12: Experiencia específica certificada de participación en máximo tres (3) proyectos de Modelación BIM de proyectos de construcción o adecuación o ampliación de infraestructura de uso público o privado, cuya área sumada sea igual o superior a 6.000 m2. | G12: 1 | H12: 1 | I12: DANIEL NARANJO APARICIO | J12: SI | K12: NO | L12: ARQUITECTO | M12: SI | N12: SI 27 NOV 2008 | O12: SI | P12: =40+40+40+132+120+132 -> 504 | Q12: SI | R12: SI | S12: NA | T12: NA | U12: SI
B13: 6 | C13: Ingeniero Estructural | D13: Ingeniero civil, con Postgrado en Estructuras | E13: Igual o superior a ocho (8) años, contados a partir de la fecha de expedición de la matrícula o tarjeta profesional y con anterioridad a la fecha de cierre del presente proceso de selección, debidamente acreditados mediante certificados adjuntos a la propuesta. | F13: Experiencia específica certificada de participación en máximo tres (3) proyectos de diseño estructural, reforzamiento o estudios de vulnerabilidad sísmica para la construcción o adecuación o ampliación de infraestructura para los usos referenciados en tabla J.1.1-1 del título J de la NSR-10 de clasificación Comercial Y/O Institucional y/o lugares de reunión de uso público o privado, cuya área sumada sea igual o superior a 6.000 m2. | G13: 1 | H13: 1 | I13: JUAN GUILLERMO ARDILA VALENCIA | J13: SI | K13: NO | L13: INGENIERO CIVIL | M13: SI | N13: SI 15 OCT 2013 | O13: SI | P13: MAGISTER EN ESTRUCTURAS | Q13: SI | R13: SI | S13: MAGISTER EN ESTRUCTURAS | T13: SI | U13: SI
B14: 7 | C14: Ingeniero Hidráulico y RCI | D14: Ingeniero civil o ingeniero hidráulico o ingeniero hidrosanitario o ingeniero sanitario o afines, con Postgrado en hidráulica o afines | E14: Igual o superior a ocho (8) años, contados a partir de la fecha de expedición de la matrícula o tarjeta profesional y con anterioridad a la fecha de cierre del presente proceso de selección, debidamente acreditados mediante certificados adjuntos a la propuesta. | F14: Experiencia específica certificada de participación en máximo tres (3) proyectos de consultoría de estudios y diseños de redes hidrosanitarias y Redes Contraincendios de edificaciones, cuya área sumada sea igual o superior a 6.000 m2. | G14: 1 | H14: 1 | I14: CARLOS ARTURO REY VELAZCO | J14: SI | K14: NO | L14: INGENIERO CIVIL | M14: SI | N14: SI 25 OCT 2007 | O14: SI | P14: MAESTRIA EN CIENCIAS E INGENIERIA DEL AGUA - CONVALIDADA EN COLOMBIA | Q14: SI | R14: SI | S14: MAESTRIA EN CIENCIAS E INGENIERIA DEL AGUA - CONVALIDADA EN COLOMBIA | T14: SI | U14: SI
B15: 8 | C15: Ingeniero Electricista y de redes especiales | D15: Profesional en ingeniería eléctrica con Posgrado en áreas relacionadas o afines al componente eléctrico o de redes especiales complementarias | E15: Igual o superior a ocho (8) años, contados a partir de la fecha de expedición de la matrícula o tarjeta profesional y con anterioridad a la fecha de cierre del presente proceso de selección, debidamente acreditados mediante certificados adjuntos a la propuesta. | F15: Experiencia específica certificada de participación en máximo tres (3) proyectos de consultoría de estudios y diseños de redes eléctricas, voz , datos y redes especiales para edificaciones, cuya área sumada sea igual o superior a 6.000 m2. | G15: 1 | H15: 1 | I15: JORGE ISAZA TELLES | J15: SI | K15: NO | L15: INGENIERO ELECTRICISTA | M15: SI | N15: SI 21 OCT 1975 | O15: SI | P15: NO | Q15: NO | R15: SI | S15: NO | T15: SI | U15: SI
B16: 9 | C16: Ingeniero Mecánico HVAC | D16: Ingeniero Mecánico | E16: Igual o superior a cinco (5) años contados a partir de la expedición de la matrícula o tarjeta profesional y con anterioridad a la fecha de cierre del presente proceso de selección, debidamente acreditados mediante certificados adjuntos a la propuesta | F16: Experiencia específica certificada de participación en máximo tres (3) proyectos de consultoría de estudios y diseños de redes HVAC para edificaciones, cuya área sumada sea igual o superior a 3.000 m2. | G16: 1 | H16: 0.5 | I16: DIEGO ALEJANDRO LEGUIZAMO MARTINEZ | J16: SI | K16: NO | L16: INGENIERO MECANICO | M16: SI | N16: SI 10 OCT 2005 | O16: SI | P16: NA | Q16: NA | R16: SI | S16: SI | T16: SI | U16: SI
B17: 10 | C17: Ingeniero Redes de Gas | D17: Ingeniero civil o ingeniero hidráulico o ingeniero mecánico o afines | E17: Igual o superior a cinco (5) años contados a partir de la expedición de la matrícula o tarjeta profesional y con anterioridad a la fecha de cierre del presente proceso de selección, debidamente acreditados mediante certificados adjuntos a la propuesta | F17: Experiencia específica certificada de participación en máximo tres (3) proyectos de consultoría de estudios y diseños de redes de gas para edificaciones, cuya área sumada sea igual o superior a 6.000 m2. | G17: 1 | H17: 0.5 | I17: LEONARDO ENRIQUE RODRIGUEZ MEDRANO | J17: SI | K17: NO | L17: INGENIERO CIVIL | M17: SI | N17: SI 19 ABRIL 2007 | O17: SI | P17: NA | Q17: NA | R17: SI | S17: SI | T17: SI | U17: SI
B18: 11 | C18: Ingeniero Ambiental (PGIO - PMT) | D18: Ingeniero ambiental | E18: Igual o superior a cinco (5) años contados a partir de la expedición de la matrícula o tarjeta profesional y con anterioridad a la fecha de cierre del presente proceso de selección, debidamente acreditados mediante certificados adjuntos a la propuesta | F18: Experiencia específica certificada de participación en máximo tres (3) proyectos de estudios para elaborar los Planes de Gestión Integral de Obra y Planes de manejo de Trafico para edificaciones, cuya área sumada sea igual o superior a 3.000 m2. | G18: 1 | H18: 0.5 | I18: LADY MILENA BENAVIDEZ POSADA | J18: SI | K18: NO | L18: INGENIERA AMBIENTAL Y SANITARIA | M18: SI | N18: SI 21 OCT 2014 | O18: SI | P18: NA | Q18: NA | R18: SI | S18: NA | T18: NA | U18: SI
B19: 12 | C19: Profesional de Programación y Presupuestos | D19: Arquitecto o Ingeniero civil o administrador de obras civiles | E19: Igual o superior a cinco (5) años contados a partir de la expedición de la matrícula o tarjeta profesional y con anterioridad a la fecha de cierre del presente proceso de selección, debidamente acreditados mediante certificados adjuntos a la propuesta | F19: Experiencia específica certificada de participación en máximo tres (3) proyectos de estudios para elaboración del componente presupuestal y de programación de edificaciones, cuya área sumada sea igual o superior a 6.000 m2. | G19: 1 | H19: 1 | I19: NOICOLAS PINZON POLANIA | J19: SI | K19: NO | L19: INGENIERO CIVIL | M19: SI | N19: SI 12 OCT 2017 | O19: SI | P19: NA | Q19: NA | R19: SI | S19: NA | T19: SI | U19: SI
I24: Notas
I25: Por cada Integrante del equipo de trabajo minimo requerido, preparar y presentar un anexo, en el cual se presente en forma consecutiva los soportes correspondientes a cada columna para la validacion tanto habilitante como adicional de acuerdo a las exigencias del pliego

Sheet Personal Prop 4 - Form 11
B2: Formato 11
B3: Formacion y Experiencia del equipo de trabajo - PROPONENTE 3
B5: No. | C5: Cargo a Desempeñar | D5: Formación Académica | E5: Experiencia General Mínima Requerida (años) | F5: Experiencia Específica (años) | G5: Cantidad | H5: Dedicación | I5: Nombre | J5: Documento de Identidad | K5: Hojas de Vida | L5: Profesión | M5: Diplomas y/o Acta de pregrado | N5: Tarjeta Profesional | O5: Certificado de vigencia TP | P5: Especialización | Q5: Diplomas y/o actas de posgrado (aplicables para perfiles solicitados) | R5: Certificaciones Habilitantes | S5: Certificaciones Formación Adicional | T5: Certificaciones Experiencia Adicional | U5: Carta de Intención
I7: Nombre | J7: Adjuntar copia de la cedula de ciudadanía | L7: Titulo | N7: Copia de la Tarjeta Profesional | O7: Certificado de vigencia actualizado | P7: Titulo | Q7: Diplomas y actas de posgrado o especializacion aplicables para perfiles solicitados | R7: Certificaciones expedidas por el contratante con la información requerida para la validación, incluidos objeto, áreas y valores | S7: Diplomas y actas de posgrado o especializacion aplicables para perfiles solicitados | T7: Certificaciones expedidas por el contratante con la información requerida para la validación, incluidos objeto, áreas y valores | U7: Adjuntar Carta Firmada
B8: 1 | C8: Director de Proyecto | D8: Arquitecto o Ingeniero Civil con matrícula profesional vigente con Postgrado en Diseño o Gerencia de Proyectos o afines | E8: Igual o superior a diez (10) años, contados a partir de la fecha de expedición de la matrícula o tarjeta profesional y con anterioridad a la fecha de cierre del presente proceso de selección, debidamente acreditados mediante certificados adjuntos a la propuesta. | F8: Experiencia específica certificada de participación como gerente y/o director y/o coordinador en máximo tres (3) proyectos de consultoría de estudios y diseños para la construcción o adecuación o ampliación de infraestructura para los usos referenciados en tabla J.1.1-1 del título J de la NSR-10 de clasificación Comercial Y/O Institucional y/o lugares de reunión de uso público o privado, cuya área sumada sea igual o superior a 6.000 m2. | G8: 1 | H8: 0.5 | I8: Verónica Alejandra Ortiz Murcia | J8: SI | K8: SI | L8: ARQUITECTA | M8: SI | N8: SI 06 JULIO 2006 | O8: Vencida | P8: ESPECIALIOZACION EN DISEÑO URBANO | Q8: SI | R8: SI | S8: MAESTRIA EN DISEÑO URBANO | T8: SI | U8: SI
B9: 2 | C9: Coordinador de Diseños | D9: Arquitecto o Ingeniero Civil o Ingeniero Industrial con Postgrado en diseño o gerencia de proyectos o afines | E9: Igual o superior a ocho (8) años, contados a partir de la fecha de expedición de la matrícula o tarjeta profesional y con anterioridad a la fecha de cierre del presente proceso de selección, debidamente acreditados mediante certificados adjuntos a la propuesta. | F9: Experiencia específica certificada de participación como coordinador, en máximo tres (3) proyectos de consultoría de estudios y diseños para la construcción o adecuación o ampliación de infraestructura para los usos referenciados en tabla J.1.1-1 del título J de la NSR-10 de clasificación Comercial Y/O Institucional y/o lugares de reunión de uso público o privado, cuya área sumada sea igual o superior a 6.000 m2. | G9: 1 | H9: 1 | I9: Carlos Puererta | J9: SI | K9: SI | L9: ARQUITECTA | M9: SI | N9: SI 01 SEPT 2011 | O9: Vencida | P9: ESPECIALIOZACION EN DISEÑO URBANO | Q9: SI | R9: SI | S9: NO | T9: SI | U9: SI
B10: 3 | C10: Arquitecto Diseñador | D10: Arquitecto con Postgrado en Diseño Arquitectonico o afines | E10: Igual o superior a ocho (8) años, contados a partir de la fecha de expedición de la matrícula o tarjeta profesional y con anterioridad a la fecha de cierre del presente proceso de selección, debidamente acreditados mediante certificados adjuntos a la propuesta. | F10: Experiencia específica certificada de participación en máximo tres (3) proyectos de diseños arquitectónicos para la construcción o adecuación o ampliación de infraestructura para los usos referenciados en tabla J.1.1-1 del título J de la NSR-10 de clasificación Comercial Y/O Institucional y/o lugares de reunión de uso público o privado, cuya área sumada sea igual o superior a 6.000 m2. | G10: 1 | H10: 1 | I10: WILMAR EDILSON RAMIREZ PEREZ | J10: SI | K10: SI | L10: ARQUITECTA | M10: SI | N10: SI 21 OCT 2002 | O10: SI | P10: ESPECIALIOZACION EN DISEÑO URBANO | Q10: SI | R10: SI | S10: NO | T10: SI | U10: SI
B11: 4 | C11: Diseñador Urbano y Paisajista | D11: Arquitecto con Postgrado en Urbanismo y/o Paisajismo | E11: Igual o superior a ocho (8) años, contados a partir de la fecha de expedición de la matrícula o tarjeta profesional y con anterioridad a la fecha de cierre del presente proceso de selección, debidamente acreditados mediante certificados adjuntos a la propuesta. | F11: Experiencia específica certificada de participación en máximo tres (3) proyectos de diseños arquitectónicos Urbanísticos y/o Paisajistyicos para la construcción o adecuación o ampliación de infraestructura para los usos referenciados en tabla J.1.1-1 del título J de la NSR-10 de clasificación Comercial Y/O Institucional y/o lugares de reunión de uso público o privado, cuya área sumada sea igual o superior a 6.000 m2. | G11: 1 | H11: 0.5 | I11: JAVIER ESTEBAN HENAO HERRERA | J11: SI | K11: SI | L11: ARQUITECTO | M11: SI | N11: SI 03 ABRIL 2006 | O11: SI | P11: ESPECIALIOZACION EN DISEÑO URBANO | Q11: SI | R11: SI | S11: NO | T11: SI | U11: SI
B12: 5 | C12: Modelador BIM | D12: Arquitecto o Ingeniero Civil con formación en Educacion Informal o en Educacion para el Trabajo y el desarrollo Humano en herramientas de dibujo arquitectonico (AUTODESK, otras) y modelación BIM, debidamente acreditadas, con al menos 320 horas de formacion acumulada. | E12: Igual o superior a cinco (5) años contados a partir de la expedición de la matrícula o tarjeta profesional y con anterioridad a la fecha de cierre del presente proceso de selección, debidamente acreditados mediante certificados adjuntos a la propuesta | F12: Experiencia específica certificada de participación en máximo tres (3) proyectos de Modelación BIM de proyectos de construcción o adecuación o ampliación de infraestructura de uso público o privado, cuya área sumada sea igual o superior a 6.000 m2. | G12: 1 | H12: 1 | I12: DANILO SEPULVEDA GIRALDO | J12: NO | K12: SI | L12: ARQUITECTO | M12: SI | N12: SI 02 FEB 2018 | O12: SI | P12: NO | Q12: SI 350 HORAS | R12: SI | S12: NO | T12: NO | U12: SI
B13: 6 | C13: Ingeniero Estructural | D13: Ingeniero civil, con Postgrado en Estructuras | E13: Igual o superior a ocho (8) años, contados a partir de la fecha de expedición de la matrícula o tarjeta profesional y con anterioridad a la fecha de cierre del presente proceso de selección, debidamente acreditados mediante certificados adjuntos a la propuesta. | F13: Experiencia específica certificada de participación en máximo tres (3) proyectos de diseño estructural, reforzamiento o estudios de vulnerabilidad sísmica para la construcción o adecuación o ampliación de infraestructura para los usos referenciados en tabla J.1.1-1 del título J de la NSR-10 de clasificación Comercial Y/O Institucional y/o lugares de reunión de uso público o privado, cuya área sumada sea igual o superior a 6.000 m2. | G13: 1 | H13: 1 | I13: FREDY ANTONIO VILLADA VELAZQUEZ | J13: NO | K13: SI | L13: INGENIERO CIVIL | M13: NO | N13: SI 17 FEB 2011 | O13: SI | P13: ESPECIALISTA EN ESTRUCTURAS | Q13: NO | R13: SI | S13: MAGISTER EN ESTRUCTURAS | T13: SI | U13: SI
B14: 7 | C14: Ingeniero Hidráulico y RCI | D14: Ingeniero civil o ingeniero hidráulico o ingeniero hidrosanitario o ingeniero sanitario o afines, con Postgrado en hidráulica o afines | E14: Igual o superior a ocho (8) años, contados a partir de la fecha de expedición de la matrícula o tarjeta profesional y con anterioridad a la fecha de cierre del presente proceso de selección, debidamente acreditados mediante certificados adjuntos a la propuesta. | F14: Experiencia específica certificada de participación en máximo tres (3) proyectos de consultoría de estudios y diseños de redes hidrosanitarias y Redes Contraincendios de edificaciones, cuya área sumada sea igual o superior a 6.000 m2. | G14: 1 | H14: 1 | I14: JHOAN SEBASTIAN ATEHORTUA MIRA | J14: SI | K14: SI | L14: INGENIERO CIVIL | M14: SI | N14: SI 118 AGO 2018 | O14: SI | P14: ESPECIALISTA EN AGUAS Y SANEAMIENTO AMBIENTAL | Q14: SI | R14: SI | S14: FORMULACION DE PROYECTOS | T14: SI | U14: SI
B15: 8 | C15: Ingeniero Electricista y de redes especiales | D15: Profesional en ingeniería eléctrica con Posgrado en áreas relacionadas o afines al componente eléctrico o de redes especiales complementarias | E15: Igual o superior a ocho (8) años, contados a partir de la fecha de expedición de la matrícula o tarjeta profesional y con anterioridad a la fecha de cierre del presente proceso de selección, debidamente acreditados mediante certificados adjuntos a la propuesta. | F15: Experiencia específica certificada de participación en máximo tres (3) proyectos de consultoría de estudios y diseños de redes eléctricas, voz , datos y redes especiales para edificaciones, cuya área sumada sea igual o superior a 6.000 m2. | G15: 1 | H15: 1 | I15: JOHN JAIRO GOMEZ QUINTERO | J15: SI | K15: SI | L15: INGENIERO ELECTRICISTA | M15: SI | N15: SI 01 AGO 2006 | O15: SI | P15: ESPECIALISTA EN ALTA GERENCIA | Q15: SI | R15: SI | S15: MAGISTER EN ADMINISTRACION | T15: SI | U15: SI
B16: 9 | C16: Ingeniero Mecánico HVAC | D16: Ingeniero Mecánico | E16: Igual o superior a cinco (5) años contados a partir de la expedición de la matrícula o tarjeta profesional y con anterioridad a la fecha de cierre del presente proceso de selección, debidamente acreditados mediante certificados adjuntos a la propuesta | F16: Experiencia específica certificada de participación en máximo tres (3) proyectos de consultoría de estudios y diseños de redes HVAC para edificaciones, cuya área sumada sea igual o superior a 3.000 m2. | G16: 1 | H16: 0.5 | I16: MARTIN MARIO CUARTAS OSORIO | J16: NO | K16: SI | L16: INGENIERO MECANICO | M16: SI | N16: SI 25 OCT 1989 | O16: SI | P16: NA | Q16: NA | R16: SI | S16: NA | T16: NA | U16: SI
B17: 10 | C17: Ingeniero Redes de Gas | D17: Ingeniero civil o ingeniero hidráulico o ingeniero mecánico o afines | E17: Igual o superior a cinco (5) años contados a partir de la expedición de la matrícula o tarjeta profesional y con anterioridad a la fecha de cierre del presente proceso de selección, debidamente acreditados mediante certificados adjuntos a la propuesta | F17: Experiencia específica certificada de participación en máximo tres (3) proyectos de consultoría de estudios y diseños de redes de gas para edificaciones, cuya área sumada sea igual o superior a 6.000 m2. | G17: 1 | H17: 0.5 | I17: JHOAN SEBASTIAN ATEHORTUA MIRA | J17: SI | K17: SI | L17: INGENIERO CIVIL | M17: SI | N17: SI 18 AGO 2018 | O17: SI | P17: ESPECIALISTA EN AGUAS Y SANEAMIENTO AMBIENTAL | Q17: SI | R17: SI | S17: NA | T17: NA | U17: SI
B18: 11 | C18: Ingeniero Ambiental (PGIO - PMT) | D18: Ingeniero ambiental | E18: Igual o superior a cinco (5) años contados a partir de la expedición de la matrícula o tarjeta profesional y con anterioridad a la fecha de cierre del presente proceso de selección, debidamente acreditados mediante certificados adjuntos a la propuesta | F18: Experiencia específica certificada de participación en máximo tres (3) proyectos de estudios para elaborar los Planes de Gestión Integral de Obra y Planes de manejo de Trafico para edificaciones, cuya área sumada sea igual o superior a 3.000 m2. | G18: 1 | H18: 0.5 | I18: LINDA XIMENA ROBAYO MARTINEZ | J18: SI | K18: SI | L18: INGENIERA AMBIENTAL | M18: SI | N18: SI 18 02 2016 | O18: SI | P18: NA | Q18: NA | R18: SI | S18: NA | T18: NA | U18: SI
B19: 12 | C19: Profesional de Programación y Presupuestos | D19: Arquitecto o Ingeniero civil o administrador de obras civiles | E19: Igual o superior a cinco (5) años contados a partir de la expedición de la matrícula o tarjeta profesional y con anterioridad a la fecha de cierre del presente proceso de selección, debidamente acreditados mediante certificados adjuntos a la propuesta | F19: Experiencia específica certificada de participación en máximo tres (3) proyectos de estudios para elaboración del componente presupuestal y de programación de edificaciones, cuya área sumada sea igual o superior a 6.000 m2. | G19: 1 | H19: 1 | I19: MAURICIO VANEGAS RUBIO | J19: SI | K19: SI | L19: ARQUITECTOL | M19: SI | N19: SI 15 FEB 1996 | O19: SI | P19: NA | Q19: NA | R19: SI | S19: NA | T19: NA | U19: SI
I24: Notas
I25: Por cada Integrante del equipo de trabajo minimo requerido, preparar y presentar un anexo, en el cual se presente en forma consecutiva los soportes correspondientes a cada columna para la validacion tanto habilitante como adicional de acuerdo a las exigencias del pliego

Sheet Personal prop 5 - Form 11
B2: Formato 11
B3: Formacion y Experiencia del equipo de trabajo
B5: No. | C5: Cargo a Desempeñar | D5: Formación Académica | E5: Experiencia General Mínima Requerida (años) | F5: Experiencia Específica (años) | G5: Cantidad | H5: Dedicación | I5: Nombre | J5: Documento de Identidad | K5: Hojas de Vida | L5: Profesión | M5: Diplomas y/o Acta de pregrado | N5: Tarjeta Profesional | O5: Certificado de vigencia TP | P5: Especialización | Q5: Diplomas y/o actas de posgrado (aplicables para perfiles solicitados) | R5: Certificaciones Habilitantes | S5: Certificaciones Formación Adicional | T5: Certificaciones Experiencia Adicional | U5: Carta de Intención
I7: Nombre | J7: Adjuntar copia de la cedula de ciudadanía | L7: Titulo | N7: Copia de la Tarjeta Profesional | O7: Certificado de vigencia actualizado | P7: Titulo | Q7: Diplomas y actas de posgrado o especializacion aplicables para perfiles solicitados | R7: Certificaciones expedidas por el contratante con la información requerida para la validación, incluidos objeto, áreas y valores | S7: Diplomas y actas de posgrado o especializacion aplicables para perfiles solicitados | T7: Certificaciones expedidas por el contratante con la información requerida para la validación, incluidos objeto, áreas y valores | U7: Adjuntar Carta Firmada
B8: 1 | C8: Director de Proyecto | D8: Arquitecto o Ingeniero Civil con matrícula profesional vigente con Postgrado en Diseño o Gerencia de Proyectos o afines | E8: Igual o superior a diez (10) años, contados a partir de la fecha de expedición de la matrícula o tarjeta profesional y con anterioridad a la fecha de cierre del presente proceso de selección, debidamente acreditados mediante certificados adjuntos a la propuesta. | F8: Experiencia específica certificada de participación como gerente y/o director y/o coordinador en máximo tres (3) proyectos de consultoría de estudios y diseños para la construcción o adecuación o ampliación de infraestructura para los usos referenciados en tabla J.1.1-1 del título J de la NSR-10 de clasificación Comercial Y/O Institucional y/o lugares de reunión de uso público o privado, cuya área sumada sea igual o superior a 6.000 m2. | G8: 1 | H8: 0.5 | I8: ANDRES FELIPE HINCAPIE MURGUEITIO | J8: ANDRES FELIPE HINCAPIE MURGUEITIO PAGINA 2 | K8: ANDRES FELIPE HINCAPIE MURGUEITIO PAGINA 4-7 | L8: INGENIERO CIVIL | M8: ANDRES FELIPE HINCAPIE MURGUEITIO PAGINA 9 | N8: ANDRES FELIPE HINCAPIE MURGUEITIO PAGINA 11 24-03-1998 | O8: ANDRES FELIPE HINCAPIE MURGUEITIO PAGINA 13 | P8: ESPECIALISTA EN GERENCIA DE CONSTRUCCIONES | Q8: ANDRES FELIPE HINCAPIE MURGUEITIO PAGINA 15 | R8: ANDRES FELIPE HINCAPIE MURGUEITIO PAGINA 17-19 | S8: ANDRES FELIPE HINCAPIE MURGUEITIO PAGINA 21-22 | T8: NO APLICA | U8: ANDRES FELIPE HINCAPIE MURGUEITIO PAGINA 24
B9: 2 | C9: Coordinador de Diseños | D9: Arquitecto o Ingeniero Civil o Ingeniero Industrial con Postgrado en diseño o gerencia de proyectos o afines | E9: Igual o superior a ocho (8) años, contados a partir de la fecha de expedición de la matrícula o tarjeta profesional y con anterioridad a la fecha de cierre del presente proceso de selección, debidamente acreditados mediante certificados adjuntos a la propuesta. | F9: Experiencia específica certificada de participación como coordinador, en máximo tres (3) proyectos de consultoría de estudios y diseños para la construcción o adecuación o ampliación de infraestructura para los usos referenciados en tabla J.1.1-1 del título J de la NSR-10 de clasificación Comercial Y/O Institucional y/o lugares de reunión de uso público o privado, cuya área sumada sea igual o superior a 6.000 m2. | G9: 1 | H9: 1 | I9: CHRISTIAN DANIEL FERNANDEZ GUTIERREZ | J9: CHRISTIAN DANIEL FERNANDEZ GUTIERREZ PAGINA 2 | K9: CHRISTIAN DANIEL FERNANDEZ GUTIERREZ PAGINA 4-8 | L9: ARQUITECTO | M9: CHRISTIAN DANIEL FERNANDEZ GUTIERREZ PAGINA 10-11 | N9: CHRISTIAN DANIEL FERNANDEZ GUTIERREZ PAGINA 13 10-12-2015 | O9: CHRISTIAN DANIEL FERNANDEZ GUTIERREZ PAGINA 15 | P9: ESPECIALISTA EN ADMINISTRACION DE EMPRESAS DE LA CONSTRUCCION | Q9: CHRISTIAN DANIEL FERNANDEZ GUTIERREZ PAGINA 17-18 | R9: CHRISTIAN DANIEL FERNANDEZ GUTIERREZ PAGINA 20-22 | S9: CHRISTIAN DANIEL FERNANDEZ GUTIERREZ PAGINA 24 curso revit | T9: CHRISTIAN DANIEL FERNANDEZ GUTIERREZ PAGINA 26-27 | U9: CHRISTIAN DANIEL FERNANDEZ GUTIERREZ PAGINA 29
B10: 3 | C10: Arquitecto Diseñador | D10: Arquitecto con Postgrado en Diseño Arquitectonico o afines | E10: Igual o superior a ocho (8) años, contados a partir de la fecha de expedición de la matrícula o tarjeta profesional y con anterioridad a la fecha de cierre del presente proceso de selección, debidamente acreditados mediante certificados adjuntos a la propuesta. | F10: Experiencia específica certificada de participación en máximo tres (3) proyectos de diseños arquitectónicos para la construcción o adecuación o ampliación de infraestructura para los usos referenciados en tabla J.1.1-1 del título J de la NSR-10 de clasificación Comercial Y/O Institucional y/o lugares de reunión de uso público o privado, cuya área sumada sea igual o superior a 6.000 m2. | G10: 1 | H10: 1 | I10: ADRIANA MONTAÑO VILLEGAS | J10: ADRIANA MONTAÑO VILLEGAS PAGINA 2 | K10: ADRIANA MONTAÑO VILLEGAS PAGINA 4-5 | L10: ARQUITECTA | M10: ADRIANA MONTAÑO VILLEGAS PAGINA 7-8 | N10: ADRIANA MONTAÑO VILLEGAS PAGINA 10 6-10-2000 | O10: ADRIANA MONTAÑO VILLEGAS PAGINA 12 | P10: MASTER OF SCIENSE IN ARCHITECTURE | Q10: ADRIANA MONTAÑO VILLEGAS PAGINA 14-18 | R10: ADRIANA MONTAÑO VILLEGAS PAGINA 20-24 | S10: ADRIANA MONTAÑO VILLEGAS PAGINA 26-30 | T10: ADRIANA MONTAÑO VILLEGAS PAGINA 32-33 | U10: ADRIANA MONTAÑO VILLEGAS PAGINA 36
B11: 4 | C11: Diseñador Urbano y Paisajista | D11: Arquitecto con Postgrado en Urbanismo y/o Paisajismo | E11: Igual o superior a ocho (8) años, contados a partir de la fecha de expedición de la matrícula o tarjeta profesional y con anterioridad a la fecha de cierre del presente proceso de selección, debidamente acreditados mediante certificados adjuntos a la propuesta. | F11: Experiencia específica certificada de participación en máximo tres (3) proyectos de diseños arquitectónicos Urbanísticos y/o Paisajistyicos para la construcción o adecuación o ampliación de infraestructura para los usos referenciados en tabla J.1.1-1 del título J de la NSR-10 de clasificación Comercial Y/O Institucional y/o lugares de reunión de uso público o privado, cuya área sumada sea igual o superior a 6.000 m2. | G11: 1 | H11: 0.5 | I11: MAURICIO OTERO LAVADO | J11: MAURICIO OTERO LAVADO PAGINA 2 | K11: MAURICIO OTERO LAVADO PAGINA 4-18 | L11: ARQUITECTO | M11: MAURICIO OTERO LAVADO PAGINA 20-21 | N11: MAURICIO OTERO LAVADO PAGINA 23 17-4-1997 | O11: MAURICIO OTERO LAVADO PAGINA 25 | P11: ESPECIALISTA EN PAISAJISMO | Q11: MAURICIO OTERO LAVADO PAGINA 27-28 | R11: MAURICIO OTERO LAVADO PAGINA 30-38 | S11: NO APLICA | T11: MAURICIO OTERO LAVADO PAGINA 40-41 | U11: MAURICIO OTERO LAVADO PAGINA 43
B12: 5 | C12: Modelador BIM | D12: Arquitecto o Ingeniero Civil con formación en Educacion Informal o en Educacion para el Trabajo y el desarrollo Humano en herramientas de dibujo arquitectonico (AUTODESK, otras) y modelación BIM, debidamente acreditadas, con al menos 320 horas de formacion acumulada. | E12: Igual o superior a cinco (5) años contados a partir de la expedición de la matrícula o tarjeta profesional y con anterioridad a la fecha de cierre del presente proceso de selección, debidamente acreditados mediante certificados adjuntos a la propuesta | F12: Experiencia específica certificada de participación en máximo tres (3) proyectos de Modelación BIM de proyectos de construcción o adecuación o ampliación de infraestructura de uso público o privado, cuya área sumada sea igual o superior a 6.000 m2. | G12: 1 | H12: 1 | I12: JULIAN ANDRES LOPEZ LUNA | J12: JULIAN ANDRES LOPEZ LUNA PAGINA 2 | K12: JULIAN ANDRES LOPEZ LUNA PAGINA 4-11 | L12: ARQUITECTO | M12: JULIAN ANDRES LOPEZ LUNA PAGINA 13 | N12: JULIAN ANDRES LOPEZ LUNA PAGINA 15 20-04-2012 | O12: JULIAN ANDRES LOPEZ LUNA PAGINA 17 | P12: MODELACION Y COORDINACION DE PROYECTOS BIM CON AUTODESK REVIT | Q12: JULIAN ANDRES LOPEZ LUNA PAGINA 19-21 | R12: JULIAN ANDRES LOPEZ LUNA PAGINA 23-25 | S12: NO APLICA | T12: NO APLICA | U12: JULIAN ANDRES LOPEZ LUNA PAGINA 27
B13: 6 | C13: Ingeniero Estructural | D13: Ingeniero civil, con Postgrado en Estructuras | E13: Igual o superior a ocho (8) años, contados a partir de la fecha de expedición de la matrícula o tarjeta profesional y con anterioridad a la fecha de cierre del presente proceso de selección, debidamente acreditados mediante certificados adjuntos a la propuesta. | F13: Experiencia específica certificada de participación en máximo tres (3) proyectos de diseño estructural, reforzamiento o estudios de vulnerabilidad sísmica para la construcción o adecuación o ampliación de infraestructura para los usos referenciados en tabla J.1.1-1 del título J de la NSR-10 de clasificación Comercial Y/O Institucional y/o lugares de reunión de uso público o privado, cuya área sumada sea igual o superior a 6.000 m2. | G13: 1 | H13: 1 | I13: OSCAR EDUARDO TRIVIÑO AYALA | J13: OSCAR EDUARDO TRIVIÑO AYALA PAGINA 2 | K13: OSCAR EDUARDO TRIVIÑO AYALA PAGINA 4 | L13: INGENIERO CIVIL | M13: OSCAR EDUARDO TRIVIÑO AYALA PAGINA 6-7 | N13: OSCAR EDUARDO TRIVIÑO AYALA PAGINA 9 02-10-2015 | O13: OSCAR EDUARDO TRIVIÑO AYALA PAGINA 11 | P13: MAGISTER EN INGENIERIA CIVIL CON ENFASIS EN ESTRUCTURAS, SISMICA Y MATERIALES | Q13: OSCAR EDUARDO TRIVIÑO AYALA PAGINA 13-15 | R13: OSCAR EDUARDO TRIVIÑO AYALA PAGINA 17-20 | S13: OSCAR EDUARDO TRIVIÑO AYALA PAGINA 22-24 | T13: OSCAR EDUARDO TRIVIÑO AYALA PAGINA 26-29 | U13: OSCAR EDUARDO TRIVIÑO AYALA PAGINA 31
B14: 7 | C14: Ingeniero Hidráulico y RCI | D14: Ingeniero civil o ingeniero hidráulico o ingeniero hidrosanitario o ingeniero sanitario o afines, con Postgrado en hidráulica o afines | E14: Igual o superior a ocho (8) años, contados a partir de la fecha de expedición de la matrícula o tarjeta profesional y con anterioridad a la fecha de cierre del presente proceso de selección, debidamente acreditados mediante certificados adjuntos a la propuesta. | F14: Experiencia específica certificada de participación en máximo tres (3) proyectos de consultoría de estudios y diseños de redes hidrosanitarias y Redes Contraincendios de edificaciones, cuya área sumada sea igual o superior a 6.000 m2. | G14: 1 | H14: 1 | I14: KEVIN ANDRES TRUJILLO CARDONA | J14: KEVIN ANDRES TRUJILLO CARDONA PAGINA 2 | K14: KEVIN ANDRES TRUJILLO CARDONA PAGINA 4-12 | L14: INGENIERO CIVIL | M14: KEVIN ANDRES TRUJILLO CARDONA PAGINA 14-15 | N14: KEVIN ANDRES TRUJILLO CARDONA PAGINA 17-18 05-09-2014 | O14: KEVIN ANDRES TRUJILLO CARDONA PAGINA 20 | P14: ESPECIALISTA EN RECURSOS HIDRICOS | Q14: KEVIN ANDRES TRUJILLO CARDONA PAGINA 22-23 | R14: KEVIN ANDRES TRUJILLO CARDONA PAGINA 25-27 | S14: KEVIN ANDRES TRUJILLO CARDONA PAGINA 29 | T14: KEVIN ANDRES TRUJILLO CARDONA PAGINA 31-32 | U14: KEVIN ANDRES TRUJILLO CARDONA PAGINA 34
B15: 8 | C15: Ingeniero Electricista y de redes especiales | D15: Profesional en ingeniería eléctrica con Posgrado en áreas relacionadas o afines al componente eléctrico o de redes especiales complementarias | E15: Igual o superior a ocho (8) años, contados a partir de la fecha de expedición de la matrícula o tarjeta profesional y con anterioridad a la fecha de cierre del presente proceso de selección, debidamente acreditados mediante certificados adjuntos a la propuesta. | F15: Experiencia específica certificada de participación en máximo tres (3) proyectos de consultoría de estudios y diseños de redes eléctricas, voz , datos y redes especiales para edificaciones, cuya área sumada sea igual o superior a 6.000 m2. | G15: 1 | H15: 1 | I15: ANDRES FELIPE POLO MEDINA | J15: ANDRES FELIPE POLO MEDINA PAGINA 2 | K15: ANDRES FELIPE POLO MEDINA PAGINA 4-14 | L15: INGENIERO ELECTRICISTA | M15: ANDRES FELIPE POLO MEDINA PAGINA 16-17 | N15: ANDRES FELIPE POLO MEDINA PAGINA 19 15-10-203 | O15: ANDRES FELIPE POLO MEDINA PAGINA 21 | P15: NO APLICA | Q15: NO APLICA | R15: ANDRES FELIPE POLO MEDINA PAGINA 23 | S15: ANDRES FELIPE POLO MEDINA PAGINA 25 | T15: NO APLICA | U15: ANDRES FELIPE POLO MEDINA PAGINA 27
B16: 9 | C16: Ingeniero Mecánico HVAC | D16: Ingeniero Mecánico | E16: Igual o superior a cinco (5) años contados a partir de la expedición de la matrícula o tarjeta profesional y con anterioridad a la fecha de cierre del presente proceso de selección, debidamente acreditados mediante certificados adjuntos a la propuesta | F16: Experiencia específica certificada de participación en máximo tres (3) proyectos de consultoría de estudios y diseños de redes HVAC para edificaciones, cuya área sumada sea igual o superior a 3.000 m2. | G16: 1 | H16: 0.5 | I16: WILSON ARTURO RIOS GARCIA | J16: WILSON ARTURO RIOS GARCIA PAGINA 2 | K16: WILSON ARTURO RIOS GARCIA PAGINA 4-5 | L16: INGENIERO MECANICO | M16: WILSON ARTURO RIOS GARCIA PAGINA 7 | N16: WILSON ARTURO RIOS GARCIA PAGINA 9 15-11-2013 | O16: WILSON ARTURO RIOS GARCIA PAGINA 11 | P16: NO APLICA | Q16: NO APLICA | R16: WILSON ARTURO RIOS GARCIA PAGINA 13-15 | S16: WILSON ARTURO RIOS GARCIA PAGINA 17-18 | T16: WILSON ARTURO RIOS GARCIA PAGINA 20-21 | U16: WILSON ARTURO RIOS GARCIA PAGINA 23
B17: 10 | C17: Ingeniero Redes de Gas | D17: Ingeniero civil o ingeniero hidráulico o ingeniero mecánico o afines | E17: Igual o superior a cinco (5) años contados a partir de la expedición de la matrícula o tarjeta profesional y con anterioridad a la fecha de cierre del presente proceso de selección, debidamente acreditados mediante certificados adjuntos a la propuesta | F17: Experiencia específica certificada de participación en máximo tres (3) proyectos de consultoría de estudios y diseños de redes de gas para edificaciones, cuya área sumada sea igual o superior a 6.000 m2. | G17: 1 | H17: 0.5 | I17: MIGUEL ANGEL ZAFRA FONTAL | J17: MIGUEL ANGEL ZAFRA FONTAL PAGINA 2 | K17: MIGUEL ANGEL ZAFRA FONTAL PAGINA 4-7 | L17: INGENIERO MECANICO | M17: MIGUEL ANGEL ZAFRA FONTAL PAGINA 9 | N17: MIGUEL ANGEL ZAFRA FONTAL PAGINA 11 18-09-2009 | O17: MIGUEL ANGEL ZAFRA FONTAL PAGINA 13 | P17: MAGISTER EN ADMINISTRACION DE EMPRESAS | Q17: MIGUEL ANGEL ZAFRA FONTAL PAGINA 15 | R17: MIGUEL ANGEL ZAFRA FONTAL PAGINA 17-19 | S17: MIGUEL ANGEL ZAFRA FONTAL PAGINA 21-24 | T17: MIGUEL ANGEL ZAFRA FONTAL PAGINA 26-29 | U17: MIGUEL ANGEL ZAFRA FONTAL PAGINA 31
B18: 11 | C18: Ingeniero Ambiental (PGIO - PMT) | D18: Ingeniero ambiental | E18: Igual o superior a cinco (5) años contados a partir de la expedición de la matrícula o tarjeta profesional y con anterioridad a la fecha de cierre del presente proceso de selección, debidamente acreditados mediante certificados adjuntos a la propuesta | F18: Experiencia específica certificada de participación en máximo tres (3) proyectos de estudios para elaborar los Planes de Gestión Integral de Obra y Planes de manejo de Trafico para edificaciones, cuya área sumada sea igual o superior a 3.000 m2. | G18: 1 | H18: 0.5 | I18: GIOVANNA ANDREA WOLF ROA | J18: GIOVANNA ANDREA WOLF ROA PAGINA 2 | K18: GIOVANNA ANDREA WOLF ROA PAGINA 4-6 | L18: INGENIERA AMBIENTAL Y SANITARIA | M18: GIOVANNA ANDREA WOLF ROA PAGINA 8 | N18: GIOVANNA ANDREA WOLF ROA PAGINA 10 27-07-2006 | O18: GIOVANNA ANDREA WOLF ROA PAGINA 12 | P18: ESPECIALISTA EN DERECHO AMBIENTAL | Q18: GIOVANNA ANDREA WOLF ROA PAGINA 14 | R18: GIOVANNA ANDREA WOLF ROA PAGINA 16-18 | S18: GIOVANNA ANDREA WOLF ROA PAGINA 20 | T18: NO APLICA | U18: GIOVANNA ANDREA WOLF ROA PAGINA 22
B19: 12 | C19: Profesional de Programación y Presupuestos | D19: Arquitecto o Ingeniero civil o administrador de obras civiles | E19: Igual o superior a cinco (5) años contados a partir de la expedición de la matrícula o tarjeta profesional y con anterioridad a la fecha de cierre del presente proceso de selección, debidamente acreditados mediante certificados adjuntos a la propuesta | F19: Experiencia específica certificada de participación en máximo tres (3) proyectos de estudios para elaboración del componente presupuestal y de programación de edificaciones, cuya área sumada sea igual o superior a 6.000 m2. | G19: 1 | H19: 1 | I19: MARIA JIMENA RODRIGUEZ OBANDO | J19: MARIA JIMENA RODRIGUEZ OBANDO PAGINA 2 | K19: MARIA JIMENA RODRIGUEZ OBANDO PAGINA 4 | L19: INGENIERA CIVIL | M19: MARIA JIMENA RODRIGUEZ OBANDO PAGINA 6-7 | N19: MARIA JIMENA RODRIGUEZ OBANDO PAGINA 9 29-09-2020 | O19: MARIA JIMENA RODRIGUEZ OBANDO PAGINA 11 | P19: MAGISTER EN INGENIERIA CIVIL | Q19: MARIA JIMENA RODRIGUEZ OBANDO PAGINA 13-14 | R19: MARIA JIMENA RODRIGUEZ OBANDO PAGINA 16-18 | S19: MARIA JIMENA RODRIGUEZ OBANDO PAGINA 20-21 | T19: NO APLICA | U19: MARIA JIMENA RODRIGUEZ OBANDO PAGINA 23
I24: Notas
I25: Por cada Integrante del equipo de trabajo minimo requerido, preparar y presentar un anexo, en el cual se presente en forma consecutiva los soportes correspondientes a cada columna para la validacion tanto habilitante como adicional de acuerdo a las exigencias del pliego

Sheet Personal Prop 6 - Form 11 
B2: Formato 11
B3: Formacion y Experiencia del equipo de trabajo | U3: VERIFICADO
B5: No. | C5: Cargo a Desempeñar | D5: Formación Académica | E5: Experiencia General Mínima Requerida (años) | F5: Experiencia Específica (años) | G5: Cantidad | H5: Dedicación | I5: Nombre | J5: Documento de Identidad | K5: Hojas de Vida | L5: Profesión | M5: Diplomas y/o Acta de pregrado | N5: Tarjeta Profesional | O5: Certificado de vigencia TP | P5: Especialización | Q5: Diplomas y/o actas de posgrado (aplicables para perfiles solicitados) | R5: Certificaciones Habilitantes | S5: Certificaciones Formación Adicional | T5: Certificaciones Experiencia Adicional | U5: Carta de Intención
I7: Nombre | J7: Adjuntar copia de la cedula de ciudadanía | L7: Titulo | N7: Copia de la Tarjeta Profesional | O7: Certificado de vigencia actualizado | P7: Titulo | Q7: Diplomas y actas de posgrado o especializacion aplicables para perfiles solicitados | R7: Certificaciones expedidas por el contratante con la información requerida para la validación, incluidos objeto, áreas y valores | S7: Diplomas y actas de posgrado o especializacion aplicables para perfiles solicitados | T7: Certificaciones expedidas por el contratante con la información requerida para la validación, incluidos objeto, áreas y valores | U7: Adjuntar Carta Firmada
B8: 1 | C8: Director de Proyecto | D8: Arquitecto o Ingeniero Civil con matrícula profesional vigente con Postgrado en Diseño o Gerencia de Proyectos o afines | E8: Igual o superior a diez (10) años, contados a partir de la fecha de expedición de la matrícula o tarjeta profesional y con anterioridad a la fecha de cierre del presente proceso de selección, debidamente acreditados mediante certificados adjuntos a la propuesta. | F8: Experiencia específica certificada de participación como gerente y/o director y/o coordinador en máximo tres (3) proyectos de consultoría de estudios y diseños para la construcción o adecuación o ampliación de infraestructura para los usos referenciados en tabla J.1.1-1 del título J de la NSR-10 de clasificación Comercial Y/O Institucional y/o lugares de reunión de uso público o privado, cuya área sumada sea igual o superior a 6.000 m2. | G8: 1 | H8: 0.5 | I8: FELIPE STAND VILLARREAL | J8: SI9 | K8: SI | L8: INGENIERO CIVIL | M8: 04 | N8: 03 18 AGO 2002 | O8: 07 | P8: ESPECIALISTA EN GERENCIA DE PROYECTOS | Q8: 05 | R8: 08 | S8: 06 | T8: 09 | U8: 10
B9: 2 | C9: Coordinador de Diseños | D9: Arquitecto o Ingeniero Civil o Ingeniero Industrial con Postgrado en diseño o gerencia de proyectos o afines | E9: Igual o superior a ocho (8) años, contados a partir de la fecha de expedición de la matrícula o tarjeta profesional y con anterioridad a la fecha de cierre del presente proceso de selección, debidamente acreditados mediante certificados adjuntos a la propuesta. | F9: Experiencia específica certificada de participación como coordinador, en máximo tres (3) proyectos de consultoría de estudios y diseños para la construcción o adecuación o ampliación de infraestructura para los usos referenciados en tabla J.1.1-1 del título J de la NSR-10 de clasificación Comercial Y/O Institucional y/o lugares de reunión de uso público o privado, cuya área sumada sea igual o superior a 6.000 m2. | G9: 1 | H9: 1 | I9: CARLOS VILLALOBOS | J9: 02 | K9: 01 | L9: ARQUITECTO | M9: 03 | N9: 02 19 MAR 2004 | O9: 05 | P9: ESPECIALISTA EN GERENCIA DE CONSTRUCCIONES | Q9: 03 | R9: 06 | S9: 03 MAGISTER EN PLANEACION URBANA Y REGIONAL | T9: 07 | U9: 08
B10: 3 | C10: Arquitecto Diseñador | D10: Arquitecto con Postgrado en Diseño Arquitectonico o afines | E10: Igual o superior a ocho (8) años, contados a partir de la fecha de expedición de la matrícula o tarjeta profesional y con anterioridad a la fecha de cierre del presente proceso de selección, debidamente acreditados mediante certificados adjuntos a la propuesta. | F10: Experiencia específica certificada de participación en máximo tres (3) proyectos de diseños arquitectónicos para la construcción o adecuación o ampliación de infraestructura para los usos referenciados en tabla J.1.1-1 del título J de la NSR-10 de clasificación Comercial Y/O Institucional y/o lugares de reunión de uso público o privado, cuya área sumada sea igual o superior a 6.000 m2. | G10: 1 | H10: 1 | I10: JOHN ALEJANDRO RICO VARGAS | J10: 02 | K10: 01 | L10: ARQUITECTO | M10: 03 | N10: 02 22 JUL 2005 | O10: 05 | P10: MASTER EN DISEÑO, ARTE Y ESPACIO PUBLICO CCONVALIDADO EN COLOMBIA | Q10: 04 | R10: 06 | S10: MASTER EN DISEÑO, ARTE Y ESPACIO PUBLICO CCONVALIDADO EN COLOMBIA | T10: 07 | U10: 08
B11: 4 | C11: Diseñador Urbano y Paisajista | D11: Arquitecto con Postgrado en Urbanismo y/o Paisajismo | E11: Igual o superior a ocho (8) años, contados a partir de la fecha de expedición de la matrícula o tarjeta profesional y con anterioridad a la fecha de cierre del presente proceso de selección, debidamente acreditados mediante certificados adjuntos a la propuesta. | F11: Experiencia específica certificada de participación en máximo tres (3) proyectos de diseños arquitectónicos Urbanísticos y/o Paisajistyicos para la construcción o adecuación o ampliación de infraestructura para los usos referenciados en tabla J.1.1-1 del título J de la NSR-10 de clasificación Comercial Y/O Institucional y/o lugares de reunión de uso público o privado, cuya área sumada sea igual o superior a 6.000 m2. | G11: 1 | H11: 0.5 | I11: RICARDO EFRAIN SANTACRUZ | J11: 02 | K11: 01 | L11: ARQUITECTO | M11: 04 | N11: 03 04 MAYO 2006 | O11: 05 | P11: MASTER EN DISEÑO URBANO, CONVALIDADO | Q11: 04 | R11: 06 | S11: MASTER EN DISEÑO URBANO, CONVALIDADO | T11: 07 | U11: 08
B12: 5 | C12: Modelador BIM | D12: Arquitecto o Ingeniero Civil con formación en Educacion Informal o en Educacion para el Trabajo y el desarrollo Humano en herramientas de dibujo arquitectonico (AUTODESK, otras) y modelación BIM, debidamente acreditadas, con al menos 320 horas de formacion acumulada. | E12: Igual o superior a cinco (5) años contados a partir de la expedición de la matrícula o tarjeta profesional y con anterioridad a la fecha de cierre del presente proceso de selección, debidamente acreditados mediante certificados adjuntos a la propuesta | F12: Experiencia específica certificada de participación en máximo tres (3) proyectos de Modelación BIM de proyectos de construcción o adecuación o ampliación de infraestructura de uso público o privado, cuya área sumada sea igual o superior a 6.000 m2. | G12: 1 | H12: 1 | I12: MARIA FERNANDA FORERO | J12: 02 | K12: 01 | L12: ARQUITECTA | M12: 04 | N12: 03 25 AGO 2017 | O12: 08 | P12: ESPECIALISTA TECNOLOGICO EN METODOLOGIA BIM PARA EL DESARROLLO DE PROYECTOS DE LA EDIFICACION | Q12: 07 | R12: (44+136) HORAS +ESPECIALIZACION | S12: NA | T12: 10 | U12: 11
B13: 6 | C13: Ingeniero Estructural | D13: Ingeniero civil, con Postgrado en Estructuras | E13: Igual o superior a ocho (8) años, contados a partir de la fecha de expedición de la matrícula o tarjeta profesional y con anterioridad a la fecha de cierre del presente proceso de selección, debidamente acreditados mediante certificados adjuntos a la propuesta. | F13: Experiencia específica certificada de participación en máximo tres (3) proyectos de diseño estructural, reforzamiento o estudios de vulnerabilidad sísmica para la construcción o adecuación o ampliación de infraestructura para los usos referenciados en tabla J.1.1-1 del título J de la NSR-10 de clasificación Comercial Y/O Institucional y/o lugares de reunión de uso público o privado, cuya área sumada sea igual o superior a 6.000 m2. | G13: 1 | H13: 1 | I13: JAIRO ANDRES MEZA ROSAS | J13: 2 | K13: 01 | L13: INGENIERO CIVIL | M13: 03 | N13: 02.1 17 JUN 2004 | O13: 05 | P13: ESPECIALISTA EN ESTRUCTURAS | Q13: 03.1 | R13: 06 | S13: 04 MAGISTER N INGENIERIA CIVIL | T13: 07 | U13: 08
B14: 7 | C14: Ingeniero Hidráulico y RCI | D14: Ingeniero civil o ingeniero hidráulico o ingeniero hidrosanitario o ingeniero sanitario o afines, con Postgrado en hidráulica o afines | E14: Igual o superior a ocho (8) años, contados a partir de la fecha de expedición de la matrícula o tarjeta profesional y con anterioridad a la fecha de cierre del presente proceso de selección, debidamente acreditados mediante certificados adjuntos a la propuesta. | F14: Experiencia específica certificada de participación en máximo tres (3) proyectos de consultoría de estudios y diseños de redes hidrosanitarias y Redes Contraincendios de edificaciones, cuya área sumada sea igual o superior a 6.000 m2. | G14: 1 | H14: 1 | I14: FREDY ANDERSON CHACON | J14: 02 | K14: 01 | L14: INGENIERO SANITARIO Y AMBIENTAL | M14: 04 | N14: 03 29 DIC 2017 | O14: 07 | P14: ESPECIALISTA EN INGENIERIA HIDRAULICA Y AMBIENTAL | Q14: 06 | R14: 08 | S14: 05 MAGISTER EN RECURSOS HIDRAULICOS | T14: 09 | U14: 10
B15: 8 | C15: Ingeniero Electricista y de redes especiales | D15: Profesional en ingeniería eléctrica con Posgrado en áreas relacionadas o afines al componente eléctrico o de redes especiales complementarias | E15: Igual o superior a ocho (8) años, contados a partir de la fecha de expedición de la matrícula o tarjeta profesional y con anterioridad a la fecha de cierre del presente proceso de selección, debidamente acreditados mediante certificados adjuntos a la propuesta. | F15: Experiencia específica certificada de participación en máximo tres (3) proyectos de consultoría de estudios y diseños de redes eléctricas, voz , datos y redes especiales para edificaciones, cuya área sumada sea igual o superior a 6.000 m2. | G15: 1 | H15: 1 | I15: ALEJANDRO ESTEBAN ZAPATA RODRIGUEZ | J15: 02 | K15: 01 | L15: INGENIERO ELECTRICISTA | M15: 03 | N15: 02 25 FEB DE 2011 | O15: 04 | P15: ESPECIALIZACION EN PROYECTOS DE ENERGIA | Q15: 03 | R15: 05 | S15: NO | T15: 06 | U15: 07
B16: 9 | C16: Ingeniero Mecánico HVAC | D16: Ingeniero Mecánico | E16: Igual o superior a cinco (5) años contados a partir de la expedición de la matrícula o tarjeta profesional y con anterioridad a la fecha de cierre del presente proceso de selección, debidamente acreditados mediante certificados adjuntos a la propuesta | F16: Experiencia específica certificada de participación en máximo tres (3) proyectos de consultoría de estudios y diseños de redes HVAC para edificaciones, cuya área sumada sea igual o superior a 3.000 m2. | G16: 1 | H16: 0.5 | I16: NILKAR SANTAMARIA DIAZ | J16: 02 | K16: 01 | L16: INGENIERO MECANICO | M16: 04 | N16: 03 14 JULIO 2011 | O16: 06 | P16: MAGISTER EN GESTION DE PROYECTOS | Q16: NA | R16: 07 | S16: NA | T16: NA | U16: 09
B17: 10 | C17: Ingeniero Redes de Gas | D17: Ingeniero civil o ingeniero hidráulico o ingeniero mecánico o afines | E17: Igual o superior a cinco (5) años contados a partir de la expedición de la matrícula o tarjeta profesional y con anterioridad a la fecha de cierre del presente proceso de selección, debidamente acreditados mediante certificados adjuntos a la propuesta | F17: Experiencia específica certificada de participación en máximo tres (3) proyectos de consultoría de estudios y diseños de redes de gas para edificaciones, cuya área sumada sea igual o superior a 6.000 m2. | G17: 1 | H17: 0.5 | I17: JUAN PABLO SANTANA MORALES | J17: 02 | K17: 01 | L17: INGENIERO CIVIL | M17: 04 | N17: 03 20 AGO 2009 | O17: 06 | P17: ESPECIALISTA EN RECURSOS HIDRAULICOS Y MEDIO AMBIENTE | Q17: 05 | R17: 07 | S17: NA | T17: NA | U17: 10
B18: 11 | C18: Ingeniero Ambiental (PGIO - PMT) | D18: Ingeniero ambiental | E18: Igual o superior a cinco (5) años contados a partir de la expedición de la matrícula o tarjeta profesional y con anterioridad a la fecha de cierre del presente proceso de selección, debidamente acreditados mediante certificados adjuntos a la propuesta | F18: Experiencia específica certificada de participación en máximo tres (3) proyectos de estudios para elaborar los Planes de Gestión Integral de Obra y Planes de manejo de Trafico para edificaciones, cuya área sumada sea igual o superior a 3.000 m2. | G18: 1 | H18: 0.5 | I18: JENNIFFER RODRIGUEZ GAMBOA | J18: 02 | K18: 01 | L18: INGENIERA AMBIENTAL | M18: 04 | N18: 031 5 DIC 2011 | O18: 06 | P18: GERENCIA DE LA SEGURIDAD Y SALUD EN EL TRABAJO | Q18: 05 | R18: 07 | S18: NA | T18: NA | U18: 11
B19: 12 | C19: Profesional de Programación y Presupuestos | D19: Arquitecto o Ingeniero civil o administrador de obras civiles | E19: Igual o superior a cinco (5) años contados a partir de la expedición de la matrícula o tarjeta profesional y con anterioridad a la fecha de cierre del presente proceso de selección, debidamente acreditados mediante certificados adjuntos a la propuesta | F19: Experiencia específica certificada de participación en máximo tres (3) proyectos de estudios para elaboración del componente presupuestal y de programación de edificaciones, cuya área sumada sea igual o superior a 6.000 m2. | G19: 1 | H19: 1 | I19: ARTHUR ANDRES RUEDA ORDUZ | J19: 02 | K19: 01 | L19: INGENIERO CIVIL | M19: 04 | N19: 03 20 KMAYO 2010 | O19: 06 | P19: ESPECIALISTA EN GERENCIA DE PROYECTOS DE CONSTRUCCION | Q19: 05 | R19: 07 | S19: NA | T19: NA | U19: 12
I24: Notas
C25: Por cada Integrante del equipo de trabajo minimo requerido, preparar y presentar un anexo, en el cual se presente en forma consecutiva los soportes correspondientes a cada columna para la validacion tanto habilitante como adicional de acuerdo a las exigencias del pliego

Sheet Personal Prop 7 - Form 11
B3: FORMATO 8 - No 4
A4: 2.3.2 | B4: Personal mínimo requerido
A6: No | B6: Cargo a Desempeñar | C6: Formación Académica | D6: Experiencia General Mínima Requerida (Años) | E6: Experiencia Específica | F6: Nombre | G6: Documento de Identidad | H6: Hojas de Vida | I6: Profesión | J6: Diplomas y/o Acta de pregrado | K6: Tarjeta Profesional | L6: Certificado de vigencia TP | M6: Especialización | N6: Diplomas y/o actas de posgrado aplicables para perfiles solicitados | O6: Certificaciones Habilitantes | P6: Certificaciones Formación Adicional | Q6: Certificaciones Experiencia Adicional | R6: Carta de Intención
F8: Nombre | G8: Adjuntar copia de la cedula de ciudadanía | I8: Titulo | K8: Copia de la Tarjeta Profesional | L8: Certificado de vigencia actualizado | M8: Titulo | N8: Diplomas y/o actas de posgrado o especialización aplicables para perfiles solicitados | O8: Certificaciones expedidas por el contratante con la información requerida para la validación, incluidos objeto, áreas y valores | P8: Diplomas y actas de posgrado o especialización aplicables para perfiles solicitados | Q8: Certificaciones expedidas por el contratante con la información requerida para la validación, incluidos objeto, áreas y valores | R8: Adjuntar Carta Firmada
A9: 1 | B9: Director de Proyecto | C9: Arquitecto o Ingeniero Civil con matrícula profesional vigente con especialización en Diseño o Gerencia de Proyectos o afines | D9: Igual o superior a diez (10) años, contados a partir de la fecha de expedición de la matrícula o tarjeta profesional y con anterioridad a la fecha de cierre del presente proceso de selección, debidamente acreditados mediante certificados adjuntos a la propuesta. | E9: Experiencia específica certificada de participación como gerente y/o director y/o coordinador en máximo tres (3) proyectos de consultoría de estudios y diseños para la construcción o adecuación o ampliación de infraestructura para los usos referenciados en tabla J.1.1-1 del título J de la NSR-10 de clasificación Comercial Y/O Institucional y/o lugares de reunión de uso público o privado, cuya área sumada sea igual o superior a 6.000 m2. | F9: JUAN CARLOS RODRIGUEZ IZQUIERDO | G9: 10.136.825 de Pereira | H9: si | I9: Arquitecto | J9: Diploma y acta | K9: 17700-55998 27 julio 1995 | L9: si | M9: Master en Direccion de Proyectos | N9: Master en Direccion de Proyectos | O9: 3 Certificados: Pista Atletismo - Centro Comercio Sena - Biblioteca Unilibre | P9: Master en Direccion de Proyectos | Q9: 2 Certificados: Colegio San Joaquin - Estadio Hernan Ramirez | R9: Anexo 00 - APORTA CARTA DEBIDAMENTE FIRMADA
E10: La experiencia, tanto general como específica deberán ser acreditados mediante certificados adjuntos a la propuesta, según sea establecido en los documentos de Estudios Previos.
A11: 2 | B11: Coordinador de Diseños | C11: Arquitecto o Ingeniero Civil o Ingeniero Industrial con especialización en diseño o gerencia de proyectos o afines | D11: Igual o superior a ocho (8) años, contados a partir de la fecha de expedición de la matrícula o tarjeta profesional y con anterioridad a la fecha de cierre del presente proceso de selección, debidamente acreditados mediante certificados adjuntos a la propuesta. | E11: Experiencia específica certificada de participación como coordinador, en máximo tres (3) proyectos de consultoría de estudios y diseños para la construcción o adecuación o ampliación de infraestructura para los usos referenciados en tabla J.1.1-1 del título J de la NSR-10 de clasificación Comercial Y/O Institucional y/o lugares de reunión de uso público o privado, cuya área sumada sea igual o superior a 6.000 m2. | F11: YESID ALEXANDER MUNAR CASTAÑEDA | G11: 79.317.188 de Bogota DC | H11: si | I11: Ingeniero Civil | J11: Diploma | K11: 25202-47246 15 julio 1993 | L11: si | M11: Especialista en Gerencia de Proyectos | N11: Especialista en Gerencia de Proyectos | O11: 3 Certificados: Sena - Empocaldas - Concejo de Bogota | P11: Especialista en Estructuras | Q11: 2 Certificados: Inficaldas - Honda | R11: Anexo 10- APORTA CARTA DEBIDAMENTE FIRMADA
E12: La experiencia, tanto general como específica deberán ser acreditados mediante certificados adjuntos a la propuesta, según sea establecido en los documentos de Estudios Previos.
A13: 3 | B13: Arquitecto | C13: Arquitecto con Postgrado en Diseño Arquitectonico o afines | D13: Igual o superior a ocho (8) años, contados a partir de la fecha de expedición de la matrícula o tarjeta profesional y con anterioridad a la fecha de cierre del presente proceso de selección, debidamente acreditados mediante certificados adjuntos a la propuesta. | E13: Experiencia específica certificada de participación en máximo tres (3) proyectos de diseños arquitectónicos para la construcción o adecuación o ampliación de infraestructura para los usos referenciados en tabla J.1.1-1 del título J de la NSR-10 de clasificación Comercial Y/O Institucional y/o lugares de reunión de uso público o privado, cuya área sumada sea igual o superior a 6.000 m2. | F13: PABLO FRANCO MOLINA | G13: 10.240.867 de Manizales | H13: si | I13: Arquitecto | J13: Diploma | K13: 17700-01312 12 marzo 1980 | L13: si | M13: Especialista en Conservacion y Restauracion del Patrimonio | N13: Especialista en Conservacion y Restauracion del Patrimonio | O13: 3 Certificados: EMPOCALDAS, INFICALDAS, INVAMA | R13: Anexo 10-APORTA CARTA DEBIDAMENTE FIRMADA
A14: 4 | B14: Diseñador Urbano y Paisajista | C14: Arquitecto con Postgrado en Urbanismo y/o Paisajismo | D14: Igual o superior a ocho (8) años, contados a partir de la fecha de expedición de la matrícula o tarjeta profesional y con anterioridad a la fecha de cierre del presente proceso de selección, debidamente acreditados mediante certificados adjuntos a la propuesta. | E14: Experiencia específica certificada de participación en máximo tres (3) proyectos de diseños arquitectónicos Urbanísticos y/o Paisajistyicos para la construcción o adecuación o ampliación de infraestructura para los usos referenciados en tabla J.1.1-1 del título J de la NSR-10 de clasificación Comercial Y/O Institucional y/o lugares de reunión de uso público o privado, cuya área sumada sea igual o superior a 6.000 m2. | F14: CARLOS MAURICIO GIRALDO QUINTERO | G14: 10.026.454 de Pereira | H14: si | I14: Arquitecto | J14: Diploma | K14: A1741999-10026454 4 abril 1999 | L14: si | M14: Especialista en Diseño Urbano | N14: Especialista en Diseño Urbano | O14: 3 Certificados. U Tecnologica de Pereira - Alcadia de Barranquilla - UTP | P14: Magister en Arquitectura y Urbanismo no adjunta | Q14: 2 Certificados: Malecon | R14: Anexo 10-APORTA CARTA DEBIDAMENTE FIRMADA
A15: 5 | B15: Modelador BIM | C15: Arquitecto o Ingeniero Civil con formación en Educacion Informal o en Educacion para el Trabajo y el desarrollo Humano en herramientas de dibujo arquitectonico (AUTODESK, otras) y modelación BIM, debidamente acreditadas, con al menos 320 horas de formacion acumulada. | D15: Igual o superior a cinco (5) años, contados a partir de la fecha de expedición de la matrícula o tarjeta profesional y con anterioridad a la fecha de cierre del presente proceso de selección, debidamente acreditados mediante certificados adjuntos a la propuesta. | E15: Experiencia específica certificada de participación en máximo tres (3) proyectos de Modelación BIM de proyectos de construcción o adecuación o ampliación de infraestructura de uso público o privado, cuya área sumada sea igual o superior a 6.000 m2. | F15: GUSTAVO ADOLFO DUQUE ACEVEDO | G15: 1.053.781.424 DE Manizales | H15: si | I15: Arquitecto | J15: Diploma | K15: A25912012-1053781424 21 sept 2012 | L15: si | O15: 3 Certificados: IPSE - Hospital - Bomberos | R15: Anexo 10-APORTA CARTA DEBIDAMENTE FIRMADA
A16: 6 | B16: Ingeniero especialista en Estructuras | C16: Ingeniero civil, con Postgrado en Estructuras | D16: Igual o superior a ocho (8) años, contados a partir de la fecha de expedición de la matrícula o tarjeta profesional y con anterioridad a la fecha de cierre del presente proceso de selección, debidamente acreditados mediante certificados adjuntos a la propuesta. | E16: Experiencia específica certificada de participación en máximo tres (3) proyectos de diseño estructural, reforzamiento o estudios de vulnerabilidad sísmica para la construcción o adecuación o ampliación de infraestructura para los usos referenciados en tabla J.1.1-1 del título J de la NSR-10 de clasificación Comercial Y/O Institucional y/o lugares de reunión de uso público o privado, cuya área sumada sea igual o superior a 6.000 m2. | F16: DAVID VALLEJO OSORIO | G16: 75.096.478 de Manizales | H16: Anexo 2 | I16: Ingeniero Civil | J16: Diploma | K16: 17202-113759 16 dic 2004 | L16: si | M16: Especialista en Estructuras | N16: Especialista en Estructuras | O16: 3 Certificados: Inficaldas - Palestina - Escuela Normal | Q16: 2 Certificados: Policia - Ejercito | R16: Anexo 10-APORTA CARTA DEBIDAMENTE FIRMADA
A17: 7 | B17: Ingeniero especialista en Hidráulica y RCI | C17: Ingeniero civil o ingeniero hidráulico o ingeniero hidrosanitario o ingeniero sanitario o afines, con Postgrado en hidráulica o afines | D17: Igual o superior a ocho (8) años, contados a partir de la fecha de expedición de la matrícula o tarjeta profesional y con anterioridad a la fecha de cierre del presente proceso de selección, debidamente acreditados mediante certificados adjuntos a la propuesta. | E17: Experiencia específica certificada de participación en máximo tres (3) proyectos de consultoría de estudios y diseños de redes hidrosanitarias y Redes Contraincendios de edificaciones, cuya área sumada sea igual o superior a 6.000 m2. | F17: RICARDO JAVIER FORERO TREJOS | G17: 10.280.097 de Manizales | H17: Anexo 2 | I17: Ingeniero Civil | J17: Diploma | K17: 25202-44684 19 nov 1992 | L17: si | M17: Especialista en Igeniera Hidraulica y Ambiental | N17: Especialista en Igeniera Hidraulica y Ambiental | O17: 3 Certificados: Estaciones - Edificio QIQ - Campus Cesar | P17: Especialista en Ingenieria Ambiental con Enfasis en Sanitaria | Q17: 3 certificados: IPSE - chinchina - nilo | R17: Anexo 10-APORTA CARTA DEBIDAMENTE FIRMADA
A18: 8 | B18: Ingeniero Electricista y de Redes especiales | C18: Profesional en ingeniería eléctrica con posgrado en áreas relacionadas o afines al componente eléctrico o de redes especiales complementarias | D18: Igual o superior a ocho (8) años, contados a partir de la fecha de expedición de la matrícula o tarjeta profesional y con anterioridad a la fecha de cierre del presente proceso de selección, debidamente acreditados mediante certificados adjuntos a la propuesta. | E18: Experiencia específica certificada de participación en máximo tres (3) proyectos de consultoría de estudios y diseños de redes eléctricas, voz , datos y redes especiales para edificaciones, cuya área sumada sea igual o superior a 6.000 m2. | F18: JUAN DAVID MARIN JIMENEZ | G18: 1.060.647.673 de Villamaría | H18: Anexo 2 | I18: Ingeniero Electricista | J18: Diploma | K18: CL205-69240 31 marzo 2010 | L18: si | M18: Magister en Ingeniera - Ingeniera Electrica (Meritorio) | N18: Magister en Ingeniera - Ingeniera Electrica (Meritorio) | O18: 2 certificado: Varios (Universidad Nacional - UTP) - Serket | P18: Doctor en Ingenieria | Q18: si | R18: Anexo 10-APORTA CARTA DEBIDAMENTE FIRMADA
A19: 9 | B19: Ingeniero Mecánico HVAC | C19: Ingeniero Mecánico | D19: Igual o superior a ocho (8) años, contados a partir de la fecha de expedición de la matrícula o tarjeta profesional y con anterioridad a la fecha de cierre del presente proceso de selección, debidamente acreditados mediante certificados adjuntos a la propuesta. | E19: Experiencia específica certificada de participación en máximo tres (3) proyectos de consultoría de estudios y diseños de redes HVAC para edificaciones, cuya área sumada sea igual o superior a 3.000 m2 | F19: DIEGO ALEJANDRO LEGUIZAMO | G19: 5.822.121 de Ibague | H19: Anexo 2 | I19: Ingeniero Mecanico | J19: Diploma | K19: CN230-45209 10 oct 2005 | L19: si | M19: no aplica | N19: no aplica | O19: Certificados Varios | Q19: Certificados Varios | R19: Anexo 10-APORTA CARTA DEBIDAMENTE FIRMADA
A20: 10 | B20: Ingeniero Redes de Gas | C20: Ingeniero civil o ingeniero hidráulico o ingeniero mecánico o afines | D20: Igual o superior a cinco (5) años, contados a partir de la fecha de expedición de la matrícula o tarjeta profesional y con anterioridad a la fecha de cierre del presente proceso de selección, debidamente acreditados mediante certificados adjuntos a la propuesta. | E20: Experiencia específica certificada de participación en máximo tres (3) proyectos de consultoría de estudios y diseños de redes de gas para edificaciones, cuya área sumada sea igual o superior a 6.000 m2. | F20: MARIA CAMILA MARQUEZ BEDOYA | G20: 1.053.860.841 de Manizales | H20: Anexo 2 | I20: Ingeniera Civil | J20: Diploma | K20: 051037-0543090 CLD 17 nov 2020 | L20: si | M20: Especialista en Igeniera Hidraulica y Ambiental | N20: Especialista en Igeniera Hidraulica y Ambiental | O20: 2 Certificados: Tabio - Nilo | R20: Anexo 10-APORTA CARTA DEBIDAMENTE FIRMADA
A21: 11 | B21: Ingeniero Ambiental (PGIO - PMT) | C21: Ingeniero Ambiental | D21: Igual o superior a cinco (5) años, contados a partir de la fecha de expedición de la matrícula o tarjeta profesional y con anterioridad a la fecha de cierre del presente proceso de selección, debidamente acreditados mediante certificados adjuntos a la propuesta. | E21: Experiencia específica certificada de participación en máximo tres (3) proyectos de estudios para elaborar los Planes de Gestión Integral de Obra y Planes de manejo de Trafico para edificaciones, cuya área sumada sea igual o superior a 3.000 m2. | F21: ANDRES FELIPE LOPEZ CHICA | G21: 75.090.879 de Manizales | H21: Anexo 2 | I21: Ingeniero de Saneamiento y Desarrollo Ambiental | J21: Diploma y acta | K21: 17854-132888 27 julio 2006 | L21: SI | M21: Especialista en Gerencia Ocupacional | N21: Especialista en Gerencia de la Salud Ocupacional | O21: 3 certificados: Tabio, Salamina y Nilo | R21: Anexo 10-APORTA CARTA DEBIDAMENTE FIRMADA
A22: 12 | B22: Profesional de Programación y Presupuestos | C22: Arquitecto o Ingeniero civil o administrador de obras civiles. | D22: Igual o superior a cinco (5) años, contados a partir de la fecha de expedición de la matrícula o tarjeta profesional y con anterioridad a la fecha de cierre del presente proceso de selección, debidamente acreditados mediante certificados adjuntos a la propuesta. | E22: Experiencia específica certificada de participación en máximo tres (3) proyectos de estudios para elaboración del componente presupuestal y de programación de edificaciones, cuya área sumada sea igual o superior a 6.000 m2. | F22: ALEXANDER PATIÑO TORRES | G22: 16.077.530 de Manizales | H22: Anexo 2 | I22: Ingeniero Civil | J22: Diploma | K22: 17202-147490 25 oct 2007 | L22: SI | M22: Anexo 6-ESPECIALISTA EN VIAS Y TRANSPORTE | N22: Anexo 6 | O22: 2 Certificados: Inficaldas - Empocaldas - Corpocaldas | Q22: 2 certiicados: Tabio- Inficaldas | R22: Anexo 10-APORTA CARTA DEBIDAMENTE FIRMADA
B24: Notas
B25: Por cada Integrante del equipo de trabajo mínimo requerido, preparar y presentar un anexo donde en forma consecutiva se adjunten los soportes correspondientes a cada columna para la validación tanto habilitante como adicional de acuerdo a las exigencias del pliego

Sheet PO Presup Edif Multiple
B2: CALCULO DEL VALOR DE LA CONSULTORÍA DE ESTUDIOS Y DISEÑOS
B4: PROYECTO: | C4: El proyecto se enmarca en “Realización de la consultoría de estudios y diseños técnicos, a nivel de fase 3 para el nuevo Edificio Múltiple de la plaza de mercado de Manizales, a construirse en un lote ubicado entre calles 23 y 24 y entre carreras 14 y 15 de propiedad de Infimanizales.”
B5: ALCANCE: | C5: Se incluyen entre otros, sin limitarse a ello, los diseños arquitectónicos y estructurales los estudios de redes eléctricas, voz y datos, detección de incendios, redes hidrosanitarias, red contraincendios, infraestructura de refrigeración o cuartos fríos, y seguridad humana y la definición de especificaciones técnicas, análisis de precios unitarios, cálculo de cantidades de obra y preparación de presupuestos y cronogramas de ejecución de obras para el nuevo Edificio y los diseños urbanistico y de Paisajismo complementarios en el perimetro del edificio.
B6: PLAZO: | C6: Cinco (5 meses)
B8: COSTOS DE PERSONAL CON DEDICACION AL PROYECTO
B10: PERSONAL | C10: CATEGORIA | D10: REMUNERACIÓN MENSUAL (Pesos 2026) | E10: CANT | F10: APLICACIÓN MES | G10: CANTIDAD MESES | H10: VALOR PARCIAL
A11: 1 | B11: Director Proyecto | C11: Profesional Especializado | D11: 8831517 | E11: 1 | F11: 0.5 | G11: 5 | H11: =ROUND(+D11*E11*F11*G11,0) -> 22078793
A12: 2 | B12: Coordinador de Diseños | C12: Profesional Especializado | D12: 7791138 | E12: 1 | F12: 1 | G12: =+$G$11 -> 5 | H12: =ROUND(+D12*E12*F12*G12,0) -> 38955690
A13: 3 | B13: Arquitecto | C13: Profesional Especializado | D13: 7791138 | E13: 1 | F13: 1 | G13: =+$G$11 -> 5 | H13: =ROUND(+D13*E13*F13*G13,0) -> 38955690
A14: 4 | B14: Diseñador Urbano y Paisajista | C14: Profesional Especializado | D14: 7791138 | E14: 1 | F14: 0.5 | G14: =+$G$11 -> 5 | H14: =ROUND(+D14*E14*F14*G14,0) -> 19477845
A15: 5 | B15: Modelador BIM | C15: Profesional Universitario | D15: 5171786.2 | E15: 1 | F15: 1 | G15: =+$G$11 -> 5 | H15: =ROUND(+D15*E15*F15*G15,0) -> 25858931
A16: 6 | B16: Ingeniero especialista en Estructuras | C16: Profesional Especializado | D16: 7791138 | E16: 1 | F16: 1 | G16: =+$G$11 -> 5 | H16: =ROUND(+D16*E16*F16*G16,0) -> 38955690
A17: 7 | B17: Ingeniero especialista en Hidráulica y RCI | C17: Profesional Especializado | D17: 7791138 | E17: 1 | F17: 1 | G17: =+$G$11 -> 5 | H17: =ROUND(+D17*E17*F17*G17,0) -> 38955690
A18: 8 | B18: Ingeniero especialista Electricista y de Redes Especiales | C18: Profesional Especializado | D18: 7791138 | E18: 1 | F18: 1 | G18: =+$G$11 -> 5 | H18: =ROUND(+D18*E18*F18*G18,0) -> 38955690
A19: 9 | B19: Ingeniero Mecanico de redes HVAC | C19: Profesional Universitario | D19: 5171786.2 | E19: 1 | F19: 0.5 | G19: =+$G$11 -> 5 | H19: =ROUND(+D19*E19*F19*G19,0) -> 12929465
A20: 10 | B20: Ingeniero en Redes de Gas | C20: Profesional Universitario | D20: 5171786.2 | E20: 1 | F20: 0.5 | G20: =+$G$11 -> 5 | H20: =ROUND(+D20*E20*F20*G20,0) -> 12929465
A21: 11 | B21: Ingeniero Ambiental (PGIO - PMT) | C21: Profesional Universitario | D21: 5171786.2 | E21: 1 | F21: 0.5 | G21: =+$G$11 -> 5 | H21: =ROUND(+D21*E21*F21*G21,0) -> 12929465
A22: 12 | B22: Ingeniero civil / Arquitecto Presupuesto y Programación | C22: Profesional Universitario | D22: 5171786.2 | E22: 1 | F22: 1 | G22: =+$G$11 -> 5 | H22: =ROUND(+D22*E22*F22*G22,0) -> 25858931
B23: Secretaria | C23: Apoyo Admninistrativo | D23: 2586642 | E23: 1 | F23: 1 | G23: =+$G$11 -> 5 | H23: =ROUND(+D23*E23*F23*G23,0) -> 12933210
B24: COSTO SALARIO BASE PERSONAL | H24: =SUM(H11:H23) -> 339774555
B25: FACTOR MULTIPLICADOR | H25: 2.2
B26: COSTO BASICO PERSONAL (SIN IVA) | H26: =ROUND(+H24*H25,0) -> 747504021
B27: VALOR DEL IVA | F27: 0.19 | H27: =ROUND(H26*F27,0) -> 142025764
B28: VALOR COSTOS DE PERSONAL (CON IVA) | H28: =+H26+H27 -> 889529785
B30: OTROS COSTOS DIRECTOS
B31: CONCEPTO | C31: UN | D31: VALOR | E31: CANT | F31: APLICACIÓN MES | G31: CANTIDAD MESES | H31: VALOR PARCIAL
B32: Gastos funcionamiento equipo de trabajo y oficinas | C32: MES | D32: =4200000*1.1 -> 4620000 | E32: 1 | F32: 1 | G32: 5 | H32: =+D32*E32*F32*G32 -> 23100000
B33: Comisión topográfica (Topógrafo, + cadeneros + estación) | C33: GL | D33: =15400000*1.19 -> 18326000 | E33: 1 | H33: =+D33 -> 18326000
B34: Estudio de suelos y Geotecnia | C34: GL | D34: =21160000*1.19*1.055 -> 26565322 | E34: 1 | H34: =+D34 -> 26565322
B35: Otros costos logística, comunicaciones, equipos, software. | C35: MES | D35: =3000000*1.1 -> 3300000 | E35: 1 | F35: 1 | G35: 5 | H35: =+D35*E35*F35*G35 -> 16500000
B36: SUBTOTAL OTROS COSTOS | H36: =SUM(H32:H35) -> 84491322
B37: FACTOR MULTIPLICADOR | H37: 1.1
B38: COSTO BASICO SIN IVA | H38: =ROUND(H36*H37,0) -> 92940454 | J38: =+H38+H26 -> 840444475
B39: VALOR DEL IVA SOBRE UTILIDAD | F39: 0.19 | H39: =ROUND(H38*F39,0) -> 17658686 | J39: =+H39+H27 -> 159684450
B40: VALOR TOTAL OTROS COSTOS DIRECTOS | H40: =+H38+H39 -> 110599140 | J40: =SUM(J38:J39) -> 1000128925
B42: TOTAL COSTOS | H42: =+H40+H28 -> 1000128925 | J42: 1051559902
B45: Enero de 2026
B48: Patricia Cubillos Lopez | E48: Alvaro Trujillo Buitrago
B49: Arq. Asesora de Proyectos INFIMANIZALES | E49: Ing. Apoyo Tecnico INFIMANIZALES
H53: 1746882 | I53: SMMLV 2026
H55: =+H42/H53 -> 572.52231 | I55: 100% PO
H57: =H55*0.8 -> 458.01785 | I57: 80% PO
H67: =(22.5*(1050000000)/(H42*2)) -> 11.810977

Sheet Tabla de Puntaje
B2: Según lo expuesto, para la evaluación de las propuestas se establecen los siguientes criterios que determinarán una asignación máxima de cien (100) puntos distribuidos así:
B4: CRITERIOS | D4: PUNTAJE MÁXIMO
B5: 2.4.1 Experiencia específica adicional del proponente. (maximo 47,5 puntos) | C5: Acreditacion de máximo dos (2) contratos adicionales a los contratos habilitantes que tengan por objeto la realizacion de consultoría Y/O la elaboración de estudios y diseños de infraestructura de edificaciones de uso institucional o comercial o lugares de reunión, y cuyo sumatoria del valor total contratado sea igual o superior a dos (2) veces el presupuesto oficial del presente proceso de selección | D5: 22.5 | F5: 10.1 | G5: 47.5
C6: Puntaje por acreditación de ejecución de diseño estructural. | D6: 5
C7: Puntaje por acreditación de ejecución de diseño arquitectónico | D7: 5
C8: Puntaje por acreditación de ejecución de diseño de redes hidrosanitarias. | D8: 5
C9: Puntaje por acreditación de ejecución de diseño de redes eléctricas y complementarias. | D9: 5
C10: Puntaje maximo, si acredita que el área sumada de los dos (2) contratos aportados para evaluación de experiencia específica adicional, es igual o superior a 12,000 metros cuadrados | D10: 5
B11: 2.4.2 Formación académica adicional del equipo de trabajo. (maximo 20 puntos) | C11: Profesional 1 del equipo mínimo propuesto, que acredite uno o más títulos de posgrado adicionales al exigido | D11: 4 | F11: 10.2 | G11: 20
C12: Profesional 2 del equipo mínimo propuesto, que acredite uno o más títulos de posgrado adicionales al exigido | D12: 4
C13: Profesional 3 del equipo mínimo propuesto, que acredite uno o más títulos de posgrado adicionales al exigido | D13: 4
C14: Profesional 4 del equipo mínimo propuesto, que acredite uno o más títulos de posgrado adicionales al exigido | D14: 4
C15: Profesional 5 del equipo mínimo propuesto, que acredite uno o más títulos de posgrado adicionales al exigido | D15: 4
B16: 2.4.3 Experiencia adicional del equipo de trabajo. (maximo 20 puntos) | C16: Profesional 1 del equipo mínimo propuesto, que acredite uno o más proyectos adicionales de experiencia específica, diferente a los presentados como requisitos habilitantes. | D16: 4 | F16: 10.3 | G16: 20
C17: Profesional 2 del equipo mínimo propuesto, que acredite uno o más proyectos adicionales de experiencia específica, diferente a los presentados como requisitos habilitantes. | D17: 4
C18: Profesional 3 del equipo mínimo propuesto, que acredite uno o más proyectos adicionales de experiencia específica, diferente a los presentados como requisitos habilitantes. | D18: 4
C19: Profesional 4 del equipo mínimo propuesto, que acredite uno o más proyectos adicionales de experiencia específica, diferente a los presentados como requisitos habilitantes. | D19: 4
C20: Profesional 5 del equipo mínimo propuesto, que acredite uno o más proyectos adicionales de experiencia específica, diferente a los presentados como requisitos habilitantes. | D20: 4
B21: 2.4.4 Apoyo a la industria nacional (maximo 10 puntos según tabla adjunta al pliego) | D21: 10 | F21: 10.4 | G21: 10
B22: 2.4.5 Promoción de servicios nacionales o con trato nacional | F22: 10.5 | G22: 1
B23: 2.4.6 Acreditación del puntaje por servicios nacionales o con trato nacional | F23: 10.6 | G23: 10
B24: 2.4.7 Incorporación de componente nacional en servicios extranjeros | F24: 10.7 | G24: 5
B25: 2.4.8 Incentivo a la vinculación de personal con discapacidad | D25: 1 | F25: 10.9 | G25: 1
B26: 2.4.9 Factor de Sostenibilidad | D26: 1 | F26: 10.8 | G26: 1
B27: 2.4.10 Criterios diferenciales para emprendimientos y empresas de mujeres | D27: 0.25 | F27: 10.1 | G27: 0.25
B28: 2.4.11 Criterios diferenciales para MiPymes. | D28: 0.25 | F28: 10.11 | G28: 0.25
B29: Total | D29: =SUM(D5:D28) -> 100 | G29: =SUM(G5:G28) -> 116

Sheet $ Prop 01

Sheet $ Prop 2 Subsane
B2: CALCULO DEL VALOR DE LA CONSULTORÍA DE ESTUDIOS Y DISEÑOS
B4: PROYECTO: | C4: El proyecto se enmarca en “Realización de la consultoría de estudios y diseños técnicos, a nivel de fase 3 para el nuevo Edificio Múltiple de la plaza de mercado de Manizales, a construirse en un lote ubicado entre calles 23 y 24 y entre carreras 14 y 15 de propiedad de Infimanizales.”
B5: ALCANCE: | C5: El proyecto se enmarca en “Realización de la consultoría de estudios y diseños técnicos, a nivel de fase 3 para el nuevo Edificio Múltiple de la plaza de mercado de Manizales, a construirse en un lote ubicado entre calles 23 y 24 y entre carreras 14 y 15 de propiedad de Infimanizales.” Se incluyen entre otros, sin limitarse a ello, los diseños arquitectónicos y estructurales los estudios de redes eléctricas, voz y datos, detección de incendios, redes hidrosanitarias, red contraincendios, infraestructura de refrigeración o cuartos fríos, y seguridad humana y la definición de especificaciones técnicas, análisis de precios unitarios, cálculo de cantidades de obra y preparación de presupuestos y cronogramas de ejecución de obras para el nuevo Edificio y los diseños urbanistico y de Paisajismo complementarios en el perimetro del edificio.
B6: PLAZO: | C6: Cinco (5 meses)
B8: COSTOS DE PERSONAL CON DEDICACION AL PROYECTO
B10: PERSONAL | C10: CATEGORIA | D10: REMUNERACIÓN MENSUAL (Pesos 2026) | E10: CANT | F10: APLICACIÓN MES | G10: CANTIDAD MESES | H10: VALOR PARCIAL
A11: 1 | B11: Director Proyecto | C11: Directivo | D11: 8831517 | E11: 1 | F11: 0.5 | G11: 5 | H11: =ROUND(+D11*E11*F11*G11,0) -> 22078793
A12: 2 | B12: Coordinador de Diseños | C12: Profesional Especializado | D12: 7791138 | E12: 1 | F12: 1 | G12: =+$G$11 -> 5 | H12: =ROUND(+D12*E12*F12*G12,0) -> 38955690
A13: 3 | B13: Arquitecto | C13: Profesional Especializado | D13: 7791138 | E13: 1 | F13: 1 | G13: =+$G$11 -> 5 | H13: =ROUND(+D13*E13*F13*G13,0) -> 38955690
A14: 4 | B14: Diseñador Urbano y Paisajista | C14: Profesional Especializado | D14: 7791138 | E14: 1 | F14: 0.5 | G14: =+$G$11 -> 5 | H14: =ROUND(+D14*E14*F14*G14,0) -> 19477845
A15: 5 | B15: Modelador BIM | C15: Profesional Universitario | D15: 5171786 | E15: 1 | F15: 1 | G15: =+$G$11 -> 5 | H15: =ROUND(+D15*E15*F15*G15,0) -> 25858930
A16: 6 | B16: Ingeniero especialista en Estructuras | C16: Profesional Especializado | D16: 7791138 | E16: 1 | F16: 1 | G16: =+$G$11 -> 5 | H16: =ROUND(+D16*E16*F16*G16,0) -> 38955690
A17: 7 | B17: Ingeniero especialista en Hidráulica y RCI | C17: Profesional Especializado | D17: 7791138 | E17: 1 | F17: 1 | G17: =+$G$11 -> 5 | H17: =ROUND(+D17*E17*F17*G17,0) -> 38955690
A18: 8 | B18: Ingeniero especialista Electricista y de Redes Especiales | C18: Profesional Especializado | D18: 7791138 | E18: 1 | F18: 1 | G18: =+$G$11 -> 5 | H18: =ROUND(+D18*E18*F18*G18,0) -> 38955690
A19: 9 | B19: Ingeniero Mecanico de redes HVAC | C19: Profesional Especializado | D19: 7791138 | E19: 1 | F19: 0.5 | G19: =+$G$11 -> 5 | H19: =ROUND(+D19*E19*F19*G19,0) -> 19477845
A20: 10 | B20: Ingeniero especialista en Redes de Gas | C20: Profesional Especializado | D20: 7791138 | E20: 1 | F20: 0.5 | G20: =+$G$11 -> 5 | H20: =ROUND(+D20*E20*F20*G20,0) -> 19477845
A21: 11 | B21: Ingeniero Ambiental (PGIO - PMT) | C21: Profesional Universitario | D21: 7791138 | E21: 1 | F21: 0.5 | G21: =+$G$11 -> 5 | H21: =ROUND(+D21*E21*F21*G21,0) -> 19477845
A22: 12 | B22: Ingeniero civil / Arquitecto Presupuesto y Programación | C22: Profesional Universitario | D22: 5171786 | E22: 1 | F22: 1 | G22: =+$G$11 -> 5 | H22: =ROUND(+D22*E22*F22*G22,0) -> 25858930
B23: Secretaria | C23: Apoyo Admninistrativo | D23: 2586642 | E23: 1 | F23: 1 | G23: =+$G$11 -> 5 | H23: =ROUND(+D23*E23*F23*G23,0) -> 12933210
B24: COSTO SALARIO BASE PERSONAL | H24: =SUM(H11:H23) -> 359419693
B25: FACTOR MULTIPLICADOR | H25: 2.2
B26: COSTO BASICO PERSONAL (SIN IVA) | H26: =ROUND(+H24*H25,0) -> 790723325
B27: VALOR DEL IVA | F27: 0.19 | H27: =ROUND(H26*F27,0) -> 150237432
B28: VALOR COSTOS DE PERSONAL (CON IVA) | H28: =+H26+H27 -> 940960757
B30: OTROS COSTOS DIRECTOS
B31: CONCEPTO | C31: UN | D31: VALOR | E31: CANT | F31: APLICACIÓN MES | G31: CANTIDAD MESES | H31: VALOR PARCIAL
B32: Gastos funcionamiento equipo de trabajo y oficinas | C32: MES | D32: 4620000 | E32: 1 | F32: 1 | G32: 5 | H32: =+D32*E32*F32*G32 -> 23100000
B33: Comisión topográfica (Topógrafo, + cadeneros + estación) | C33: GL | D33: 18326000 | E33: 1 | H33: =+D33 -> 18326000
B34: Estudio de suelos y Geotecnia | C34: GL | D34: 26565322 | E34: 1 | H34: =+D34 -> 26565322
B35: Otros costos logística, comunicaciones, equipos, software. | C35: MES | D35: 3300000 | E35: 1 | F35: 1 | G35: 5 | H35: =+D35*E35*F35*G35 -> 16500000
B36: SUBTOTAL OTROS COSTOS | H36: =SUM(H32:H35) -> 84491322
B37: FACTOR MULTIPLICADOR | H37: 1.1
B38: COSTO BASICO SIN IVA | H38: =ROUND(H36*H37,0) -> 92940454
B39: VALOR DEL IVA SOBRE UTILIDAD | F39: 0.19 | H39: =ROUND(H38*F39,0) -> 17658686
B40: VALOR TOTAL OTROS COSTOS DIRECTOS | H40: =+H38+H39 -> 110599140
B42: TOTAL COSTOS | H42: =+H40+H28 -> 1051559897
B44: Fecha: 16 de febrero de 2026
B46: Proponente: CONSORCIO AR + AL2
B48: Firma

Sheet $ Prop 3 Subsane
B2: PROPUESTA ECONOMICA DE LA CONSULTORÍA DE ESTUDIOS Y DISEÑOS | J2: PROPUESTA ECONOMICA DE LA CONSULTORÍA DE ESTUDIOS Y DISEÑOS
B4: PROYECTO: | C4: El proyecto se enmarca en “Realización de la consultoría de estudios y diseños técnicos, a nivel de fase 3 para el nuevo Edificio Múltiple de la plaza de mercado de Manizales, a construirse en un lote ubicado entre calles 23 y 24 y entre carreras 14 y 15 de propiedad de Infimanizales.” | J4: PROYECTO: | K4: El proyecto se enmarca en “Realización de la consultoría de estudios y diseños técnicos, a nivel de fase 3 para el nuevo Edificio Múltiple de la plaza de mercado de Manizales, a construirse en un lote ubicado entre calles 23 y 24 y entre carreras 14 y 15 de propiedad de Infimanizales.”
B5: ALCANCE: | C5: Se incluyen entre otros, sin limitarse a ello, los diseños arquitectónicos y estructurales los estudios de redes eléctricas, voz y datos, detección de incendios, redes hidrosanitarias, red contraincendios, infraestructura de refrigeración o cuartos fríos, y seguridad humana y la definición de especificaciones técnicas, análisis de precios unitarios, cálculo de cantidades de obra y preparación de presupuestos y cronogramas de ejecución de obras para el nuevo Edificio y los diseños urbanistico y de Paisajismo complementarios en el perimetro del edificio. | J5: ALCANCE: | K5: Se incluyen entre otros, sin limitarse a ello, los diseños arquitectónicos y estructurales los estudios de redes eléctricas, voz y datos, detección de incendios, redes hidrosanitarias, red contraincendios, infraestructura de refrigeración o cuartos fríos, y seguridad humana y la definición de especificaciones técnicas, análisis de precios unitarios, cálculo de cantidades de obra y preparación de presupuestos y cronogramas de ejecución de obras para el nuevo Edificio y los diseños urbanistico y de Paisajismo complementarios en el perimetro del edificio.
B6: PLAZO: | C6: Cinco (5 meses) | J6: PLAZO: | K6: Cinco (5 meses)
B8: COSTOS DE PERSONAL CON DEDICACION AL PROYECTO | J8: COSTOS DE PERSONAL CON DEDICACION AL PROYECTO
B10: PERSONAL | C10: CATEGORIA | D10: REMUNERACIÓN MENSUAL (Pesos 2026) | E10: CANT | F10: APLICACIÓN MES | G10: CANTIDAD MESES | H10: VALOR PARCIAL | J10: PERSONAL | K10: CATEGORIA | L10: REMUNERACIÓN MENSUAL (Pesos 2026) | M10: CANT | N10: APLICACIÓN MES | O10: CANTIDAD MESES | P10: VALOR PARCIAL
B11: Director Proyecto | C11: Profesional Especializado | D11: 8831517 | E11: 1 | F11: 0.5 | G11: 5 | H11: =ROUND(+D11*E11*F11*G11,0) -> 22078793 | J11: Director Proyecto | K11: Profesional Especializado | L11: 8831517 | M11: 1 | N11: 0.5 | O11: 5 | P11: =ROUND(+L11*M11*N11*O11,0) -> 22078793 | R11: =+P11-H11 -> 0
B12: Coordinador de Diseños | C12: Profesional Especializado | D12: 7791138 | E12: 1 | F12: 1 | G12: =+$G$11 -> 5 | H12: =ROUND(+D12*E12*F12*G12,0) -> 38955690 | J12: Coordinador de Diseños | K12: Profesional Especializado | L12: 7791138 | M12: 1 | N12: 1 | O12: =+$G$11 -> 5 | P12: =ROUND(+L12*M12*N12*O12,0) -> 38955690 | R12: =+P12-H12 -> 0
B13: Arquitecto | C13: Profesional Especializado | D13: 7791138 | E13: 1 | F13: 1 | G13: =+$G$11 -> 5 | H13: =ROUND(+D13*E13*F13*G13,0) -> 38955690 | J13: Arquitecto | K13: Profesional Especializado | L13: 7791138 | M13: 1 | N13: 1 | O13: =+$G$11 -> 5 | P13: =ROUND(+L13*M13*N13*O13,0) -> 38955690 | R13: =+P13-H13 -> 0
B14: Diseñador Urbano y Paisajista | C14: Profesional Especializado | D14: 7791138 | E14: 1 | F14: 0.5 | G14: =+$G$11 -> 5 | H14: =ROUND(+D14*E14*F14*G14,0) -> 19477845 | J14: Diseñador Urbano y Paisajista | K14: Profesional Especializado | L14: 7791138 | M14: 1 | N14: 0.5 | O14: =+$G$11 -> 5 | P14: =ROUND(+L14*M14*N14*O14,0) -> 19477845 | R14: =+P14-H14 -> 0
B15: Modelador BIM | C15: Profesional Universitario | D15: 5171786 | E15: 1 | F15: 1 | G15: =+$G$11 -> 5 | H15: =ROUND(+D15*E15*F15*G15,0) -> 25858930 | J15: Modelador BIM | K15: Profesional Universitario | L15: 5171786 | M15: 1 | N15: 1 | O15: =+$G$11 -> 5 | P15: =ROUND(+L15*M15*N15*O15,0) -> 25858930 | R15: =+P15-H15 -> 0
B16: Ingeniero especialista en Estructuras | C16: Profesional Especializado | D16: 7791138 | E16: 1 | F16: 1 | G16: =+$G$11 -> 5 | H16: =ROUND(+D16*E16*F16*G16,0) -> 38955690 | J16: Ingeniero especialista en Estructuras | K16: Profesional Especializado | L16: 7791138 | M16: 1 | N16: 1 | O16: =+$G$11 -> 5 | P16: =ROUND(+L16*M16*N16*O16,0) -> 38955690 | R16: =+P16-H16 -> 0
B17: Ingeniero especialista en Hidráulica y RCI | C17: Profesional Especializado | D17: 7791138 | E17: 1 | F17: 1 | G17: =+$G$11 -> 5 | H17: =ROUND(+D17*E17*F17*G17,0) -> 38955690 | J17: Ingeniero especialista en Hidráulica y RCI | K17: Profesional Especializado | L17: 7791138 | M17: 1 | N17: 1 | O17: =+$G$11 -> 5 | P17: =ROUND(+L17*M17*N17*O17,0) -> 38955690 | R17: =+P17-H17 -> 0
B18: Ingeniero especialista Electricista y de Redes Especiales | C18: Profesional Especializado | D18: 7791138 | E18: 1 | F18: 1 | G18: =+$G$11 -> 5 | H18: =ROUND(+D18*E18*F18*G18,0) -> 38955690 | J18: Ingeniero especialista Electricista y de Redes Especiales | K18: Profesional Especializado | L18: 7791138 | M18: 1 | N18: 1 | O18: =+$G$11 -> 5 | P18: =ROUND(+L18*M18*N18*O18,0) -> 38955690 | R18: =+P18-H18 -> 0
B19: Ingeniero Mecanico de redes HVAC | C19: Profesional Universitario | D19: 5171786 | E19: 1 | F19: 0.5 | G19: =+$G$11 -> 5 | H19: =ROUND(+D19*E19*F19*G19,0) -> 12929465 | J19: Ingeniero Mecanico de redes HVAC | K19: Profesional Universitario | L19: 7791138 | M19: 1 | N19: 0.5 | O19: =+$G$11 -> 5 | P19: =ROUND(+L19*M19*N19*O19,0) -> 19477845 | R19: =+P19-H19 -> 6548380
B20: Ingeniero en Redes de Gas | C20: Profesional Universitario | D20: 5171786 | E20: 1 | F20: 0.5 | G20: =+$G$11 -> 5 | H20: =ROUND(+D20*E20*F20*G20,0) -> 12929465 | J20: Ingeniero en Redes de Gas | K20: Profesional Universitario | L20: 7791138 | M20: 1 | N20: 0.5 | O20: =+$G$11 -> 5 | P20: =ROUND(+L20*M20*N20*O20,0) -> 19477845 | R20: =+P20-H20 -> 6548380
B21: Ingeniero Ambiental (PGIO - PMT) | C21: Profesional Universitario | D21: 5171786 | E21: 1 | F21: 0.5 | G21: =+$G$11 -> 5 | H21: =ROUND(+D21*E21*F21*G21,0) -> 12929465 | J21: Ingeniero Ambiental (PGIO - PMT) | K21: Profesional Universitario | L21: 7791138 | M21: 1 | N21: 0.5 | O21: =+$G$11 -> 5 | P21: =ROUND(+L21*M21*N21*O21,0) -> 19477845 | R21: =+P21-H21 -> 6548380
B22: Ingeniero civil / Arquitecto Presupuesto y Programación | C22: Profesional Universitario | D22: 5171186 | E22: 1 | F22: 1 | G22: =+$G$11 -> 5 | H22: =ROUND(+D22*E22*F22*G22,0) -> 25855930 | J22: Ingeniero civil / Arquitecto Presupuesto y Programación | K22: Profesional Universitario | L22: 5171786 | M22: 1 | N22: 1 | O22: =+$G$11 -> 5 | P22: =ROUND(+L22*M22*N22*O22,0) -> 25858930 | R22: =+P22-H22 -> 3000
B23: Secretaria | C23: Apoyo Admninistrativo | D23: 2586642 | E23: 1 | F23: 1 | G23: =+$G$11 -> 5 | H23: =ROUND(+D23*E23*F23*G23,0) -> 12933210 | J23: Secretaria | K23: Apoyo Admninistrativo | L23: 2586642 | M23: 1 | N23: 1 | O23: =+$G$11 -> 5 | P23: =ROUND(+L23*M23*N23*O23,0) -> 12933210 | R23: =+P23-H23 -> 0
B24: COSTO SALARIO BASE PERSONAL | H24: =SUM(H11:H23) -> 339771553 | J24: COSTO SALARIO BASE PERSONAL | P24: =SUM(P11:P23) -> 359419693 | R24: =+P24-H24 -> 19648140
B25: FACTOR MULTIPLICADOR | H25: 2.2 | J25: FACTOR MULTIPLICADOR | P25: 2.2 | R25: =+P25-H25 -> 0
B26: COSTO BASICO PERSONAL (SIN IVA) | H26: =ROUND(+H24*H25,0) -> 747497417 | J26: COSTO BASICO PERSONAL (SIN IVA) | P26: =ROUND(+P24*P25,0) -> 790723325 | R26: =+P26-H26 -> 43225908
B27: VALOR DEL IVA | F27: 0.19 | H27: =ROUND(H26*F27,0) -> 142024509 | J27: VALOR DEL IVA | N27: 0.19 | P27: =ROUND(P26*N27,0) -> 150237432 | R27: =+P27-H27 -> 8212923
B28: VALOR COSTOS DE PERSONAL (CON IVA) | H28: =+H26+H27 -> 889521926 | J28: VALOR COSTOS DE PERSONAL (CON IVA) | P28: =+P26+P27 -> 940960757 | R28: =+P28-H28 -> 51438831
R29: =+P29-H29 -> 0
B30: OTROS COSTOS DIRECTOS | J30: OTROS COSTOS DIRECTOS | R30: =+P30-H30 -> 0
B31: CONCEPTO | C31: UN | D31: VALOR | E31: CANT | F31: APLICACIÓN MES | G31: CANTIDAD MESES | H31: VALOR PARCIAL | J31: CONCEPTO | K31: UN | L31: VALOR | M31: CANT | N31: APLICACIÓN MES | O31: CANTIDAD MESES | P31: VALOR PARCIAL
B32: Gastos funcionamiento equipo de trabajo y oficinas | C32: MES | D32: 4620000 | E32: 1 | F32: 1 | G32: 5 | H32: =+D32*E32*F32*G32 -> 23100000 | J32: Gastos funcionamiento equipo de trabajo y oficinas | K32: MES | L32: 4620000 | M32: 1 | N32: 1 | O32: 5 | P32: =+L32*M32*N32*O32 -> 23100000 | R32: =+P32-H32 -> 0
B33: Comisión topográfica (Topógrafo, + cadeneros + estación) | C33: GL | D33: 18326000 | E33: 1 | H33: =+D33 -> 18326000 | J33: Comisión topográfica (Topógrafo, + cadeneros + estación) | K33: GL | L33: 18326000 | M33: 1 | P33: =+L33 -> 18326000 | R33: =+P33-H33 -> 0
B34: Estudio de suelos y Geotecnia | C34: GL | D34: 26565322 | E34: 1 | H34: =+D34 -> 26565322 | J34: Estudio de suelos y Geotecnia | K34: GL | L34: 26565322 | M34: 1 | P34: =+L34 -> 26565322 | R34: =+P34-H34 -> 0
B35: Otros costos logística, comunicaciones, equipos, software. | C35: MES | D35: 3300000 | E35: 1 | F35: 1 | G35: 5 | H35: =+D35*E35*F35*G35 -> 16500000 | J35: Otros costos logística, comunicaciones, equipos, software. | K35: MES | L35: 3300000 | M35: 1 | N35: 1 | O35: 5 | P35: =+L35*M35*N35*O35 -> 16500000 | R35: =+P35-H35 -> 0
B36: SUBTOTAL OTROS COSTOS | H36: =SUM(H32:H35) -> 84491322 | J36: SUBTOTAL OTROS COSTOS | P36: =SUM(P32:P35) -> 84491322 | R36: =+P36-H36 -> 0
B37: FACTOR MULTIPLICADOR | H37: 1.1 | J37: FACTOR MULTIPLICADOR | P37: 1.1 | R37: =+P37-H37 -> 0
B38: COSTO BASICO SIN IVA | H38: =ROUND(H36*H37,0) -> 92940454 | J38: COSTO BASICO SIN IVA | P38: =ROUND(P36*P37,0) -> 92940454 | R38: =+P38-H38 -> 0
B39: VALOR DEL IVA SOBRE UTILIDAD | F39: 0.19 | H39: =ROUND(H38*F39,0) -> 17658686 | J39: VALOR DEL IVA SOBRE UTILIDAD | N39: 0.19 | P39: =ROUND(P38*N39,0) -> 17658686 | R39: =+P39-H39 -> 0
B40: VALOR TOTAL OTROS COSTOS DIRECTOS | H40: =+H38+H39 -> 110599140 | J40: VALOR TOTAL OTROS COSTOS DIRECTOS | P40: =+P38+P39 -> 110599140 | R40: =+P40-H40 -> 0
R41: =+P41-H41 -> 0
B42: TOTAL COSTOS | H42: =+H40+H28 -> 1000121066 | J42: TOTAL COSTOS | P42: =+P40+P28 -> 1051559897 | R42: =+P42-H42 -> 51438831
B45: Febrero de 2026 | J45: Febrero de 2026
B48: Proponente | J48: Proponente

Sheet $ Prop 04

Sheet $ Prop  05

Sheet $ Prop 06
B2: PROPUESTA ECONOMICA DE LA CONSULTORÍA DE ESTUDIOS Y DISEÑOS
B4: PROYECTO: | C4: El proyecto se enmarca en “Realización de la consultoría de estudios y diseños técnicos, a nivel de fase 3 para el nuevo Edificio Múltiple de la plaza de mercado de Manizales, a construirse en un lote ubicado entre calles 23 y 24 y entre carreras 14 y 15 de propiedad de Infimanizales.”
B5: ALCANCE: | C5: Se incluyen entre otros, sin limitarse a ello, los diseños arquitectónicos y estructurales los estudios de redes eléctricas, voz y datos, detección de incendios, redes hidrosanitarias, red contraincendios, infraestructura de refrigeración o cuartos fríos, y seguridad humana y la definición de especificaciones técnicas, análisis de precios unitarios, cálculo de cantidades de obra y preparación de presupuestos y cronogramas de ejecución de obras para el nuevo Edificio y los diseños urbanistico y de Paisajismo complementarios en el perimetro del edificio.
B6: PLAZO: | C6: Cinco (5 meses)
B8: COSTOS DE PERSONAL CON DEDICACION AL PROYECTO
B10: PERSONAL | C10: CATEGORIA | D10: REMUNERACIÓN MENSUAL (Pesos 2026) | E10: CANT | F10: APLICACIÓN MES | G10: CANTIDAD MESES | H10: VALOR PARCIAL
B11: Director Proyecto | C11: Profesional Especializado | D11: 8831517 | E11: 1 | F11: 0.5 | G11: 5 | H11: =ROUND(+D11*E11*F11*G11,0) -> 22078793
